Workbook

Sheet РЕЕСТР
L4: Прайс-лист
B7: Средство анализа защищенности «Сканер-ВС» 7 BASE. Сертификат ФСТЭК
B8: Электронная поставка - Средство анализа защищенности «Сканер-ВС» 7 BASE. Сертификат ФСТЭК
B9: Средство анализа защищенности «Сканер-ВС» 7 Enterprise. Сертификат ФСТЭК
B10: Электронная поставка - Средство анализа защищенности «Сканер-ВС» 7 Enterprise. Сертификат ФСТЭК
B11: Средство анализа защищенности «Сканер-ВС» 7 включает компонент "Инспектор". Сертификат ФСТЭК
B12: Электронная поставка - Средство анализа защищенности «Сканер-ВС» 7 включает компонент "Инспектор". Сертификат ФСТЭК
B13: Средство анализа защищенности «Сканер-ВС» 7 Enterprise включает компонент "Инспектор" . Сертификат ФСТЭК
B14: Электронная поставка - Средство анализа защищенности «Сканер-ВС» 7 Enterprise включает компонент "Инспектор". Сертификат ФСТЭК
B15: Программный комплекс «KOMRAD Enterprise SIEM» V4.5. Сертификат ФСТЭК России
B16: Анализатор исходных текстов программ «АК-ВС 3» без сертфиката соответствия.
B17: Электронная поставка - Анализатор исходных текстов программ «АК-ВС 3» без сертификата соответствия
B18: Анализатор исходных текстов программ «АК-ВС 3» сертификатом МО РФ
... B23: ПАК КП ПАВ «Рубикон» с функцией однонаправленного шлюза

Sheet Сканер-ВС 7.0 BASE ФСТЭК
A1: Средство анализа защищенности «Сканер-ВС» 7 BASE. Сертификат ФСТЭК
A2: Артикул | B2: Наименование | C2: Цена | D2: Количество | E2: Стоимость РРЦ | F2: Описание
A3: Основные лицензии (без НДС)
A4: SCANER-VS-7-04-B-F | B4: Средство анализа защищенности «Сканер-ВС». НПЕШ.00606-01. Лицензия на 4 IP адреса на 1 год (рег. № 231) | C4: =16500*1.15 -> 18975 | D4: 1 | E4: =C4*D4 -> 18975 | F4: Лицензия ПО «Сканер-ВС» на 1 год. 1 год обновления базы уязвимостей и технической поддержки. Сертификат ФСТЭК России по 4 уровню доверия.
A5: SCANER-VS-7-08-B-F | B5: Средство анализа защищенности «Сканер-ВС». НПЕШ.00606-01. Лицензия на 8 IP адресов на 1 год (рег. № 231) | C5: =27500*1.15 -> 31625 | D5: 1 | E5: =C5*D5 -> 31625 | F5: Лицензия ПО «Сканер-ВС» на 1 год. 1 год обновления базы уязвимостей и технической поддержки. Сертификат ФСТЭК России по 4 уровню доверия.
A6: SCANER-VS-7-16-B-F | B6: Средство анализа защищенности «Сканер-ВС». НПЕШ.00606-01. Лицензия на 16 IP адресов на 1 год (рег. № 231) | C6: =54000*1.15 -> 62100 | D6: 1 | E6: =C6*D6 -> 62100 | F6: Лицензия ПО «Сканер-ВС» на 1 год. 1 год обновления базы уязвимостей и технической поддержки. Сертификат ФСТЭК России по 4 уровню доверия.
A7: SCANER-VS-7-32-B-F | B7: Средство анализа защищенности «Сканер-ВС». НПЕШ.00606-01. Лицензия на 32 IP адреса на 1 год (рег. № 231) | C7: =78000*1.15 -> 89700 | D7: 1 | E7: =C7*D7 -> 89700 | F7: Лицензия ПО «Сканер-ВС» на 1 год. 1 год обновления базы уязвимостей и технической поддержки. Сертификат ФСТЭК России по 4 уровню доверия.
A8: SCANER-VS-7-64-B-F | B8: Средство анализа защищенности «Сканер-ВС». НПЕШ.00606-01. Лицензия на 64 IP адреса на 1 год (рег. № 231) | C8: =108000*1.15 -> 124200 | D8: 1 | E8: =C8*D8 -> 124200 | F8: Лицензия ПО «Сканер-ВС» на 1 год. 1 год обновления базы уязвимостей и технической поддержки. Сертификат ФСТЭК России по 4 уровню доверия.
A9: SCANER-VS-7-128-B-F | B9: Средство анализа защищенности «Сканер-ВС». НПЕШ.00606-01. Лицензия на 128 IP адресов на 1 год (рег. № 231) | C9: =162500*1.15 -> 186875 | D9: 1 | E9: =C9*D9 -> 186875 | F9: Лицензия ПО «Сканер-ВС» на 1 год. 1 год обновления базы уязвимостей и технической поддержки. Сертификат ФСТЭК России по 4 уровню доверия.
A10: SCANER-VS-7-256-B-F | B10: Средство анализа защищенности «Сканер-ВС». НПЕШ.00606-01. Лицензия на 256 IP адресов на 1 год (рег. № 231) | C10: =234000*1.15 -> 269100 | D10: 1 | E10: =C10*D10 -> 269100 | F10: Лицензия ПО «Сканер-ВС» на 1 год. 1 год обновления базы уязвимостей и технической поддержки. Сертификат ФСТЭК России по 4 уровню доверия.
A11: SCANER-VS-7-512-B-F | B11: Средство анализа защищенности «Сканер-ВС». НПЕШ.00606-01. Лицензия на 512 IP адресов на 1 год (рег. № 231) | C11: =364000*1.15 -> 418600 | D11: 1 | E11: =C11*D11 -> 418600 | F11: Лицензия ПО «Сканер-ВС» на 1 год. 1 год обновления базы уязвимостей и технической поддержки. Сертификат ФСТЭК России по 4 уровню доверия.
A12: SCANER-VS-7-1024-B-F | B12: Средство анализа защищенности «Сканер-ВС». НПЕШ.00606-01. Лицензия на 1024 IP адреса на 1 год (рег. № 231) | C12: =637000*1.15 -> 732550 | D12: 1 | E12: =C12*D12 -> 732550 | F12: Лицензия ПО «Сканер-ВС» на 1 год. 1 год обновления базы уязвимостей и технической поддержки. Сертификат ФСТЭК России по 4 уровню доверия.
A13: SCANER-VS-7-2048-B-F | B13: Средство анализа защищенности «Сканер-ВС». НПЕШ.00606-01. Лицензия на 2048 IP-адресов на 1 год (рег. № 231) | C13: =1040000*1.15 -> 1196000 | D13: 1 | E13: =C13*D13 -> 1196000 | F13: Лицензия ПО «Сканер-ВС» на 1 год. 1 год обновления базы уязвимостей и технической поддержки. Сертификат ФСТЭК России по 4 уровню доверия.
A14: SCANER-VS-7-4096-B-F | B14: Средство анализа защищенности «Сканер-ВС». НПЕШ.00606-01. Лицензия на 4096 IP-адресов на 1 год (рег. № 231) | C14: =1690000*1.15 -> 1943500 | D14: 1 | E14: =C14*D14 -> 1943500 | F14: Лицензия ПО «Сканер-ВС» на 1 год. 1 год обновления базы уязвимостей и технической поддержки. Сертификат ФСТЭК России по 4 уровню доверия.
A15: SCANER-VS-7-8192-B-F | B15: Средство анализа защищенности «Сканер-ВС». НПЕШ.00606-01. Лицензия на 8192 IP адреса на 1 год (рег. № 231) | C15: =3250000*1.15 -> 3737500 | D15: 1 | E15: =C15*D15 -> 3737500 | F15: Лицензия ПО «Сканер-ВС» на 1 год. 1 год обновления базы уязвимостей и технической поддержки. Сертификат ФСТЭК России по 4 уровню доверия.
A16: SCANER-VS-7-UNL-B-F | B16: Средство анализа защищенности «Сканер-ВС». НПЕШ.00606-01. Лицензия без ограничения IP адресов на 1 год (рег. № 231) | C16: =4550000*1.15 -> 5232500 | D16: 1 | E16: =C16*D16 -> 5232500 | F16: Лицензия ПО «Сканер-ВС» на 1 год. 1 год обновления базы уязвимостей и технической поддержки. Сертификат ФСТЭК России по 4 уровню доверия.
A17: Партнерская скидка распространяется на Средство анализа защищенности «Сканер-ВС»
A18: Комплект лицензий Сканер-ВС и Astra Linux, с USB (без НДС)
A19: SCANER-VS-7-04-B-F-AL | B19: Средство анализа защищенности «Сканер-ВС». НПЕШ.00606-01. Лицензия на 4 IP адреса на 1 год c OC CH ALSE (рег. № 231) | C19: =C4+32500 -> 51475 | D19: 1 | E19: =C19*D19 -> 51475 | F19: Лицензия ПО «Сканер-ВС» на 1 год. 1 год обновления базы уязвимостей и технической поддержки. Сертификат ФСТЭК России по 4 уровню доверия. Лицензия OC CH ALSE, USB-накопитель 256/512 GB.
A20: SCANER-VS-7-08-B-F-AL | B20: Средство анализа защищенности «Сканер-ВС». НПЕШ.00606-01. Лицензия на 8 IP адресов на 1 год c OC CH ALSE (рег. № 231) | C20: =C5+32500 -> 64125 | D20: 1 | E20: =C20*D20 -> 64125 | F20: Лицензия ПО «Сканер-ВС» на 1 год. 1 год обновления базы уязвимостей и технической поддержки. Сертификат ФСТЭК России по 4 уровню доверия. Лицензия OC CH ALSE, USB-накопитель 256/512 GB.
A21: SCANER-VS-7-16-B-F-AL | B21: Средство анализа защищенности «Сканер-ВС». НПЕШ.00606-01. Лицензия на 16 IP адресов на 1 год c OC CH ALSE (рег. № 231) | C21: =C6+32500 -> 94600 | D21: 1 | E21: =C21*D21 -> 94600 | F21: Лицензия ПО «Сканер-ВС» на 1 год. 1 год обновления базы уязвимостей и технической поддержки. Сертификат ФСТЭК России по 4 уровню доверия. Лицензия OC CH ALSE, USB-накопитель 256/512 GB.
A22: SCANER-VS-7-32-B-F-AL | B22: Средство анализа защищенности «Сканер-ВС». НПЕШ.00606-01. Лицензия на 32 IP адреса на 1 год c OC CH ALSE (рег. № 231) | C22: =C7+32500 -> 122200 | D22: 1 | E22: =C22*D22 -> 122200 | F22: Лицензия ПО «Сканер-ВС» на 1 год. 1 год обновления базы уязвимостей и технической поддержки. Сертификат ФСТЭК России по 4 уровню доверия. Лицензия OC CH ALSE, USB-накопитель 256/512 GB.
A23: SCANER-VS-7-64-B-F-AL | B23: Средство анализа защищенности «Сканер-ВС». НПЕШ.00606-01. Лицензия на 64 IP адреса на 1 год c OC CH ALSE (рег. № 231) | C23: =C8+32500 -> 156700 | D23: 1 | E23: =C23*D23 -> 156700 | F23: Лицензия ПО «Сканер-ВС» на 1 год. 1 год обновления базы уязвимостей и технической поддержки. Сертификат ФСТЭК России по 4 уровню доверия. Лицензия OC CH ALSE, USB-накопитель 256/512 GB.
A24: SCANER-VS-7-128-B-F-AL | B24: Средство анализа защищенности «Сканер-ВС». НПЕШ.00606-01. Лицензия на 128 IP адресов на 1 год c OC CH ALSE (рег. № 231) | C24: =C9+32500 -> 219375 | D24: 1 | E24: =C24*D24 -> 219375 | F24: Лицензия ПО «Сканер-ВС» на 1 год. 1 год обновления базы уязвимостей и технической поддержки. Сертификат ФСТЭК России по 4 уровню доверия. Лицензия OC CH ALSE, USB-накопитель 256/512 GB.
A25: SCANER-VS-7-256-B-F-AL | B25: Средство анализа защищенности «Сканер-ВС». НПЕШ.00606-01. Лицензия на 256 IP адресов на 1 год c OC CH ALSE (рег. № 231) | C25: =C10+32500 -> 301600 | D25: 1 | E25: =C25*D25 -> 301600 | F25: Лицензия ПО «Сканер-ВС» на 1 год. 1 год обновления базы уязвимостей и технической поддержки. Сертификат ФСТЭК России по 4 уровню доверия. Лицензия OC CH ALSE, USB-накопитель 256/512 GB.
A26: SCANER-VS-7-512-B-F-AL | B26: Средство анализа защищенности «Сканер-ВС». НПЕШ.00606-01. Лицензия на 512 IP адресов на 1 год c OC CH ALSE (рег. № 231) | C26: =C11+32500 -> 451100 | D26: 1 | E26: =C26*D26 -> 451100 | F26: Лицензия ПО «Сканер-ВС» на 1 год. 1 год обновления базы уязвимостей и технической поддержки. Сертификат ФСТЭК России по 4 уровню доверия. Лицензия OC CH ALSE, USB-накопитель 256/512 GB.
A27: SCANER-VS-7-1024-B-F-AL | B27: Средство анализа защищенности «Сканер-ВС». НПЕШ.00606-01. Лицензия на 1024 IP адреса на 1 год c OC CH ALSE (рег. № 231) | C27: =C12+32500 -> 765050 | D27: 1 | E27: =C27*D27 -> 765050 | F27: Лицензия ПО «Сканер-ВС» на 1 год. 1 год обновления базы уязвимостей и технической поддержки. Сертификат ФСТЭК России по 4 уровню доверия. Лицензия OC CH ALSE, USB-накопитель 256/512 GB.
A28: SCANER-VS-7-2048-B-F-AL | B28: Средство анализа защищенности «Сканер-ВС». НПЕШ.00606-01. Лицензия на 2048 IP-адресов на 1 год c OC CH ALSE (рег. № 231) | C28: =C13+32500 -> 1228500 | D28: 1 | E28: =C28*D28 -> 1228500 | F28: Лицензия ПО «Сканер-ВС» на 1 год. 1 год обновления базы уязвимостей и технической поддержки. Сертификат ФСТЭК России по 4 уровню доверия. Лицензия OC CH ALSE, USB-накопитель 256/512 GB.
A29: SCANER-VS-7-4096-B-F-AL | B29: Средство анализа защищенности «Сканер-ВС». НПЕШ.00606-01. Лицензия на 4096 IP-адресов на 1 год c OC CH ALSE (рег. № 231) | C29: =C14+32500 -> 1976000 | D29: 1 | E29: =C29*D29 -> 1976000 | F29: Лицензия ПО «Сканер-ВС» на 1 год. 1 год обновления базы уязвимостей и технической поддержки. Сертификат ФСТЭК России по 4 уровню доверия. Лицензия OC CH ALSE, USB-накопитель 256/512 GB.
A30: SCANER-VS-7-8192-B-F-AL | B30: Средство анализа защищенности «Сканер-ВС». НПЕШ.00606-01. Лицензия на 8192 IP адреса на 1 год c OC CH ALSE (рег. № 231) | C30: =C15+32500 -> 3770000 | D30: 1 | E30: =C30*D30 -> 3770000 | F30: Лицензия ПО «Сканер-ВС» на 1 год. 1 год обновления базы уязвимостей и технической поддержки. Сертификат ФСТЭК России по 4 уровню доверия. Лицензия OC CH ALSE, USB-накопитель 256/512 GB.
A31: SCANER-VS-7-UNL-B-F-AL | B31: Средство анализа защищенности «Сканер-ВС». НПЕШ.00606-01. Лицензия без ограничения IP адресов на 1 год c OC CH ALSE (рег. № 231) | C31: =C16+32500 -> 5265000 | D31: 1 | E31: =C31*D31 -> 5265000 | F31: Лицензия ПО «Сканер-ВС» на 1 год. 1 год обновления базы уязвимостей и технической поддержки. Сертификат ФСТЭК России по 4 уровню доверия. Лицензия OC CH ALSE, USB-накопитель 256/512 GB.
A32: Переход на новую версию ( с версии Сканер-ВС 5 )
A33: SCANER-VS-5/7-04-B-F-UPP | B33: Средство анализа защищенности «Сканер-ВС». НПЕШ.00606-01. Обновление до 7-й версии. Лицензия на 4 IP адреса (рег. № 231) | C33: =C4*0.4 -> 7590 | D33: 1 | E33: =C33*D33 -> 7590 | F33: Переход на 7 версию "Сканер-ВС". *переход возможен не ранее 3-х месяцев после приобретения версии Сканер-ВС 5.0. Соответствует срокам действующей лицензии
A34: SCANER-VS-5/7-08-B-F-UPP | B34: Средство анализа защищенности «Сканер-ВС». НПЕШ.00606-01. Обновление до 7-й версии. Лицензия на 8 IP адресов (рег. № 231) | C34: =C5*0.4 -> 12650 | D34: 1 | E34: =C34*D34 -> 12650 | F34: Переход на 7 версию "Сканер-ВС". *переход возможен не ранее 3-х месяцев после приобретения версии Сканер-ВС 5.0. Соответствует срокам действующей лицензии
A35: SCANER-VS-5/7-16-B-F-UPP | B35: Средство анализа защищенности «Сканер-ВС». НПЕШ.00606-01. Обновление до 7-й версии. Лицензия на 16 IP адресов (рег. № 231) | C35: =C6*0.4 -> 24840 | D35: 1 | E35: =C35*D35 -> 24840 | F35: Переход на 7 версию "Сканер-ВС". *переход возможен не ранее 3-х месяцев после приобретения версии Сканер-ВС 5.0. Соответствует срокам действующей лицензии
A36: SCANER-VS-5/7-32-B-F-UPP | B36: Средство анализа защищенности «Сканер-ВС». НПЕШ.00606-01. Обновление до 7-й версии. Лицензия на 32 IP адреса (рег. № 231) | C36: =C7*0.4 -> 35880 | D36: 1 | E36: =C36*D36 -> 35880 | F36: Переход на 7 версию "Сканер-ВС". *переход возможен не ранее 3-х месяцев после приобретения версии Сканер-ВС 5.0. Соответствует срокам действующей лицензии
A37: SCANER-VS-5/7-64-B-F-UPP | B37: Средство анализа защищенности «Сканер-ВС». НПЕШ.00606-01. Обновление до 7-й версии. Лицензия на 64 IP адреса (рег. № 231) | C37: =C8*0.4 -> 49680 | D37: 1 | E37: =C37*D37 -> 49680 | F37: Переход на 7 версию "Сканер-ВС". *переход возможен не ранее 3-х месяцев после приобретения версии Сканер-ВС 5.0. Соответствует срокам действующей лицензии
A38: SCANER-VS-5/7-128-B-F-UPP | B38: Средство анализа защищенности «Сканер-ВС». НПЕШ.00606-01. Обновление до 7-й версии. Лицензия на 128 IP адресов (рег. № 231) | C38: =C9*0.4 -> 74750 | D38: 1 | E38: =C38*D38 -> 74750 | F38: Переход на 7 версию "Сканер-ВС". *переход возможен не ранее 3-х месяцев после приобретения версии Сканер-ВС 5.0. Соответствует срокам действующей лицензии
A39: SCANER-VS-5/7-256-B-F-UPP | B39: Средство анализа защищенности «Сканер-ВС». НПЕШ.00606-01. Обновление до 7-й версии. Лицензия на 256 IP адресов (рег. № 231) | C39: =C10*0.4 -> 107640 | D39: 1 | E39: =C39*D39 -> 107640 | F39: Переход на 7 версию "Сканер-ВС". *переход возможен не ранее 3-х месяцев после приобретения версии Сканер-ВС 5.0. Соответствует срокам действующей лицензии
A40: SCANER-VS-5/7-512-B-F-UPP | B40: Средство анализа защищенности «Сканер-ВС». НПЕШ.00606-01. Обновление до 7-й версии. Лицензия на 512 IP адресов (рег. № 231) | C40: =C11*0.4 -> 167440 | D40: 1 | E40: =C40*D40 -> 167440 | F40: Переход на 7 версию "Сканер-ВС". *переход возможен не ранее 3-х месяцев после приобретения версии Сканер-ВС 5.0. Соответствует срокам действующей лицензии
A41: SCANER-VS-5/7-1024-B-F-UPP | B41: Средство анализа защищенности «Сканер-ВС». НПЕШ.00606-01. Обновление до 7-й версии. Лицензия на 1024 IP адреса (рег. № 231) | C41: =C12*0.4 -> 293020 | D41: 1 | E41: =C41*D41 -> 293020 | F41: Переход на 7 версию "Сканер-ВС". *переход возможен не ранее 3-х месяцев после приобретения версии Сканер-ВС 5.0. Соответствует срокам действующей лицензии
A42: SCANER-VS-5/7-UNL-B-F-UPP | B42: Средство анализа защищенности «Сканер-ВС». НПЕШ.00606-01. Обновление до 7-й версии. Лицензия без ограничения IP адресов (рег. № 231) | C42: =C16*0.4 -> 2093000 | D42: 1 | E42: =C42*D42 -> 2093000 | F42: Переход на 7 версию "Сканер-ВС". *переход возможен не ранее 3-х месяцев после приобретения версии Сканер-ВС 5.0. Соответствует срокам действующей лицензии
A43: Переход на новую версию ( с версии Сканер-ВС 6 )
A44: SCANER-VS-6/7-04-B-F-UPP | B44: Средство анализа защищенности «Сканер-ВС». НПЕШ.00606-01. Обновление до 7-й версии. Лицензия на 4 IP адреса (рег. № 231) | C44: =C4*0.2 -> 3795 | D44: 1 | E44: =C44*D44 -> 3795 | F44: Переход на 7 версию "Сканер-ВС". Соответствует срокам действующей лицензии
A45: SCANER-VS-6/7-08-B-F-UPP | B45: Средство анализа защищенности «Сканер-ВС». НПЕШ.00606-01. Обновление до 7-й версии. Лицензия на 8 IP адресов (рег. № 231) | C45: =C5*0.2 -> 6325 | D45: 1 | E45: =C45*D45 -> 6325 | F45: Переход на 7 версию "Сканер-ВС". Соответствует срокам действующей лицензии
A46: SCANER-VS-6/7-16-B-F-UPP | B46: Средство анализа защищенности «Сканер-ВС». НПЕШ.00606-01. Обновление до 7-й версии. Лицензия на 16 IP адресов (рег. № 231) | C46: =C6*0.2 -> 12420 | D46: 1 | E46: =C46*D46 -> 12420 | F46: Переход на 7 версию "Сканер-ВС". Соответствует срокам действующей лицензии
A47: SCANER-VS-6/7-32-B-F-UPP | B47: Средство анализа защищенности «Сканер-ВС». НПЕШ.00606-01. Обновление до 7-й версии. Лицензия на 32 IP адреса (рег. № 231) | C47: =C7*0.2 -> 17940 | D47: 1 | E47: =C47*D47 -> 17940 | F47: Переход на 7 версию "Сканер-ВС". Соответствует срокам действующей лицензии
A48: SCANER-VS-6/7-64-B-F-UPP | B48: Средство анализа защищенности «Сканер-ВС». НПЕШ.00606-01. Обновление до 7-й версии. Лицензия на 64 IP адреса (рег. № 231) | C48: =C8*0.2 -> 24840 | D48: 1 | E48: =C48*D48 -> 24840 | F48: Переход на 7 версию "Сканер-ВС". Соответствует срокам действующей лицензии
A49: SCANER-VS-6/7-128-B-F-UPP | B49: Средство анализа защищенности «Сканер-ВС». НПЕШ.00606-01. Обновление до 7-й версии. Лицензия на 128 IP адресов (рег. № 231) | C49: =C9*0.2 -> 37375 | D49: 1 | E49: =C49*D49 -> 37375 | F49: Переход на 7 версию "Сканер-ВС". Соответствует срокам действующей лицензии
A50: SCANER-VS-6/7-256-B-F-UPP | B50: Средство анализа защищенности «Сканер-ВС». НПЕШ.00606-01. Обновление до 7-й версии. Лицензия на 256 IP адресов (рег. № 231) | C50: =C10*0.2 -> 53820 | D50: 1 | E50: =C50*D50 -> 53820 | F50: Переход на 7 версию "Сканер-ВС". Соответствует срокам действующей лицензии
A51: SCANER-VS-6/7-512-B-F-UPP | B51: Средство анализа защищенности «Сканер-ВС». НПЕШ.00606-01. Обновление до 7-й версии. Лицензия на 512 IP адресов (рег. № 231) | C51: =C11*0.2 -> 83720 | D51: 1 | E51: =C51*D51 -> 83720 | F51: Переход на 7 версию "Сканер-ВС". Соответствует срокам действующей лицензии
A52: SCANER-VS-6/7-1024-B-F-UPP | B52: Средство анализа защищенности «Сканер-ВС». НПЕШ.00606-01. Обновление до 7-й версии. Лицензия на 1024 IP адреса (рег. № 231) | C52: =C12*0.2 -> 146510 | D52: 1 | E52: =C52*D52 -> 146510 | F52: Переход на 7 версию "Сканер-ВС". Соответствует срокам действующей лицензии
A53: SCANER-VS-6/7-2048-B-F-UPP | B53: Средство анализа защищенности «Сканер-ВС». НПЕШ.00606-01. Обновление до 7-й версии. Лицензия на 2048 IP-адресов (рег. № 231) | C53: =C13*0.2 -> 239200 | D53: 1 | E53: =C53*D53 -> 239200 | F53: Переход на 7 версию "Сканер-ВС". Соответствует срокам действующей лицензии
A54: SCANER-VS-6/7-4096-B-F-UPP | B54: Средство анализа защищенности «Сканер-ВС». НПЕШ.00606-01. Обновление до 7-й версии. Лицензия на 4096 IP-адресов (рег. № 231) | C54: =C14*0.2 -> 388700 | D54: 1 | E54: =C54*D54 -> 388700 | F54: Переход на 7 версию "Сканер-ВС". Соответствует срокам действующей лицензии
A55: SCANER-VS-6/7-8192-B-F-UPP | B55: Средство анализа защищенности «Сканер-ВС». НПЕШ.00606-01. Обновление до 7-й версии. Лицензия на 8192 IP адреса (рег. № 231) | C55: =C15*0.2 -> 747500 | D55: 1 | E55: =C55*D55 -> 747500 | F55: Переход на 7 версию "Сканер-ВС". Соответствует срокам действующей лицензии
A56: SCANER-VS-6/7-UNL-B-F-UPP | B56: Средство анализа защищенности «Сканер-ВС». НПЕШ.00606-01. Обновление до 7-й версии. Лицензия без ограничения IP адресов (рег. № 231) | C56: =C16*0.2 -> 1046500 | D56: 1 | E56: =C56*D56 -> 1046500 | F56: Переход на 7 версию "Сканер-ВС". Соответствует срокам действующей лицензии
A57: Дополнительные IP адреса (без НДС)
A58: SCANER-VS-7-50-ADD-B-F | B58: Средство анализа защищенности «Сканер-ВС». Дополнительный IP к лицензии на 1 год (1-50) | C58: =3000*1.2 -> 3600 | D58: 1 | E58: =C58*D58 -> 3600 | F58: Дополнительный IP к лицензии на 1 год
A59: SCANER-VS-7-100-ADD-B-F | B59: Средство анализа защищенности «Сканер-ВС». Дополнительный IP к лицензии на 1 год (51-100) | C59: =2400*1.2 -> 2880 | D59: 1 | E59: =C59*D59 -> 2880 | F59: Дополнительный IP к лицензии на 1 год
A60: SCANER-VS-7-200-ADD-B-F | B60: Средство анализа защищенности «Сканер-ВС». Дополнительный IP к лицензии на 1 год (101-200) | C60: =1800*1.2 -> 2160 | D60: 1 | E60: =C60*D60 -> 2160 | F60: Дополнительный IP к лицензии на 1 год
A61: SCANER-VS-7-500-ADD-B-F | B61: Средство анализа защищенности «Сканер-ВС». Дополнительный IP к лицензии на 1 год (201-500) | C61: =1200*1.2 -> 1440 | D61: 1 | E61: =C61*D61 -> 1440 | F61: Дополнительный IP к лицензии на 1 год
A62: ПРОДЛЕНИЕ
A63: Основные лицензии (без НДС)
A64: SCANER-VS-7-04-UP-B-F | B64: Средство анализа защищенности «Сканер-ВС». НПЕШ.00606-01. Продление лицензии на 4 IP адреса на 1 год (рег. № 231) | C64: =C4*0.4 -> 7590 | D64: 1 | E64: =C64*D64 -> 7590 | F64: Продление ранее приобретенной лицензии ПО «Сканер-ВС» на 1 год. 1 год обновления базы уязвимостей и технической поддержки. Сертификат ФСТЭК России по 4 уровню доверия. Продление возможно в течение 2х месяцев с даты окончания лицензии.
A65: SCANER-VS-7-08-UP-B-F | B65: Средство анализа защищенности «Сканер-ВС». НПЕШ.00606-01. Продление лицензии на 8 IP-адресов на 1 год (рег. № 231) | C65: =C5*0.4 -> 12650 | D65: 1 | E65: =C65*D65 -> 12650 | F65: Продление ранее приобретенной лицензии ПО «Сканер-ВС» на 1 год. 1 год обновления базы уязвимостей и технической поддержки. Сертификат ФСТЭК России по 4 уровню доверия. Продление возможно в течение 2х месяцев с даты окончания лицензии.
A66: SCANER-VS-7-16-UP-B-F | B66: Средство анализа защищенности «Сканер-ВС». НПЕШ.00606-01. Продление лицензии на 16 IP адресов на 1 год (рег. № 231) | C66: =C6*0.4 -> 24840 | D66: 1 | E66: =C66*D66 -> 24840 | F66: Продление ранее приобретенной лицензии ПО «Сканер-ВС» на 1 год. 1 год обновления базы уязвимостей и технической поддержки. Сертификат ФСТЭК России по 4 уровню доверия. Продление возможно в течение 2х месяцев с даты окончания лицензии.
A67: SCANER-VS-7-32-UP-B-F | B67: Средство анализа защищенности «Сканер-ВС». НПЕШ.00606-01. Продление лицензии на 32 IP адреса на 1 год (рег. № 231) | C67: =C7*0.4 -> 35880 | D67: 1 | E67: =C67*D67 -> 35880 | F67: Продление ранее приобретенной лицензии ПО «Сканер-ВС» на 1 год. 1 год обновления базы уязвимостей и технической поддержки. Сертификат ФСТЭК России по 4 уровню доверия. Продление возможно в течение 2х месяцев с даты окончания лицензии.
A68: SCANER-VS-7-64-UP-B-F | B68: Средство анализа защищенности «Сканер-ВС». НПЕШ.00606-01. Продление лицензии на 64 IP адреса на 1 год (рег. № 231) | C68: =C8*0.4 -> 49680 | D68: 1 | E68: =C68*D68 -> 49680 | F68: Продление ранее приобретенной лицензии ПО «Сканер-ВС» на 1 год. 1 год обновления базы уязвимостей и технической поддержки. Сертификат ФСТЭК России по 4 уровню доверия. Продление возможно в течение 2х месяцев с даты окончания лицензии.
A69: SCANER-VS-7-128-UP-B-F | B69: Средство анализа защищенности «Сканер-ВС». НПЕШ.00606-01. Продление лицензии на 128 IP адресов на 1 год (рег. № 231) | C69: =C9*0.4 -> 74750 | D69: 1 | E69: =C69*D69 -> 74750 | F69: Продление ранее приобретенной лицензии ПО «Сканер-ВС» на 1 год. 1 год обновления базы уязвимостей и технической поддержки. Сертификат ФСТЭК России по 4 уровню доверия. Продление возможно в течение 2х месяцев с даты окончания лицензии.
A70: SCANER-VS-7-256-UP-B-F | B70: Средство анализа защищенности «Сканер-ВС». НПЕШ.00606-01. Продление лицензии на 256 IP адресов на 1 год (рег. № 231) | C70: =C10*0.4 -> 107640 | D70: 1 | E70: =C70*D70 -> 107640 | F70: Продление ранее приобретенной лицензии ПО «Сканер-ВС» на 1 год. 1 год обновления базы уязвимостей и технической поддержки. Сертификат ФСТЭК России по 4 уровню доверия. Продление возможно в течение 2х месяцев с даты окончания лицензии.
A71: SCANER-VS-7-512-UP-B-F | B71: Средство анализа защищенности «Сканер-ВС». НПЕШ.00606-01. Продление лицензии на 512 IP адресов на 1 год (рег. № 231) | C71: =C11*0.4 -> 167440 | D71: 1 | E71: =C71*D71 -> 167440 | F71: Продление ранее приобретенной лицензии ПО «Сканер-ВС» на 1 год. 1 год обновления базы уязвимостей и технической поддержки. Сертификат ФСТЭК России по 4 уровню доверия. Продление возможно в течение 2х месяцев с даты окончания лицензии.
A72: SCANER-VS-7-1024-UP-B-F | B72: Средство анализа защищенности «Сканер-ВС». НПЕШ.00606-01. Продление лицензии на 1024 IP адреса на 1 год (рег. № 231) | C72: =C12*0.4 -> 293020 | D72: 1 | E72: =C72*D72 -> 293020 | F72: Продление ранее приобретенной лицензии ПО «Сканер-ВС» на 1 год. 1 год обновления базы уязвимостей и технической поддержки. Сертификат ФСТЭК России по 4 уровню доверия. Продление возможно в течение 2х месяцев с даты окончания лицензии.
A73: SCANER-VS-7-2048-UP-B-F | B73: Средство анализа защищенности «Сканер-ВС». НПЕШ.00606-01. Продление лицензии на 2048 IP-адресов на 1 год (рег. № 231) | C73: =C13*0.4 -> 478400 | D73: 1 | E73: =C73*D73 -> 478400 | F73: Продление ранее приобретенной лицензии ПО «Сканер-ВС» на 1 год. 1 год обновления базы уязвимостей и технической поддержки. Сертификат ФСТЭК России по 4 уровню доверия. Продление возможно в течение 2х месяцев с даты окончания лицензии.
A74: SCANER-VS-7-4096-UP-B-F | B74: Средство анализа защищенности «Сканер-ВС». НПЕШ.00606-01. Продление лицензии на 4096 IP-адресов на 1 год (рег. № 231) | C74: =C14*0.4 -> 777400 | D74: 1 | E74: =C74*D74 -> 777400 | F74: Продление ранее приобретенной лицензии ПО «Сканер-ВС» на 1 год. 1 год обновления базы уязвимостей и технической поддержки. Сертификат ФСТЭК России по 4 уровню доверия. Продление возможно в течение 2х месяцев с даты окончания лицензии.
A75: SCANER-VS-7-8192-UP-B-F | B75: Средство анализа защищенности «Сканер-ВС». НПЕШ.00606-01. Продление лицензии на 8192 IP адреса на 1 год (рег. № 231) | C75: =C15*0.4 -> 1495000 | D75: 1 | E75: =C75*D75 -> 1495000 | F75: Продление ранее приобретенной лицензии ПО «Сканер-ВС» на 1 год. 1 год обновления базы уязвимостей и технической поддержки. Сертификат ФСТЭК России по 4 уровню доверия. Продление возможно в течение 2х месяцев с даты окончания лицензии.
A76: SCANER-VS-7-UNL-UP-B-F | B76: Средство анализа защищенности «Сканер-ВС». НПЕШ.00606-01. Продление лицензии без ограничения IP адресов на 1 год (рег. № 231) | C76: =C16*0.4 -> 2093000 | D76: 1 | E76: =C76*D76 -> 2093000 | F76: Продление ранее приобретенной лицензии ПО «Сканер-ВС» на 1 год. 1 год обновления базы уязвимостей и технической поддержки. Сертификат ФСТЭК России по 4 уровню доверия. Продление возможно в течение 2х месяцев с даты окончания лицензии.
A77: Дополнительные IP адреса продление (без НДС)
A78: SCANER-VS-7-50-ADD-UP-B-F | B78: Средство анализа защищенности «Сканер-ВС». Дополнительный IP к продлению лицензии на 1 год (1-50) | C78: =C58*0.4 -> 1440 | D78: 1 | E78: =C78*D78 -> 1440 | F78: Дополнительный IP к продлению ранее приобретенной лицензии на 1 год
A79: SCANER-VS-7-100-ADD-UP-B-F | B79: Средство анализа защищенности «Сканер-ВС». Дополнительный IP к продлению лицензии на 1 год (51-100) | C79: =C59*0.4 -> 1152 | D79: 1 | E79: =C79*D79 -> 1152 | F79: Дополнительный IP к продлению ранее приобретенной лицензии на 1 год
A80: SCANER-VS-7-200-ADD-UP-B-F | B80: Средство анализа защищенности «Сканер-ВС». Дополнительный IP к продлению лицензии на 1 год (101-200) | C80: =C60*0.4 -> 864 | D80: 1 | E80: =C80*D80 -> 864 | F80: Дополнительный IP к продлению ранее приобретенной лицензии на 1 год
A81: SCANER-VS-7-500-ADD-UP-B-F | B81: Средство анализа защищенности «Сканер-ВС». Дополнительный IP к продлению лицензии на 1 год (201-500) | C81: =C61*0.4 -> 576 | D81: 1 | E81: =C81*D81 -> 576 | F81: Дополнительный IP к продлению ранее приобретенной лицензии на 1 год
A82: МИГРАЦИЯ (переход с конкурирующих решений)*
A83: Основные лицензии (без НДС)
A84: SCANER-VS-7-04-B-FX-4UD-B-F | B84: Средство анализа защищенности «Сканер-ВС». НПЕШ.00606-01. Лицензия на 4 IP адреса на 1 год при переходе с других средств тестирования (рег. № 231) | C84: =ROUNDUP(C4/2,0.1) -> 9488 | D84: 1 | E84: =C84*D84 -> 9488 | F84: Лицензия ПО «Сканер-ВС» на 1 год. 1 год обновления базы уязвимостей и технической поддержки при переходе с других средств тестирования. Сертификат ФСТЭК России по 4 уровню доверия.
A85: SCANER-VS-7-08-B-FX-4UD-B-F | B85: Средство анализа защищенности «Сканер-ВС». НПЕШ.00606-01. Лицензия на 8 IP адресов на 1 год при переходе с других средств тестирования (рег. № 231) | C85: =ROUNDUP(C5/2,0.1) -> 15813 | D85: 1 | E85: =C85*D85 -> 15813 | F85: Лицензия ПО «Сканер-ВС» на 1 год. 1 год обновления базы уязвимостей и технической поддержки при переходе с других средств тестирования. Сертификат ФСТЭК России по 4 уровню доверия.
A86: SCANER-VS-7-16-B-FX-4UD-B-F | B86: Средство анализа защищенности «Сканер-ВС». НПЕШ.00606-01. Лицензия на 16 IP адресов на 1 год при переходе с других средств тестирования (рег. № 231) | C86: =ROUNDUP(C6/2,0.1) -> 31050 | D86: 1 | E86: =C86*D86 -> 31050 | F86: Лицензия ПО «Сканер-ВС» на 1 год. 1 год обновления базы уязвимостей и технической поддержки при переходе с других средств тестирования. Сертификат ФСТЭК России по 4 уровню доверия.
A87: SCANER-VS-7-32-B-FX-4UD-B-F | B87: Средство анализа защищенности «Сканер-ВС». НПЕШ.00606-01. Лицензия на 32 IP адреса на 1 год при переходе с других средств тестирования (рег. № 231) | C87: =ROUNDUP(C7/2,0.1) -> 44850 | D87: 1 | E87: =C87*D87 -> 44850 | F87: Лицензия ПО «Сканер-ВС» на 1 год. 1 год обновления базы уязвимостей и технической поддержки при переходе с других средств тестирования. Сертификат ФСТЭК России по 4 уровню доверия.
A88: SCANER-VS-7-64-B-FX-4UD-B-F | B88: Средство анализа защищенности «Сканер-ВС». НПЕШ.00606-01. Лицензия на 64 IP адреса на 1 год при переходе с других средств тестирования (рег. № 231) | C88: =ROUNDUP(C8/2,0.1) -> 62100 | D88: 1 | E88: =C88*D88 -> 62100 | F88: Лицензия ПО «Сканер-ВС» на 1 год. 1 год обновления базы уязвимостей и технической поддержки при переходе с других средств тестирования. Сертификат ФСТЭК России по 4 уровню доверия.
A89: SCANER-VS-7-128-B-FX-4UD-B-F | B89: Средство анализа защищенности «Сканер-ВС». НПЕШ.00606-01. Лицензия на 128 IP адресов на 1 год при переходе с других средств тестирования (рег. № 231) | C89: =ROUNDUP(C9/2,0.1) -> 93438 | D89: 1 | E89: =C89*D89 -> 93438 | F89: Лицензия ПО «Сканер-ВС» на 1 год. 1 год обновления базы уязвимостей и технической поддержки при переходе с других средств тестирования. Сертификат ФСТЭК России по 4 уровню доверия.
A90: SCANER-VS-7-256-B-FX-4UD-B-F | B90: Средство анализа защищенности «Сканер-ВС». НПЕШ.00606-01. Лицензия на 256 IP адресов на 1 год при переходе с других средств тестирования (рег. № 231) | C90: =ROUNDUP(C10/2,0.1) -> 134550 | D90: 1 | E90: =C90*D90 -> 134550 | F90: Лицензия ПО «Сканер-ВС» на 1 год. 1 год обновления базы уязвимостей и технической поддержки при переходе с других средств тестирования. Сертификат ФСТЭК России по 4 уровню доверия.
A91: SCANER-VS-7-512-B-FX-4UD-B-F | B91: Средство анализа защищенности «Сканер-ВС». НПЕШ.00606-01. Лицензия на 512 IP адресов на 1 год при переходе с других средств тестирования (рег. № 231) | C91: =ROUNDUP(C11/2,0.1) -> 209300 | D91: 1 | E91: =C91*D91 -> 209300 | F91: Лицензия ПО «Сканер-ВС» на 1 год. 1 год обновления базы уязвимостей и технической поддержки при переходе с других средств тестирования. Сертификат ФСТЭК России по 4 уровню доверия.
A92: SCANER-VS-7-1024-B-FX-4UD-B-F | B92: Средство анализа защищенности «Сканер-ВС». НПЕШ.00606-01. Лицензия на 1024 IP адреса на 1 год при переходе с других средств тестирования (рег. № 231) | C92: =ROUNDUP(C12/2,0.1) -> 366275 | D92: 1 | E92: =C92*D92 -> 366275 | F92: Лицензия ПО «Сканер-ВС» на 1 год. 1 год обновления базы уязвимостей и технической поддержки при переходе с других средств тестирования. Сертификат ФСТЭК России по 4 уровню доверия.
A93: SCANER-VS-7-2048-B-FX-4UD-B-F | B93: Средство анализа защищенности «Сканер-ВС». НПЕШ.00606-01. Лицензия на 2048 IP-адресов на 1 год (рег. № 231) | C93: =ROUNDUP(C13/2,0.1) -> 598000 | D93: 1 | E93: =C93*D93 -> 598000 | F93: Лицензия ПО «Сканер-ВС» на 1 год. 1 год обновления базы уязвимостей и технической поддержки. Сертификат ФСТЭК России по 4 уровню доверия.
A94: SCANER-VS-7-4096-B-FX-4UD-B-F | B94: Средство анализа защищенности «Сканер-ВС». НПЕШ.00606-01. Лицензия на 4096 IP-адресов на 1 год (рег. № 231) | C94: =ROUNDUP(C14/2,0.1) -> 971750 | D94: 1 | E94: =C94*D94 -> 971750 | F94: Лицензия ПО «Сканер-ВС» на 1 год. 1 год обновления базы уязвимостей и технической поддержки. Сертификат ФСТЭК России по 4 уровню доверия.
A95: SCANER-VS-7-8192-B-FX-4UD-B-F | B95: Средство анализа защищенности «Сканер-ВС». НПЕШ.00606-01. Лицензия на 8192 IP адреса на 1 год (рег. № 231) | C95: =ROUNDUP(C15/2,0.1) -> 1868750 | D95: 1 | E95: =C95*D95 -> 1868750 | F95: Лицензия ПО «Сканер-ВС» на 1 год. 1 год обновления базы уязвимостей и технической поддержки. Сертификат ФСТЭК России по 4 уровню доверия.
A96: SCANER-VS-7-UNL-B-FX-4UD-B-F | B96: Средство анализа защищенности «Сканер-ВС». НПЕШ.00606-01. Лицензия без ограничения IP адресов на 1 год (рег. № 231) | C96: =ROUNDUP(C16/2,0.1) -> 2616250 | D96: 1 | E96: =C96*D96 -> 2616250 | F96: Лицензия ПО «Сканер-ВС» на 1 год. 1 год обновления базы уязвимостей и технической поддержки. Сертификат ФСТЭК России по 4 уровню доверия.
A97: Примечание
A98: Комплект поставки Сканер-ВС 7: | B98: 1. Лицензия на бумажном носителе 2. Сертификат ТП на бумажном носителе 3. Упаковка 4. Носитель c дистрибутивом и документацией (4+ DVD, 256+ - USB Flash) 5. Формуляр 6. Копия сертификата соответствия 7. Ведомость эксплуатационных документов
A99: Комплект поставки Сканер-ВС 7 LiveUSB: | B99: 1. Лицензия на бумажном носителе 2. Сертификат ТП на бумажном носителе 3. Упаковка 4. Носитель c дистрибутивом и документацией (USB Flash) 5. Формуляр 6. Копия сертификата соответствия 7. Ведомость эксплуатационных документов 8. Формуляр Astra
A100: Обновление на новые версии | B100: При "обновлении" все продукты будут получать новый серийный номер, в целях соблюдения требований Приказа ФСТЭК России от 03.04.2018 N 55 (п.п. 63,67,68)
...

Sheet (Э) Сканер-ВС 7.0 BASE ФСТЭК
A1: Электронная поставка - Средство анализа защищенности «Сканер-ВС» 7 BASE. Сертификат ФСТЭК
A2: Артикул | B2: Наименование | C2: Цена | D2: Количество | E2: Стоимость РРЦ | F2: Описание
A3: Основные лицензии (без НДС)
A4: SCANER-VS-7-01-B-F-EL | B4: Средство анализа защищенности «Сканер-ВС». НПЕШ.00606-01. Лицензия на 1 IP-адрес на 1 год. Электронная поставка (рег. № 231) | C4: =7000*1.1 -> 7700 | D4: 1 | E4: =C4*D4 -> 7700 | F4: Лицензия ПО «Сканер-ВС» на 1 год. 1 год обновления базы уязвимостей и технической поддержки. Без возможности продления. Сертификат ФСТЭК России по 4 уровню доверия. Электронная поставка.
A5: SCANER-VS-7-04-B-F-EL | B5: Средство анализа защищенности «Сканер-ВС». НПЕШ.00606-01. Лицензия на 4 IP адреса на 1 год. Электронная поставка (рег. № 231) | C5: =16500*1.15 -> 18975 | D5: 1 | E5: =C5*D5 -> 18975 | F5: Лицензия ПО «Сканер-ВС» на 1 год. 1 год обновления базы уязвимостей и технической поддержки. Сертификат ФСТЭК России по 4 уровню доверия. Электронная поставка.
A6: SCANER-VS-7-08-B-F-EL | B6: Средство анализа защищенности «Сканер-ВС». НПЕШ.00606-01. Лицензия на 8 IP адресов на 1 год. Электронная поставка (рег. № 231) | C6: =27500*1.15 -> 31625 | D6: 1 | E6: =C6*D6 -> 31625 | F6: Лицензия ПО «Сканер-ВС» на 1 год. 1 год обновления базы уязвимостей и технической поддержки. Сертификат ФСТЭК России по 4 уровню доверия. Электронная поставка.
A7: SCANER-VS-7-16-B-F-EL | B7: Средство анализа защищенности «Сканер-ВС». НПЕШ.00606-01. Лицензия на 16 IP адресов на 1 год. Электронная поставка (рег. № 231) | C7: =54000*1.15 -> 62100 | D7: 1 | E7: =C7*D7 -> 62100 | F7: Лицензия ПО «Сканер-ВС» на 1 год. 1 год обновления базы уязвимостей и технической поддержки. Сертификат ФСТЭК России по 4 уровню доверия. Электронная поставка.
A8: SCANER-VS-7-32-B-F-EL | B8: Средство анализа защищенности «Сканер-ВС». НПЕШ.00606-01. Лицензия на 32 IP адреса на 1 год. Электронная поставка (рег. № 231) | C8: =78000*1.15 -> 89700 | D8: 1 | E8: =C8*D8 -> 89700 | F8: Лицензия ПО «Сканер-ВС» на 1 год. 1 год обновления базы уязвимостей и технической поддержки. Сертификат ФСТЭК России по 4 уровню доверия. Электронная поставка.
A9: SCANER-VS-7-64-B-F-EL | B9: Средство анализа защищенности «Сканер-ВС». НПЕШ.00606-01. Лицензия на 64 IP адреса на 1 год. Электронная поставка (рег. № 231) | C9: =108000*1.15 -> 124200 | D9: 1 | E9: =C9*D9 -> 124200 | F9: Лицензия ПО «Сканер-ВС» на 1 год. 1 год обновления базы уязвимостей и технической поддержки. Сертификат ФСТЭК России по 4 уровню доверия. Электронная поставка.
A10: SCANER-VS-7-128-B-F-EL | B10: Средство анализа защищенности «Сканер-ВС». НПЕШ.00606-01. Лицензия на 128 IP адресов на 1 год. Электронная поставка (рег. № 231) | C10: =162500*1.15 -> 186875 | D10: 1 | E10: =C10*D10 -> 186875 | F10: Лицензия ПО «Сканер-ВС» на 1 год. 1 год обновления базы уязвимостей и технической поддержки. Сертификат ФСТЭК России по 4 уровню доверия. Электронная поставка.
A11: SCANER-VS-7-256-B-F-EL | B11: Средство анализа защищенности «Сканер-ВС». НПЕШ.00606-01. Лицензия на 256 IP адресов на 1 год. Электронная поставка (рег. № 231) | C11: =234000*1.15 -> 269100 | D11: 1 | E11: =C11*D11 -> 269100 | F11: Лицензия ПО «Сканер-ВС» на 1 год. 1 год обновления базы уязвимостей и технической поддержки. Сертификат ФСТЭК России по 4 уровню доверия. Электронная поставка.
A12: SCANER-VS-7-512-B-F-EL | B12: Средство анализа защищенности «Сканер-ВС». НПЕШ.00606-01. Лицензия на 512 IP адресов на 1 год. Электронная поставка (рег. № 231) | C12: =364000*1.15 -> 418600 | D12: 1 | E12: =C12*D12 -> 418600 | F12: Лицензия ПО «Сканер-ВС» на 1 год. 1 год обновления базы уязвимостей и технической поддержки. Сертификат ФСТЭК России по 4 уровню доверия. Электронная поставка.
A13: SCANER-VS-7-1024-B-F-EL | B13: Средство анализа защищенности «Сканер-ВС». НПЕШ.00606-01. Лицензия на 1024 IP адреса на 1 год. Электронная поставка (рег. № 231) | C13: =637000*1.15 -> 732550 | D13: 1 | E13: =C13*D13 -> 732550 | F13: Лицензия ПО «Сканер-ВС» на 1 год. 1 год обновления базы уязвимостей и технической поддержки. Сертификат ФСТЭК России по 4 уровню доверия. Электронная поставка.
A14: SCANER-VS-7-2048-B-F-EL | B14: Средство анализа защищенности «Сканер-ВС». НПЕШ.00606-01. Лицензия на 2048 IP-адресов на 1 год. Электронная поставка (рег. № 231) | C14: =1040000*1.15 -> 1196000 | D14: 1 | E14: =C14*D14 -> 1196000 | F14: Лицензия ПО «Сканер-ВС» на 1 год. 1 год обновления базы уязвимостей и технической поддержки. Сертификат ФСТЭК России по 4 уровню доверия. Электронная поставка.
A15: SCANER-VS-7-4096-B-F-EL | B15: Средство анализа защищенности «Сканер-ВС». НПЕШ.00606-01. Лицензия на 4096 IP-адресов на 1 год. Электронная поставка (рег. № 231) | C15: =1690000*1.15 -> 1943500 | D15: 1 | E15: =C15*D15 -> 1943500 | F15: Лицензия ПО «Сканер-ВС» на 1 год. 1 год обновления базы уязвимостей и технической поддержки. Сертификат ФСТЭК России по 4 уровню доверия. Электронная поставка.
A16: SCANER-VS-7-8192-B-F-EL | B16: Средство анализа защищенности «Сканер-ВС». НПЕШ.00606-01. Лицензия на 8192 IP адреса на 1 год. Электронная поставка (рег. № 231) | C16: =3250000*1.15 -> 3737500 | D16: 1 | E16: =C16*D16 -> 3737500 | F16: Лицензия ПО «Сканер-ВС» на 1 год. 1 год обновления базы уязвимостей и технической поддержки. Сертификат ФСТЭК России по 4 уровню доверия. Электронная поставка.
A17: SCANER-VS-7-UNL-B-F-EL | B17: Средство анализа защищенности «Сканер-ВС». НПЕШ.00606-01. Лицензия без ограничения IP адресов на 1 год. Электронная поставка (рег. № 231) | C17: =4550000*1.15 -> 5232500 | D17: 1 | E17: =C17*D17 -> 5232500 | F17: Лицензия ПО «Сканер-ВС» на 1 год. 1 год обновления базы уязвимостей и технической поддержки. Сертификат ФСТЭК России по 4 уровню доверия. Электронная поставка.
A18: Переход на новую версию ( с версии Сканер-ВС 5 )
A19: SCANER-VS-5/7-04-B-F-UPP-EL | B19: Средство анализа защищенности «Сканер-ВС». НПЕШ.00606-01. Обновление до 7-й версии. Лицензия на 4 IP адреса. Электронная поставка (рег. № 231) | C19: =C5*0.4 -> 7590 | D19: 1 | E19: =C19*D19 -> 7590 | F19: Переход на 7 версию "Сканер-ВС". *переход возможен не ранее 3-х месяцев после приобретения версии Сканер-ВС 5.0. Соответствует срокам действующей лицензии Электронная поставка.
A20: SCANER-VS-5/7-08-B-F-UPP-EL | B20: Средство анализа защищенности «Сканер-ВС». НПЕШ.00606-01. Обновление до 7-й версии. Лицензия на 8 IP адресов. Электронная поставка (рег. № 231) | C20: =C6*0.4 -> 12650 | D20: 1 | E20: =C20*D20 -> 12650 | F20: Переход на 7 версию "Сканер-ВС". *переход возможен не ранее 3-х месяцев после приобретения версии Сканер-ВС 5.0. Соответствует срокам действующей лицензии Электронная поставка.
A21: SCANER-VS-5/7-16-B-F-UPP-EL | B21: Средство анализа защищенности «Сканер-ВС». НПЕШ.00606-01. Обновление до 7-й версии. Лицензия на 16 IP адресов. Электронная поставка (рег. № 231) | C21: =C7*0.4 -> 24840 | D21: 1 | E21: =C21*D21 -> 24840 | F21: Переход на 7 версию "Сканер-ВС". *переход возможен не ранее 3-х месяцев после приобретения версии Сканер-ВС 5.0. Соответствует срокам действующей лицензии Электронная поставка.
A22: SCANER-VS-5/7-32-B-F-UPP-EL | B22: Средство анализа защищенности «Сканер-ВС». НПЕШ.00606-01. Обновление до 7-й версии. Лицензия на 32 IP адреса. Электронная поставка (рег. № 231) | C22: =C8*0.4 -> 35880 | D22: 1 | E22: =C22*D22 -> 35880 | F22: Переход на 7 версию "Сканер-ВС". *переход возможен не ранее 3-х месяцев после приобретения версии Сканер-ВС 5.0. Соответствует срокам действующей лицензии Электронная поставка.
A23: SCANER-VS-5/7-64-B-F-UPP-EL | B23: Средство анализа защищенности «Сканер-ВС». НПЕШ.00606-01. Обновление до 7-й версии. Лицензия на 64 IP адреса. Электронная поставка (рег. № 231) | C23: =C9*0.4 -> 49680 | D23: 1 | E23: =C23*D23 -> 49680 | F23: Переход на 7 версию "Сканер-ВС". *переход возможен не ранее 3-х месяцев после приобретения версии Сканер-ВС 5.0. Соответствует срокам действующей лицензии Электронная поставка.
A24: SCANER-VS-5/7-128-B-F-UPP-EL | B24: Средство анализа защищенности «Сканер-ВС». НПЕШ.00606-01. Обновление до 7-й версии. Лицензия на 128 IP адресов. Электронная поставка (рег. № 231) | C24: =C10*0.4 -> 74750 | D24: 1 | E24: =C24*D24 -> 74750 | F24: Переход на 7 версию "Сканер-ВС". *переход возможен не ранее 3-х месяцев после приобретения версии Сканер-ВС 5.0. Соответствует срокам действующей лицензии Электронная поставка.
A25: SCANER-VS-5/7-256-B-F-UPP-EL | B25: Средство анализа защищенности «Сканер-ВС». НПЕШ.00606-01. Обновление до 7-й версии. Лицензия на 256 IP адресов. Электронная поставка (рег. № 231) | C25: =C11*0.4 -> 107640 | D25: 1 | E25: =C25*D25 -> 107640 | F25: Переход на 7 версию "Сканер-ВС". *переход возможен не ранее 3-х месяцев после приобретения версии Сканер-ВС 5.0. Соответствует срокам действующей лицензии Электронная поставка.
A26: SCANER-VS-5/7-512-B-F-UPP-EL | B26: Средство анализа защищенности «Сканер-ВС». НПЕШ.00606-01. Обновление до 7-й версии. Лицензия на 512 IP адресов. Электронная поставка (рег. № 231) | C26: =C12*0.4 -> 167440 | D26: 1 | E26: =C26*D26 -> 167440 | F26: Переход на 7 версию "Сканер-ВС". *переход возможен не ранее 3-х месяцев после приобретения версии Сканер-ВС 5.0. Соответствует срокам действующей лицензии Электронная поставка.
A27: SCANER-VS-5/7-1024-B-F-UPP-EL | B27: Средство анализа защищенности «Сканер-ВС». НПЕШ.00606-01. Обновление до 7-й версии. Лицензия на 1024 IP адреса. Электронная поставка (рег. № 231) | C27: =C13*0.4 -> 293020 | D27: 1 | E27: =C27*D27 -> 293020 | F27: Переход на 7 версию "Сканер-ВС". *переход возможен не ранее 3-х месяцев после приобретения версии Сканер-ВС 5.0. Соответствует срокам действующей лицензии Электронная поставка.
A28: SCANER-VS-5/7-UNL-B-F-UPP-EL | B28: Средство анализа защищенности «Сканер-ВС». НПЕШ.00606-01. Обновление до 7-й версии. Лицензия без ограничения IP адресов. Электронная поставка (рег. № 231) | C28: =C17*0.4 -> 2093000 | D28: 1 | E28: =C28*D28 -> 2093000 | F28: Переход на 7 версию "Сканер-ВС". *переход возможен не ранее 3-х месяцев после приобретения версии Сканер-ВС 5.0. Соответствует срокам действующей лицензии Электронная поставка.
A29: Переход на новую версию ( с версии Сканер-ВС 6 )
A30: SCANER-VS-6/7-04-B-F-UPP-EL | B30: Средство анализа защищенности «Сканер-ВС». НПЕШ.00606-01. Обновление до 7-й версии. Лицензия на 4 IP адреса. Электронная поставка (рег. № 231) | C30: =C5*0.2 -> 3795 | D30: 1 | E30: =C30*D30 -> 3795 | F30: Переход на 7 версию "Сканер-ВС". Соответствует срокам действующей лицензии Электронная поставка.
A31: SCANER-VS-6/7-08-B-F-UPP-EL | B31: Средство анализа защищенности «Сканер-ВС». НПЕШ.00606-01. Обновление до 7-й версии. Лицензия на 8 IP адресов. Электронная поставка (рег. № 231) | C31: =C6*0.2 -> 6325 | D31: 1 | E31: =C31*D31 -> 6325 | F31: Переход на 7 версию "Сканер-ВС". Соответствует срокам действующей лицензии Электронная поставка.
A32: SCANER-VS-6/7-16-B-F-UPP-EL | B32: Средство анализа защищенности «Сканер-ВС». НПЕШ.00606-01. Обновление до 7-й версии. Лицензия на 16 IP адресов. Электронная поставка (рег. № 231) | C32: =C7*0.2 -> 12420 | D32: 1 | E32: =C32*D32 -> 12420 | F32: Переход на 7 версию "Сканер-ВС". Соответствует срокам действующей лицензии Электронная поставка.
A33: SCANER-VS-6/7-32-B-F-UPP-EL | B33: Средство анализа защищенности «Сканер-ВС». НПЕШ.00606-01. Обновление до 7-й версии. Лицензия на 32 IP адреса. Электронная поставка (рег. № 231) | C33: =C8*0.2 -> 17940 | D33: 1 | E33: =C33*D33 -> 17940 | F33: Переход на 7 версию "Сканер-ВС". Соответствует срокам действующей лицензии Электронная поставка.
A34: SCANER-VS-6/7-64-B-F-UPP-EL | B34: Средство анализа защищенности «Сканер-ВС». НПЕШ.00606-01. Обновление до 7-й версии. Лицензия на 64 IP адреса. Электронная поставка (рег. № 231) | C34: =C9*0.2 -> 24840 | D34: 1 | E34: =C34*D34 -> 24840 | F34: Переход на 7 версию "Сканер-ВС". Соответствует срокам действующей лицензии Электронная поставка.
A35: SCANER-VS-6/7-128-B-F-UPP-EL | B35: Средство анализа защищенности «Сканер-ВС». НПЕШ.00606-01. Обновление до 7-й версии. Лицензия на 128 IP адресов. Электронная поставка (рег. № 231) | C35: =C10*0.2 -> 37375 | D35: 1 | E35: =C35*D35 -> 37375 | F35: Переход на 7 версию "Сканер-ВС". Соответствует срокам действующей лицензии Электронная поставка.
A36: SCANER-VS-6/7-256-B-F-UPP-EL | B36: Средство анализа защищенности «Сканер-ВС». НПЕШ.00606-01. Обновление до 7-й версии. Лицензия на 256 IP адресов. Электронная поставка (рег. № 231) | C36: =C11*0.2 -> 53820 | D36: 1 | E36: =C36*D36 -> 53820 | F36: Переход на 7 версию "Сканер-ВС". Соответствует срокам действующей лицензии Электронная поставка.
A37: SCANER-VS-6/7-512-B-F-UPP-EL | B37: Средство анализа защищенности «Сканер-ВС». НПЕШ.00606-01. Обновление до 7-й версии. Лицензия на 512 IP адресов. Электронная поставка (рег. № 231) | C37: =C12*0.2 -> 83720 | D37: 1 | E37: =C37*D37 -> 83720 | F37: Переход на 7 версию "Сканер-ВС". Соответствует срокам действующей лицензии Электронная поставка.
A38: SCANER-VS-6/7-1024-B-F-UPP-EL | B38: Средство анализа защищенности «Сканер-ВС». НПЕШ.00606-01. Обновление до 7-й версии. Лицензия на 1024 IP адреса. Электронная поставка (рег. № 231) | C38: =C13*0.2 -> 146510 | D38: 1 | E38: =C38*D38 -> 146510 | F38: Переход на 7 версию "Сканер-ВС". Соответствует срокам действующей лицензии Электронная поставка.
A39: SCANER-VS-6/7-2048-B-F-UPP-EL | B39: Средство анализа защищенности «Сканер-ВС». НПЕШ.00606-01. Обновление до 7-й версии. Лицензия на 2048 IP-адресов. Электронная поставка (рег. № 231) | C39: =C14*0.2 -> 239200 | D39: 1 | E39: =C39*D39 -> 239200 | F39: Переход на 7 версию "Сканер-ВС". Соответствует срокам действующей лицензии Электронная поставка.
A40: SCANER-VS-6/7-4096-B-F-UPP-EL | B40: Средство анализа защищенности «Сканер-ВС». НПЕШ.00606-01. Обновление до 7-й версии. Лицензия на 4096 IP-адресов. Электронная поставка (рег. № 231) | C40: =C15*0.2 -> 388700 | D40: 1 | E40: =C40*D40 -> 388700 | F40: Переход на 7 версию "Сканер-ВС". Соответствует срокам действующей лицензии Электронная поставка.
A41: SCANER-VS-6/7-8192-B-F-UPP-EL | B41: Средство анализа защищенности «Сканер-ВС». НПЕШ.00606-01. Обновление до 7-й версии. Лицензия на 8192 IP адреса. Электронная поставка (рег. № 231) | C41: =C16*0.2 -> 747500 | D41: 1 | E41: =C41*D41 -> 747500 | F41: Переход на 7 версию "Сканер-ВС". Соответствует срокам действующей лицензии Электронная поставка.
A42: SCANER-VS-6/7-UNL-B-F-UPP-EL | B42: Средство анализа защищенности «Сканер-ВС». НПЕШ.00606-01. Обновление до 7-й версии. Лицензия без ограничения IP адресов. Электронная поставка (рег. № 231) | C42: =C17*0.2 -> 1046500 | D42: 1 | E42: =C42*D42 -> 1046500 | F42: Переход на 7 версию "Сканер-ВС". Соответствует срокам действующей лицензии Электронная поставка.
A43: Дополнительные IP адреса (без НДС)
A44: SCANER-VS-7-50-ADD-B-F-EL | B44: Средство анализа защищенности «Сканер-ВС». Дополнительный IP к лицензии на 1 год. Электронная поставка (1-50) | C44: =3000*1.2 -> 3600 | D44: 1 | E44: =C44*D44 -> 3600 | F44: Дополнительный IP к лицензии на 1 год Электронная поставка.
A45: SCANER-VS-7-100-ADD-B-F-EL | B45: Средство анализа защищенности «Сканер-ВС». Дополнительный IP к лицензии на 1 год. Электронная поставка (51-100) | C45: =2400*1.2 -> 2880 | D45: 1 | E45: =C45*D45 -> 2880 | F45: Дополнительный IP к лицензии на 1 год Электронная поставка.
A46: SCANER-VS-7-200-ADD-B-F-EL | B46: Средство анализа защищенности «Сканер-ВС». Дополнительный IP к лицензии на 1 год. Электронная поставка (101-200) | C46: =1800*1.2 -> 2160 | D46: 1 | E46: =C46*D46 -> 2160 | F46: Дополнительный IP к лицензии на 1 год Электронная поставка.
A47: SCANER-VS-7-500-ADD-B-F-EL | B47: Средство анализа защищенности «Сканер-ВС». Дополнительный IP к лицензии на 1 год. Электронная поставка (201-500) | C47: =1200*1.2 -> 1440 | D47: 1 | E47: =C47*D47 -> 1440 | F47: Дополнительный IP к лицензии на 1 год Электронная поставка.
A48: ПРОДЛЕНИЕ
A49: Основные лицензии (без НДС)
A50: SCANER-VS-7-04-UP-B-F-EL | B50: Средство анализа защищенности «Сканер-ВС». НПЕШ.00606-01. Продление лицензии на 4 IP адреса на 1 год. Электронная поставка (рег. № 231) | C50: =C5*0.4 -> 7590 | D50: 1 | E50: =C50*D50 -> 7590 | F50: Продление ранее приобретенной лицензии ПО «Сканер-ВС» на 1 год. 1 год обновления базы уязвимостей и технической поддержки. Сертификат ФСТЭК России по 4 уровню доверия. Продление возможно в течение 2х месяцев с даты окончания лицензии. Электронная поставка.
A51: SCANER-VS-7-08-UP-B-F-EL | B51: Средство анализа защищенности «Сканер-ВС». НПЕШ.00606-01. Продление лицензии на 8 IP-адресов на 1 год. Электронная поставка (рег. № 231) | C51: =C6*0.4 -> 12650 | D51: 1 | E51: =C51*D51 -> 12650 | F51: Продление ранее приобретенной лицензии ПО «Сканер-ВС» на 1 год. 1 год обновления базы уязвимостей и технической поддержки. Сертификат ФСТЭК России по 4 уровню доверия. Продление возможно в течение 2х месяцев с даты окончания лицензии. Электронная поставка.
A52: SCANER-VS-7-16-UP-B-F-EL | B52: Средство анализа защищенности «Сканер-ВС». НПЕШ.00606-01. Продление лицензии на 16 IP адресов на 1 год. Электронная поставка (рег. № 231) | C52: =C7*0.4 -> 24840 | D52: 1 | E52: =C52*D52 -> 24840 | F52: Продление ранее приобретенной лицензии ПО «Сканер-ВС» на 1 год. 1 год обновления базы уязвимостей и технической поддержки. Сертификат ФСТЭК России по 4 уровню доверия. Продление возможно в течение 2х месяцев с даты окончания лицензии. Электронная поставка.
A53: SCANER-VS-7-32-UP-B-F-EL | B53: Средство анализа защищенности «Сканер-ВС». НПЕШ.00606-01. Продление лицензии на 32 IP адреса на 1 год. Электронная поставка (рег. № 231) | C53: =C8*0.4 -> 35880 | D53: 1 | E53: =C53*D53 -> 35880 | F53: Продление ранее приобретенной лицензии ПО «Сканер-ВС» на 1 год. 1 год обновления базы уязвимостей и технической поддержки. Сертификат ФСТЭК России по 4 уровню доверия. Продление возможно в течение 2х месяцев с даты окончания лицензии. Электронная поставка.
A54: SCANER-VS-7-64-UP-B-F-EL | B54: Средство анализа защищенности «Сканер-ВС». НПЕШ.00606-01. Продление лицензии на 64 IP адреса на 1 год. Электронная поставка (рег. № 231) | C54: =C9*0.4 -> 49680 | D54: 1 | E54: =C54*D54 -> 49680 | F54: Продление ранее приобретенной лицензии ПО «Сканер-ВС» на 1 год. 1 год обновления базы уязвимостей и технической поддержки. Сертификат ФСТЭК России по 4 уровню доверия. Продление возможно в течение 2х месяцев с даты окончания лицензии. Электронная поставка.
A55: SCANER-VS-7-128-UP-B-F-EL | B55: Средство анализа защищенности «Сканер-ВС». НПЕШ.00606-01. Продление лицензии на 128 IP адресов на 1 год. Электронная поставка (рег. № 231) | C55: =C10*0.4 -> 74750 | D55: 1 | E55: =C55*D55 -> 74750 | F55: Продление ранее приобретенной лицензии ПО «Сканер-ВС» на 1 год. 1 год обновления базы уязвимостей и технической поддержки. Сертификат ФСТЭК России по 4 уровню доверия. Продление возможно в течение 2х месяцев с даты окончания лицензии. Электронная поставка.
A56: SCANER-VS-7-256-UP-B-F-EL | B56: Средство анализа защищенности «Сканер-ВС». НПЕШ.00606-01. Продление лицензии на 256 IP адресов на 1 год. Электронная поставка (рег. № 231) | C56: =C11*0.4 -> 107640 | D56: 1 | E56: =C56*D56 -> 107640 | F56: Продление ранее приобретенной лицензии ПО «Сканер-ВС» на 1 год. 1 год обновления базы уязвимостей и технической поддержки. Сертификат ФСТЭК России по 4 уровню доверия. Продление возможно в течение 2х месяцев с даты окончания лицензии. Электронная поставка.
A57: SCANER-VS-7-512-UP-B-F-EL | B57: Средство анализа защищенности «Сканер-ВС». НПЕШ.00606-01. Продление лицензии на 512 IP адресов на 1 год. Электронная поставка (рег. № 231) | C57: =C12*0.4 -> 167440 | D57: 1 | E57: =C57*D57 -> 167440 | F57: Продление ранее приобретенной лицензии ПО «Сканер-ВС» на 1 год. 1 год обновления базы уязвимостей и технической поддержки. Сертификат ФСТЭК России по 4 уровню доверия. Продление возможно в течение 2х месяцев с даты окончания лицензии. Электронная поставка.
A58: SCANER-VS-7-1024-UP-B-F-EL | B58: Средство анализа защищенности «Сканер-ВС». НПЕШ.00606-01. Продление лицензии на 1024 IP адреса на 1 год. Электронная поставка (рег. № 231) | C58: =C13*0.4 -> 293020 | D58: 1 | E58: =C58*D58 -> 293020 | F58: Продление ранее приобретенной лицензии ПО «Сканер-ВС» на 1 год. 1 год обновления базы уязвимостей и технической поддержки. Сертификат ФСТЭК России по 4 уровню доверия. Продление возможно в течение 2х месяцев с даты окончания лицензии. Электронная поставка.
A59: SCANER-VS-7-2048-UP-B-F-EL | B59: Средство анализа защищенности «Сканер-ВС». НПЕШ.00606-01. Продление лицензии на 2048 IP-адресов на 1 год. Электронная поставка (рег. № 231) | C59: =C14*0.4 -> 478400 | D59: 1 | E59: =C59*D59 -> 478400 | F59: Продление ранее приобретенной лицензии ПО «Сканер-ВС» на 1 год. 1 год обновления базы уязвимостей и технической поддержки. Сертификат ФСТЭК России по 4 уровню доверия. Продление возможно в течение 2х месяцев с даты окончания лицензии. Электронная поставка.
A60: SCANER-VS-7-4096-UP-B-F-EL | B60: Средство анализа защищенности «Сканер-ВС». НПЕШ.00606-01. Продление лицензии на 4096 IP-адресов на 1 год. Электронная поставка (рег. № 231) | C60: =C15*0.4 -> 777400 | D60: 1 | E60: =C60*D60 -> 777400 | F60: Продление ранее приобретенной лицензии ПО «Сканер-ВС» на 1 год. 1 год обновления базы уязвимостей и технической поддержки. Сертификат ФСТЭК России по 4 уровню доверия. Продление возможно в течение 2х месяцев с даты окончания лицензии. Электронная поставка.
A61: SCANER-VS-7-8192-UP-B-F-EL | B61: Средство анализа защищенности «Сканер-ВС». НПЕШ.00606-01. Продление лицензии на 8192 IP адреса на 1 год. Электронная поставка (рег. № 231) | C61: =C16*0.4 -> 1495000 | D61: 1 | E61: =C61*D61 -> 1495000 | F61: Продление ранее приобретенной лицензии ПО «Сканер-ВС» на 1 год. 1 год обновления базы уязвимостей и технической поддержки. Сертификат ФСТЭК России по 4 уровню доверия. Продление возможно в течение 2х месяцев с даты окончания лицензии. Электронная поставка.
A62: SCANER-VS-7-UNL-UP-B-F-EL | B62: Средство анализа защищенности «Сканер-ВС». НПЕШ.00606-01. Продление лицензии без ограничения IP адресов на 1 год. Электронная поставка (рег. № 231) | C62: =C17*0.4 -> 2093000 | D62: 1 | E62: =C62*D62 -> 2093000 | F62: Продление ранее приобретенной лицензии ПО «Сканер-ВС» на 1 год. 1 год обновления базы уязвимостей и технической поддержки. Сертификат ФСТЭК России по 4 уровню доверия. Продление возможно в течение 2х месяцев с даты окончания лицензии. Электронная поставка.
A63: Дополнительные IP адреса продление (без НДС)
A64: SCANER-VS-7-50-ADD-UP-B-F-EL | B64: Средство анализа защищенности «Сканер-ВС». Дополнительный IP к продлению лицензии на 1 год. Электронная поставка (1-50) | C64: =C44*0.4 -> 1440 | D64: 1 | E64: =C64*D64 -> 1440 | F64: Дополнительный IP к продлению ранее приобретенной лицензии на 1 год. Электронная поставка.
A65: SCANER-VS-7-100-ADD-UP-B-F-EL | B65: Средство анализа защищенности «Сканер-ВС». Дополнительный IP к продлению лицензии на 1 год. Электронная поставка (51-100) | C65: =C45*0.4 -> 1152 | D65: 1 | E65: =C65*D65 -> 1152 | F65: Дополнительный IP к продлению ранее приобретенной лицензии на 1 год. Электронная поставка.
A66: SCANER-VS-7-200-ADD-UP-B-F-EL | B66: Средство анализа защищенности «Сканер-ВС». Дополнительный IP к продлению лицензии на 1 год. Электронная поставка (101-200) | C66: =C46*0.4 -> 864 | D66: 1 | E66: =C66*D66 -> 864 | F66: Дополнительный IP к продлению ранее приобретенной лицензии на 1 год. Электронная поставка.
A67: SCANER-VS-7-500-ADD-UP-B-F-EL | B67: Средство анализа защищенности «Сканер-ВС». Дополнительный IP к продлению лицензии на 1 год. Электронная поставка (201-500) | C67: =C47*0.4 -> 576 | D67: 1 | E67: =C67*D67 -> 576 | F67: Дополнительный IP к продлению ранее приобретенной лицензии на 1 год. Электронная поставка.
A68: МИГРАЦИЯ (переход с конкурирующих решений)*
A69: Основные лицензии (без НДС)
A70: SCANER-VS-7-04-B-F-ELX-4UD-B-F-EL | B70: Средство анализа защищенности «Сканер-ВС». НПЕШ.00606-01. Лицензия на 4 IP адреса на 1 год при переходе с других средств тестирования. Электронная поставка (рег. № 231) | C70: =ROUNDUP(C5/2,0.1) -> 9488 | D70: 1 | E70: =C70*D70 -> 9488 | F70: Лицензия ПО «Сканер-ВС» на 1 год. 1 год обновления базы уязвимостей и технической поддержки при переходе с других средств тестирования. Сертификат ФСТЭК России по 4 уровню доверия. Электронная поставка.
A71: SCANER-VS-7-08-B-F-ELX-4UD-B-F-EL | B71: Средство анализа защищенности «Сканер-ВС». НПЕШ.00606-01. Лицензия на 8 IP адресов на 1 год при переходе с других средств тестирования. Электронная поставка (рег. № 231) | C71: =ROUNDUP(C6/2,0.1) -> 15813 | D71: 1 | E71: =C71*D71 -> 15813 | F71: Лицензия ПО «Сканер-ВС» на 1 год. 1 год обновления базы уязвимостей и технической поддержки при переходе с других средств тестирования. Сертификат ФСТЭК России по 4 уровню доверия. Электронная поставка.
A72: SCANER-VS-7-16-B-F-ELX-4UD-B-F-EL | B72: Средство анализа защищенности «Сканер-ВС». НПЕШ.00606-01. Лицензия на 16 IP адресов на 1 год при переходе с других средств тестирования. Электронная поставка (рег. № 231) | C72: =ROUNDUP(C7/2,0.1) -> 31050 | D72: 1 | E72: =C72*D72 -> 31050 | F72: Лицензия ПО «Сканер-ВС» на 1 год. 1 год обновления базы уязвимостей и технической поддержки при переходе с других средств тестирования. Сертификат ФСТЭК России по 4 уровню доверия. Электронная поставка.
A73: SCANER-VS-7-32-B-F-ELX-4UD-B-F-EL | B73: Средство анализа защищенности «Сканер-ВС». НПЕШ.00606-01. Лицензия на 32 IP адреса на 1 год при переходе с других средств тестирования. Электронная поставка (рег. № 231) | C73: =ROUNDUP(C8/2,0.1) -> 44850 | D73: 1 | E73: =C73*D73 -> 44850 | F73: Лицензия ПО «Сканер-ВС» на 1 год. 1 год обновления базы уязвимостей и технической поддержки при переходе с других средств тестирования. Сертификат ФСТЭК России по 4 уровню доверия. Электронная поставка.
A74: SCANER-VS-7-64-B-F-ELX-4UD-B-F-EL | B74: Средство анализа защищенности «Сканер-ВС». НПЕШ.00606-01. Лицензия на 64 IP адреса на 1 год при переходе с других средств тестирования. Электронная поставка (рег. № 231) | C74: =ROUNDUP(C9/2,0.1) -> 62100 | D74: 1 | E74: =C74*D74 -> 62100 | F74: Лицензия ПО «Сканер-ВС» на 1 год. 1 год обновления базы уязвимостей и технической поддержки при переходе с других средств тестирования. Сертификат ФСТЭК России по 4 уровню доверия. Электронная поставка.
A75: SCANER-VS-7-128-B-F-ELX-4UD-B-F-EL | B75: Средство анализа защищенности «Сканер-ВС». НПЕШ.00606-01. Лицензия на 128 IP адресов на 1 год при переходе с других средств тестирования. Электронная поставка (рег. № 231) | C75: =ROUNDUP(C10/2,0.1) -> 93438 | D75: 1 | E75: =C75*D75 -> 93438 | F75: Лицензия ПО «Сканер-ВС» на 1 год. 1 год обновления базы уязвимостей и технической поддержки при переходе с других средств тестирования. Сертификат ФСТЭК России по 4 уровню доверия. Электронная поставка.
A76: SCANER-VS-7-256-B-F-ELX-4UD-B-F-EL | B76: Средство анализа защищенности «Сканер-ВС». НПЕШ.00606-01. Лицензия на 256 IP адресов на 1 год при переходе с других средств тестирования. Электронная поставка (рег. № 231) | C76: =ROUNDUP(C11/2,0.1) -> 134550 | D76: 1 | E76: =C76*D76 -> 134550 | F76: Лицензия ПО «Сканер-ВС» на 1 год. 1 год обновления базы уязвимостей и технической поддержки при переходе с других средств тестирования. Сертификат ФСТЭК России по 4 уровню доверия. Электронная поставка.
A77: SCANER-VS-7-512-B-F-ELX-4UD-B-F-EL | B77: Средство анализа защищенности «Сканер-ВС». НПЕШ.00606-01. Лицензия на 512 IP адресов на 1 год при переходе с других средств тестирования. Электронная поставка (рег. № 231) | C77: =ROUNDUP(C12/2,0.1) -> 209300 | D77: 1 | E77: =C77*D77 -> 209300 | F77: Лицензия ПО «Сканер-ВС» на 1 год. 1 год обновления базы уязвимостей и технической поддержки при переходе с других средств тестирования. Сертификат ФСТЭК России по 4 уровню доверия. Электронная поставка.
A78: SCANER-VS-7-1024-B-F-ELX-4UD-B-F-EL | B78: Средство анализа защищенности «Сканер-ВС». НПЕШ.00606-01. Лицензия на 1024 IP адреса на 1 год при переходе с других средств тестирования. Электронная поставка (рег. № 231) | C78: =ROUNDUP(C13/2,0.1) -> 366275 | D78: 1 | E78: =C78*D78 -> 366275 | F78: Лицензия ПО «Сканер-ВС» на 1 год. 1 год обновления базы уязвимостей и технической поддержки при переходе с других средств тестирования. Сертификат ФСТЭК России по 4 уровню доверия. Электронная поставка.
A79: SCANER-VS-7-2048-B-F-ELX-4UD-B-F-EL | B79: Средство анализа защищенности «Сканер-ВС». НПЕШ.00606-01. Лицензия на 2048 IP-адресов на 1 год. Электронная поставка (рег. № 231) | C79: =ROUNDUP(C14/2,0.1) -> 598000 | D79: 1 | E79: =C79*D79 -> 598000 | F79: Лицензия ПО «Сканер-ВС» на 1 год. 1 год обновления базы уязвимостей и технической поддержки при переходе с других средств тестирования. Сертификат ФСТЭК России по 4 уровню доверия. Электронная поставка.
A80: SCANER-VS-7-4096-B-F-ELX-4UD-B-F-EL | B80: Средство анализа защищенности «Сканер-ВС». НПЕШ.00606-01. Лицензия на 4096 IP-адресов на 1 год. Электронная поставка (рег. № 231) | C80: =ROUNDUP(C15/2,0.1) -> 971750 | D80: 1 | E80: =C80*D80 -> 971750 | F80: Лицензия ПО «Сканер-ВС» на 1 год. 1 год обновления базы уязвимостей и технической поддержки при переходе с других средств тестирования. Сертификат ФСТЭК России по 4 уровню доверия. Электронная поставка.
A81: SCANER-VS-7-8192-B-F-ELX-4UD-B-F-EL | B81: Средство анализа защищенности «Сканер-ВС». НПЕШ.00606-01. Лицензия на 8192 IP адреса на 1 год. Электронная поставка (рег. № 231) | C81: =ROUNDUP(C16/2,0.1) -> 1868750 | D81: 1 | E81: =C81*D81 -> 1868750 | F81: Лицензия ПО «Сканер-ВС» на 1 год. 1 год обновления базы уязвимостей и технической поддержки при переходе с других средств тестирования. Сертификат ФСТЭК России по 4 уровню доверия. Электронная поставка.
A82: SCANER-VS-7-UNL-B-F-ELX-4UD-B-F-EL | B82: Средство анализа защищенности «Сканер-ВС». НПЕШ.00606-01. Лицензия без ограничения IP адресов на 1 год. Электронная поставка (рег. № 231) | C82: =ROUNDUP(C17/2,0.1) -> 2616250 | D82: 1 | E82: =C82*D82 -> 2616250 | F82: Лицензия ПО «Сканер-ВС» на 1 год. 1 год обновления базы уязвимостей и технической поддержки при переходе с других средств тестирования. Сертификат ФСТЭК России по 4 уровню доверия. Электронная поставка.
A83: Примечание
A84: Комплект электронной поставки: | B84: Две электронные ссылки: 1. Лицензия 2. Сертификат ТП 3. Дистрибутив и документация 4. Формуляр 5. Копия сертификата соответствия 6. Ведомость эксплуатационных документов
A85: Обновление на новые версии | B85: При "обновлении" все продукты будут получать новый серийный номер, в целях соблюдения требований Приказа ФСТЭК России от 03.04.2018 N 55 (п.п. 63,67,68)
A86: Онлайн документация | B86: https://docs.etecs.ru/scanner/

Sheet Сканер-ВС 7.0 Enterprise
A1: Средство анализа защищенности «Сканер-ВС» 7 Enterprise. Сертификат ФСТЭК
A2: Артикул | B2: Наименование | C2: Цена | D2: Количество | E2: Стоимость РРЦ | F2: Описание
A3: Основные лицензии (без НДС)
A4: SCANER-VS-7-8-E-F | B4: Программное обеспечение "Сканер-ВС". Лицензия Enterprise на 8 активов на 1 год (рег. № 231) | C4: =60000 -> 60000 | D4: 1 | E4: =D4*C4 -> 60000 | F4: Лицензия на программное обеспечение "Сканер-ВС". Лицензия Enterprise на 1 год. Обновления базы уязвимостей, технической поддержки и аудита конфигурации ОС в течение 1 года. Сертификат ФСТЭК России по 4 уровню доверия.
A5: SCANER-VS-7-16-E-F | B5: Программное обеспечение "Сканер-ВС". Лицензия Enterprise на 16 активов на 1 год (рег. № 231) | C5: =110000 -> 110000 | D5: 1 | E5: =D5*C5 -> 110000 | F5: Лицензия на программное обеспечение "Сканер-ВС". Лицензия Enterprise на 1 год. Обновления базы уязвимостей, технической поддержки и аудита конфигурации ОС в течение 1 года. Сертификат ФСТЭК России по 4 уровню доверия.
A6: SCANER-VS-7-32-E-F | B6: Программное обеспечение "Сканер-ВС". Лицензия Enterprise на 32 активов на 1 год (рег. № 231) | C6: =189000 -> 189000 | D6: 1 | E6: =D6*C6 -> 189000 | F6: Лицензия на программное обеспечение "Сканер-ВС". Лицензия Enterprise на 1 год. Обновления базы уязвимостей, технической поддержки и аудита конфигурации ОС в течение 1 года. Сертификат ФСТЭК России по 4 уровню доверия.
A7: SCANER-VS-7-64-E-F | B7: Программное обеспечение "Сканер-ВС". Лицензия Enterprise на 64 активов на 1 год (рег. № 231) | C7: 274000 | D7: 1 | E7: =D7*C7 -> 274000 | F7: Лицензия на программное обеспечение "Сканер-ВС". Лицензия Enterprise на 1 год. Обновления базы уязвимостей, технической поддержки и аудита конфигурации ОС в течение 1 года. Сертификат ФСТЭК России по 4 уровню доверия.
A8: SCANER-VS-7-128-E-F | B8: Программное обеспечение "Сканер-ВС". Лицензия Enterprise на 128 активов на 1 год (рег. № 231) | C8: =386000 -> 386000 | D8: 1 | E8: =D8*C8 -> 386000 | F8: Лицензия на программное обеспечение "Сканер-ВС". Лицензия Enterprise на 1 год. Обновления базы уязвимостей, технической поддержки и аудита конфигурации ОС в течение 1 года. Сертификат ФСТЭК России по 4 уровню доверия.
A9: SCANER-VS-7-256-E-F | B9: Программное обеспечение "Сканер-ВС". Лицензия Enterprise на 256 активов на 1 год (рег. № 231) | C9: =600000*1.15 -> 690000 | D9: 1 | E9: =D9*C9 -> 690000 | F9: Лицензия на программное обеспечение "Сканер-ВС". Лицензия Enterprise на 1 год. Обновления базы уязвимостей, технической поддержки и аудита конфигурации ОС в течение 1 года. Сертификат ФСТЭК России по 4 уровню доверия.
A10: SCANER-VS-7-512-E-F | B10: Программное обеспечение "Сканер-ВС". Лицензия Enterprise на 512 активов на 1 год (рег. № 231) | C10: =1100000*1.15 -> 1265000 | D10: 1 | E10: =D10*C10 -> 1265000 | F10: Лицензия на программное обеспечение "Сканер-ВС". Лицензия Enterprise на 1 год. Обновления базы уязвимостей, технической поддержки и аудита конфигурации ОС в течение 1 года. Сертификат ФСТЭК России по 4 уровню доверия.
A11: SCANER-VS-7-1024-E-F | B11: Программное обеспечение "Сканер-ВС". Лицензия Enterprise на 1024 активов на 1 год (рег. № 231) | C11: =1600000*1.15 -> 1840000 | D11: 1 | E11: =D11*C11 -> 1840000 | F11: Лицензия на программное обеспечение "Сканер-ВС". Лицензия Enterprise на 1 год. Обновления базы уязвимостей, технической поддержки и аудита конфигурации ОС в течение 1 года. Сертификат ФСТЭК России по 4 уровню доверия.
A12: SCANER-VS-7-2048-E-F | B12: Программное обеспечение "Сканер-ВС". Лицензия Enterprise на 2048 активов на 1 год (рег. № 231) | C12: =2100000*1.15 -> 2415000 | D12: 1 | E12: =D12*C12 -> 2415000 | F12: Лицензия на программное обеспечение "Сканер-ВС". Лицензия Enterprise на 1 год. Обновления базы уязвимостей, технической поддержки и аудита конфигурации ОС в течение 1 года. Сертификат ФСТЭК России по 4 уровню доверия.
A13: SCANER-VS-7-4096-E-F | B13: Программное обеспечение "Сканер-ВС". Лицензия Enterprise на 4096 активов на 1 год (рег. № 231) | C13: ='Сканер-ВС 7.0 BASE ФСТЭК'!C14+1500000 -> 3443500 | D13: 1 | E13: =D13*C13 -> 3443500 | F13: Лицензия на программное обеспечение "Сканер-ВС". Лицензия Enterprise на 1 год. Обновления базы уязвимостей, технической поддержки и аудита конфигурации ОС в течение 1 года. Сертификат ФСТЭК России по 4 уровню доверия.
A14: SCANER-VS-7-8192-E-F | B14: Программное обеспечение "Сканер-ВС". Лицензия Enterprise на 8192 активов на 1 год (рег. № 231) | C14: ='Сканер-ВС 7.0 BASE ФСТЭК'!C15+1750000 -> 5487500 | D14: 1 | E14: =D14*C14 -> 5487500 | F14: Лицензия на программное обеспечение "Сканер-ВС". Лицензия Enterprise на 1 год. Обновления базы уязвимостей, технической поддержки и аудита конфигурации ОС в течение 1 года. Сертификат ФСТЭК России по 4 уровню доверия.
A15: SCANER-VS-7-UNL-E-F | B15: Программное обеспечение "Сканер-ВС". Лицензия Enterprise без ограничений активов на 1 год (рег. № 231) | C15: ='Сканер-ВС 7.0 BASE ФСТЭК'!C16+2000000 -> 7232500 | D15: 1 | E15: =D15*C15 -> 7232500 | F15: Лицензия на программное обеспечение "Сканер-ВС". Лицензия Enterprise на 1 год. Обновления базы уязвимостей, технической поддержки и аудита конфигурации ОС в течение 1 года. Сертификат ФСТЭК России по 4 уровню доверия.
A16: Партнерская скидка распространяется на Средство анализа защищенности «Сканер-ВС»
A17: Комплект лицензий Сканер-ВС и Astra Linux, с USB (без НДС)
A18: SCANER-VS-7-08-E-F-AL | B18: Программное обеспечение "Сканер-ВС". Лицензия Enterprise на 8 активов на 1 год c OC CH ALSE (рег. № 231) | C18: =C4+32500+10000 -> 102500 | D18: 1 | E18: =C18*D18 -> 102500 | F18: Лицензия на программное обеспечение "Сканер-ВС". Лицензия Enterprise на 1 год. Обновления базы уязвимостей, технической поддержки и аудита конфигурации ОС в течение 1 года. Сертификат ФСТЭК России по 4 уровню доверия. Лицензия OC CH ALSE, USB-накопитель 256/512 GB.
A19: SCANER-VS-7-16-E-F-AL | B19: Программное обеспечение "Сканер-ВС". Лицензия Enterprise на 16 активов на 1 год c OC CH ALSE (рег. № 231) | C19: =C5+32500+10000 -> 152500 | D19: 1 | E19: =C19*D19 -> 152500 | F19: Лицензия на программное обеспечение "Сканер-ВС". Лицензия Enterprise на 1 год. Обновления базы уязвимостей, технической поддержки и аудита конфигурации ОС в течение 1 года. Сертификат ФСТЭК России по 4 уровню доверия. Лицензия OC CH ALSE, USB-накопитель 256/512 GB.
A20: SCANER-VS-7-32-E-F-AL | B20: Программное обеспечение "Сканер-ВС". Лицензия Enterprise на 32 активов на 1 год c OC CH ALSE (рег. № 231) | C20: =C6+32500+10000 -> 231500 | D20: 1 | E20: =C20*D20 -> 231500 | F20: Лицензия на программное обеспечение "Сканер-ВС". Лицензия Enterprise на 1 год. Обновления базы уязвимостей, технической поддержки и аудита конфигурации ОС в течение 1 года. Сертификат ФСТЭК России по 4 уровню доверия. Лицензия OC CH ALSE, USB-накопитель 256/512 GB.
A21: SCANER-VS-7-64-E-F-AL | B21: Программное обеспечение "Сканер-ВС". Лицензия Enterprise на 64 активов на 1 год c OC CH ALSE (рег. № 231) | C21: =C7+32500+10000 -> 316500 | D21: 1 | E21: =C21*D21 -> 316500 | F21: Лицензия на программное обеспечение "Сканер-ВС". Лицензия Enterprise на 1 год. Обновления базы уязвимостей, технической поддержки и аудита конфигурации ОС в течение 1 года. Сертификат ФСТЭК России по 4 уровню доверия. Лицензия OC CH ALSE, USB-накопитель 256/512 GB.
A22: SCANER-VS-7-128-E-F-AL | B22: Программное обеспечение "Сканер-ВС". Лицензия Enterprise на 128 активов на 1 год c OC CH ALSE (рег. № 231) | C22: =C8+32500+10000 -> 428500 | D22: 1 | E22: =C22*D22 -> 428500 | F22: Лицензия на программное обеспечение "Сканер-ВС". Лицензия Enterprise на 1 год. Обновления базы уязвимостей, технической поддержки и аудита конфигурации ОС в течение 1 года. Сертификат ФСТЭК России по 4 уровню доверия. Лицензия OC CH ALSE, USB-накопитель 256/512 GB.
A23: SCANER-VS-7-256-E-F-AL | B23: Программное обеспечение "Сканер-ВС". Лицензия Enterprise на 256 активов на 1 год c OC CH ALSE (рег. № 231) | C23: =C9+32500+10000 -> 732500 | D23: 1 | E23: =C23*D23 -> 732500 | F23: Лицензия на программное обеспечение "Сканер-ВС". Лицензия Enterprise на 1 год. Обновления базы уязвимостей, технической поддержки и аудита конфигурации ОС в течение 1 года. Сертификат ФСТЭК России по 4 уровню доверия. Лицензия OC CH ALSE, USB-накопитель 256/512 GB.
A24: SCANER-VS-7-512-E-F-AL | B24: Программное обеспечение "Сканер-ВС". Лицензия Enterprise на 512 активов на 1 год c OC CH ALSE (рег. № 231) | C24: =C10+32500+10000 -> 1307500 | D24: 1 | E24: =C24*D24 -> 1307500 | F24: Лицензия на программное обеспечение "Сканер-ВС". Лицензия Enterprise на 1 год. Обновления базы уязвимостей, технической поддержки и аудита конфигурации ОС в течение 1 года. Сертификат ФСТЭК России по 4 уровню доверия. Лицензия OC CH ALSE, USB-накопитель 256/512 GB.
A25: SCANER-VS-7-1024-E-F-AL | B25: Программное обеспечение "Сканер-ВС". Лицензия Enterprise на 1024 активов на 1 год c OC CH ALSE (рег. № 231) | C25: =C11+32500+10000 -> 1882500 | D25: 1 | E25: =C25*D25 -> 1882500 | F25: Лицензия на программное обеспечение "Сканер-ВС". Лицензия Enterprise на 1 год. Обновления базы уязвимостей, технической поддержки и аудита конфигурации ОС в течение 1 года. Сертификат ФСТЭК России по 4 уровню доверия. Лицензия OC CH ALSE, USB-накопитель 256/512 GB.
A26: SCANER-VS-7-2048-E-F-AL | B26: Программное обеспечение "Сканер-ВС". Лицензия Enterprise на 2048 активов на 1 год c OC CH ALSE (рег. № 231) | C26: =C12+32500+10000 -> 2457500 | D26: 1 | E26: =C26*D26 -> 2457500 | F26: Лицензия на программное обеспечение "Сканер-ВС". Лицензия Enterprise на 1 год. Обновления базы уязвимостей, технической поддержки и аудита конфигурации ОС в течение 1 года. Сертификат ФСТЭК России по 4 уровню доверия. Лицензия OC CH ALSE, USB-накопитель 256/512 GB.
A27: SCANER-VS-7-4096-E-F-AL | B27: Программное обеспечение "Сканер-ВС". Лицензия Enterprise на 4096 активов на 1 год c OC CH ALSE (рег. № 231) | C27: =C13+32500+10000 -> 3486000 | D27: 1 | E27: =C27*D27 -> 3486000 | F27: Лицензия на программное обеспечение "Сканер-ВС". Лицензия Enterprise на 1 год. Обновления базы уязвимостей, технической поддержки и аудита конфигурации ОС в течение 1 года. Сертификат ФСТЭК России по 4 уровню доверия. Лицензия OC CH ALSE, USB-накопитель 256/512 GB.
A28: SCANER-VS-7-8192-E-F-AL | B28: Программное обеспечение "Сканер-ВС". Лицензия Enterprise на 8192 активов на 1 год c OC CH ALSE (рег. № 231) | C28: =C14+32500+10000 -> 5530000 | D28: 1 | E28: =C28*D28 -> 5530000 | F28: Лицензия на программное обеспечение "Сканер-ВС". Лицензия Enterprise на 1 год. Обновления базы уязвимостей, технической поддержки и аудита конфигурации ОС в течение 1 года. Сертификат ФСТЭК России по 4 уровню доверия. Лицензия OC CH ALSE, USB-накопитель 256/512 GB.
A29: SCANER-VS-7-UNL-E-F-AL | B29: Программное обеспечение "Сканер-ВС". Лицензия без ограничения IP адресов на 1 год c OC CH ALSE (рег. № 231) | C29: =C15+32500+10000 -> 7275000 | D29: 1 | E29: =C29*D29 -> 7275000 | F29: Лицензия на программное обеспечение "Сканер-ВС". Лицензия Enterprise на 1 год. Обновления базы уязвимостей, технической поддержки и аудита конфигурации ОС в течение 1 года. Сертификат ФСТЭК России по 4 уровню доверия. Лицензия OC CH ALSE, USB-накопитель 256/512 GB.
A30: Переход на Сканер-ВС 7 Enterprise ( с версии Сканер-ВС 7 Base )
A31: SCANER-VS-7-B/7-E-08-F-UPP | B31: Средство анализа защищенности «Сканер-ВС». НПЕШ.00606-01. Переход с 7-й версии Base на Enterprise. Лицензия на 8 активов (рег. № 231) | C31: =ROUNDUP((C4-'Сканер-ВС 7.0 BASE ФСТЭК'!C5)*1.1,0) -> 31213 | D31: 1 | E31: =D31*C31 -> 31213 | F31: Переход на 7 версию "Сканер-ВС Enterprise". Соответствует срокам действующей лицензии
A32: SCANER-VS-7-B/7-E-16-F-UPP | B32: Средство анализа защищенности «Сканер-ВС». НПЕШ.00606-01. Переход с 7-й версии Base на Enterprise. Лицензия на 16 активов (рег. № 231) | C32: =ROUNDUP((C5-'Сканер-ВС 7.0 BASE ФСТЭК'!C6)*1.1,0) -> 52690 | D32: 1 | E32: =D32*C32 -> 52690 | F32: Переход на 7 версию "Сканер-ВС Enterprise". Соответствует срокам действующей лицензии
A33: SCANER-VS-7-B/7-E-32-F-UPP | B33: Средство анализа защищенности «Сканер-ВС». НПЕШ.00606-01. Переход с 7-й версии Base на Enterprise. Лицензия на 32 активов (рег. № 231) | C33: =ROUNDUP((C6-'Сканер-ВС 7.0 BASE ФСТЭК'!C7)*1.1,0) -> 109230 | D33: 1 | E33: =D33*C33 -> 109230 | F33: Переход на 7 версию "Сканер-ВС Enterprise". Соответствует срокам действующей лицензии
A34: SCANER-VS-7-B/7-E-64-F-UPP | B34: Средство анализа защищенности «Сканер-ВС». НПЕШ.00606-01. Переход с 7-й версии Base на Enterprise. Лицензия на 64 активов (рег. № 231) | C34: =ROUNDUP((C7-'Сканер-ВС 7.0 BASE ФСТЭК'!C8)*1.1,0) -> 164780 | D34: 1 | E34: =D34*C34 -> 164780 | F34: Переход на 7 версию "Сканер-ВС Enterprise". Соответствует срокам действующей лицензии
A35: SCANER-VS-7-B/7-E-128-F-UPP | B35: Средство анализа защищенности «Сканер-ВС». НПЕШ.00606-01. Переход с 7-й версии Base на Enterprise. Лицензия на 128 активов (рег. № 231) | C35: =ROUNDUP((C8-'Сканер-ВС 7.0 BASE ФСТЭК'!C9)*1.1,0) -> 219038 | D35: 1 | E35: =D35*C35 -> 219038 | F35: Переход на 7 версию "Сканер-ВС Enterprise". Соответствует срокам действующей лицензии
A36: SCANER-VS-7-B/7-E-256-F-UPP | B36: Средство анализа защищенности «Сканер-ВС». НПЕШ.00606-01. Переход с 7-й версии Base на Enterprise. Лицензия на 256 активов (рег. № 231) | C36: =ROUNDUP((C9-'Сканер-ВС 7.0 BASE ФСТЭК'!C10)*1.1,0) -> 462990 | D36: 1 | E36: =D36*C36 -> 462990 | F36: Переход на 7 версию "Сканер-ВС Enterprise". Соответствует срокам действующей лицензии
A37: SCANER-VS-7-B/7-E-512-F-UPP | B37: Средство анализа защищенности «Сканер-ВС». НПЕШ.00606-01. Переход с 7-й версии Base на Enterprise. Лицензия на 512 активов (рег. № 231) | C37: =ROUNDUP((C10-'Сканер-ВС 7.0 BASE ФСТЭК'!C11)*1.1,0) -> 931040 | D37: 1 | E37: =D37*C37 -> 931040 | F37: Переход на 7 версию "Сканер-ВС Enterprise". Соответствует срокам действующей лицензии
A38: SCANER-VS-7-B/7-E-1024-F-UPP | B38: Средство анализа защищенности «Сканер-ВС». НПЕШ.00606-01. Переход с 7-й версии Base на Enterprise. Лицензия на 1024 активов (рег. № 231) | C38: =ROUNDUP((C11-'Сканер-ВС 7.0 BASE ФСТЭК'!C12)*1.1,0) -> 1218195 | D38: 1 | E38: =D38*C38 -> 1218195 | F38: Переход на 7 версию "Сканер-ВС Enterprise". Соответствует срокам действующей лицензии
A39: SCANER-VS-7-B/7-E-2048-F-UPP | B39: Средство анализа защищенности «Сканер-ВС». НПЕШ.00606-01. Переход с 7-й версии Base на Enterprise. Лицензия на 2048 активов (рег. № 231) | C39: =ROUNDUP((C12-'Сканер-ВС 7.0 BASE ФСТЭК'!C13)*1.1,0) -> 1340900 | D39: 1 | E39: =D39*C39 -> 1340900 | F39: Переход на 7 версию "Сканер-ВС Enterprise". Соответствует срокам действующей лицензии
A40: SCANER-VS-7-B/7-E-4096-F-UPP | B40: Средство анализа защищенности «Сканер-ВС». НПЕШ.00606-01. Переход с 7-й версии Base на Enterprise. Лицензия на 4096 активов (рег. № 231) | C40: =ROUNDUP((C13-'Сканер-ВС 7.0 BASE ФСТЭК'!C14)*1.1,0) -> 1650000 | D40: 1 | E40: =D40*C40 -> 1650000 | F40: Переход на 7 версию "Сканер-ВС Enterprise". Соответствует срокам действующей лицензии
A41: SCANER-VS-7-B/7-E-8192-F-UPP | B41: Средство анализа защищенности «Сканер-ВС». НПЕШ.00606-01. Переход с 7-й версии Base на Enterprise. Лицензия на 8192 активов (рег. № 231) | C41: =ROUNDUP((C14-'Сканер-ВС 7.0 BASE ФСТЭК'!C15)*1.1,0) -> 1925000 | D41: 1 | E41: =D41*C41 -> 1925000 | F41: Переход на 7 версию "Сканер-ВС Enterprise". Соответствует срокам действующей лицензии
A42: SCANER-VS-7-B/7-E-UNL-F-UPP | B42: Средство анализа защищенности «Сканер-ВС». НПЕШ.00606-01. Переход с 7-й версии Base на Enterprise. Лицензия без ограничения по количеству активов (рег. № 231) | C42: =ROUNDUP((C15-'Сканер-ВС 7.0 BASE ФСТЭК'!C16)*1.1,0) -> 2200000 | D42: 1 | E42: =D42*C42 -> 2200000 | F42: Переход на 7 версию "Сканер-ВС Enterprise". Соответствует срокам действующей лицензии
A43: Дополнительные IP адреса (без НДС)
A44: SCANER-VS-7-50-ADD-E-F | B44: Программное обеспечение "Сканер-ВС Enterprise". Дополнительные активы к лицензии на 1 год (1-50) | C44: =7000*1.2 -> 8400 | D44: 1 | E44: =D44*C44 -> 8400 | F44: Дополнительные активы к лицензии на 1 год
A45: SCANER-VS-7-100-ADD-E-F | B45: Программное обеспечение "Сканер-ВС Enterprise". Дополнительные активы к лицензии на 1 год (51-100) | C45: =6000*1.2 -> 7200 | D45: 1 | E45: =D45*C45 -> 7200 | F45: Дополнительные активы к лицензии на 1 год
A46: SCANER-VS-7-200-ADD-E-F | B46: Программное обеспечение "Сканер-ВС Enterprise". Дополнительные активы к лицензии на 1 год (101-200) | C46: =5000*1.2 -> 6000 | D46: 1 | E46: =D46*C46 -> 6000 | F46: Дополнительные активы к лицензии на 1 год
A47: SCANER-VS-7-500-ADD-E-F | B47: Программное обеспечение "Сканер-ВС Enterprise". Дополнительные активы к лицензии на 1 год (201-500) | C47: 4800 | D47: 1 | E47: =D47*C47 -> 4800 | F47: Дополнительные активы к лицензии на 1 год
A48: ПРОДЛЕНИЕ
A49: Основные лицензии (без НДС)
A50: SCANER-VS-7-8-UP-E-F | B50: Программное средство "Сканер-ВС". Продление лицензии Enterprise на 8 активов на 1 год (рег. № 231) | C50: =C4*0.4 -> 24000 | D50: 1 | E50: =D50*C50 -> 24000 | F50: Продление ранее приобретенной лицензии программного обеспечения "Сканер-ВС". Лицензия Enterprise на 1 год. Обновление базы уязвимостей, технической поддержки и аудита конфигурации ОС. Сертификат ФСТЭК России по 4 уровню доверия.
A51: SCANER-VS-7-16-UP-E-F | B51: Программное средство "Сканер-ВС". Продление лицензии Enterprise на 16 активов на 1 год (рег. № 231) | C51: =C5*0.4 -> 44000 | D51: 1 | E51: =D51*C51 -> 44000 | F51: Продление ранее приобретенной лицензии программного обеспечения "Сканер-ВС". Лицензия Enterprise на 1 год. Обновление базы уязвимостей, технической поддержки и аудита конфигурации ОС. Сертификат ФСТЭК России по 4 уровню доверия.
A52: SCANER-VS-7-32-UP-E-F | B52: Программное средство "Сканер-ВС". Продление лицензии Enterprise на 32 активов на 1 год (рег. № 231) | C52: =C6*0.4 -> 75600 | D52: 1 | E52: =D52*C52 -> 75600 | F52: Продление ранее приобретенной лицензии программного обеспечения "Сканер-ВС". Лицензия Enterprise на 1 год. Обновление базы уязвимостей, технической поддержки и аудита конфигурации ОС. Сертификат ФСТЭК России по 4 уровню доверия.
A53: SCANER-VS-7-64-UP-E-F | B53: Программное средство "Сканер-ВС". Продление лицензии Enterprise на 64 активов на 1 год (рег. № 231) | C53: =C7*0.4 -> 109600 | D53: 1 | E53: =D53*C53 -> 109600 | F53: Продление ранее приобретенной лицензии программного обеспечения "Сканер-ВС". Лицензия Enterprise на 1 год. Обновление базы уязвимостей, технической поддержки и аудита конфигурации ОС. Сертификат ФСТЭК России по 4 уровню доверия.
A54: SCANER-VS-7-128-UP-E-F | B54: Программное средство "Сканер-ВС". Продление лицензии Enterprise на 128 активов на 1 год (рег. № 231) | C54: =C8*0.4 -> 154400 | D54: 1 | E54: =D54*C54 -> 154400 | F54: Продление ранее приобретенной лицензии программного обеспечения "Сканер-ВС". Лицензия Enterprise на 1 год. Обновление базы уязвимостей, технической поддержки и аудита конфигурации ОС. Сертификат ФСТЭК России по 4 уровню доверия.
A55: SCANER-VS-7-256-UP-E-F | B55: Программное средство "Сканер-ВС". Продление лицензии Enterprise на 256 активов на 1 год (рег. № 231) | C55: =C9*0.4 -> 276000 | D55: 1 | E55: =D55*C55 -> 276000 | F55: Продление ранее приобретенной лицензии программного обеспечения "Сканер-ВС". Лицензия Enterprise на 1 год. Обновление базы уязвимостей, технической поддержки и аудита конфигурации ОС. Сертификат ФСТЭК России по 4 уровню доверия.
A56: SCANER-VS-7-512-UP-E-F | B56: Программное средство "Сканер-ВС". Продление лицензии Enterprise на 512 активов на 1 год (рег. № 231) | C56: =C10*0.4 -> 506000 | D56: 1 | E56: =D56*C56 -> 506000 | F56: Продление ранее приобретенной лицензии программного обеспечения "Сканер-ВС". Лицензия Enterprise на 1 год. Обновление базы уязвимостей, технической поддержки и аудита конфигурации ОС. Сертификат ФСТЭК России по 4 уровню доверия.
A57: SCANER-VS-7-1024-UP-E-F | B57: Программное средство "Сканер-ВС". Продление лицензии Enterprise на 1024 активов на 1 год (рег. № 231) | C57: =C11*0.4 -> 736000 | D57: 1 | E57: =D57*C57 -> 736000 | F57: Продление ранее приобретенной лицензии программного обеспечения "Сканер-ВС". Лицензия Enterprise на 1 год. Обновление базы уязвимостей, технической поддержки и аудита конфигурации ОС. Сертификат ФСТЭК России по 4 уровню доверия.
A58: SCANER-VS-7-2048-UP-E-F | B58: Программное средство "Сканер-ВС". Продление лицензии Enterprise на 2048 активов на 1 год (рег. № 231) | C58: =C12*0.4 -> 966000 | D58: 1 | E58: =D58*C58 -> 966000 | F58: Продление ранее приобретенной лицензии программного обеспечения "Сканер-ВС". Лицензия Enterprise на 1 год. Обновление базы уязвимостей, технической поддержки и аудита конфигурации ОС. Сертификат ФСТЭК России по 4 уровню доверия.
A59: SCANER-VS-7-4096-UP-E-F | B59: Программное средство "Сканер-ВС". Продление лицензии Enterprise на 4096 активов на 1 год (рег. № 231) | C59: =C13*0.4 -> 1377400 | D59: 1 | E59: =D59*C59 -> 1377400 | F59: Продление ранее приобретенной лицензии программного обеспечения "Сканер-ВС". Лицензия Enterprise на 1 год. Обновление базы уязвимостей, технической поддержки и аудита конфигурации ОС. Сертификат ФСТЭК России по 4 уровню доверия.
A60: SCANER-VS-7-8192-UP-E-F | B60: Программное средство "Сканер-ВС". Продление лицензии Enterprise на 8192 активов на 1 год (рег. № 231) | C60: =C14*0.4 -> 2195000 | D60: 1 | E60: =D60*C60 -> 2195000 | F60: Продление ранее приобретенной лицензии программного обеспечения "Сканер-ВС". Лицензия Enterprise на 1 год. Обновление базы уязвимостей, технической поддержки и аудита конфигурации ОС. Сертификат ФСТЭК России по 4 уровню доверия.
A61: SCANER-VS-7-UNL-UP-E-F | B61: Программное средство "Сканер-ВС". Продление лицензии Enterprise без ограничения по количеству активов на 1 год (рег. № 231) | C61: =C15*0.4 -> 2893000 | D61: 1 | E61: =D61*C61 -> 2893000 | F61: Продление ранее приобретенной лицензии программного обеспечения "Сканер-ВС". Лицензия Enterprise на 1 год. Обновление базы уязвимостей, технической поддержки и аудита конфигурации ОС. Сертификат ФСТЭК России по 4 уровню доверия.
A62: Дополнительные IP адреса к продлению (без НДС)
A63: SCANER-VS-7-50-ADD-UP-E-F | B63: Программное обеспечение "Сканер-ВС Enterprise". Дополнительные активы к продлению лицензии на 1 год (1-50) | C63: =C44*0.4 -> 3360 | D63: 1 | E63: =D63*C63 -> 3360 | F63: Дополнительные активы к лицензии на 1 год
A64: SCANER-VS-7-100-ADD-UP-E-F | B64: Программное обеспечение "Сканер-ВС Enterprise". Дополнительные активы к продлению лицензии на 1 год (51-100) | C64: =C45*0.4 -> 2880 | D64: 1 | E64: =D64*C64 -> 2880 | F64: Дополнительные активы к лицензии на 1 год
A65: SCANER-VS-7-200-ADD-UP-E-F | B65: Программное обеспечение "Сканер-ВС Enterprise". Дополнительные активы к продлению лицензии на 1 год (101-200) | C65: =C46*0.4 -> 2400 | D65: 1 | E65: =D65*C65 -> 2400 | F65: Дополнительные активы к лицензии на 1 год
A66: SCANER-VS-7-500-ADD-UP-E-F | B66: Программное обеспечение "Сканер-ВС Enterprise". Дополнительные активы к продлению лицензии на 1 год (201-500) | C66: =C47*0.4 -> 1920 | D66: 1 | E66: =D66*C66 -> 1920 | F66: Дополнительные активы к лицензии на 1 год
A67: Примечание
A68: Комплект поставки Сканер-ВС 7 Enterprise: | B68: 1. Лицензия на бумажном носителе 2. Сертификат ТП на бумажном носителе 3. Упаковка 4. Носитель c дистрибутивом и документацией (4+ DVD, 256+ - USB Flash) 5. Формуляр 6. Копия сертификата соответствия 7. Ведомость эксплуатационных документов
A69: Обновление на новые версии | B69: При "обновлении" все продукты будут получать новый серийный номер, в целях соблюдения требований Приказа ФСТЭК России от 03.04.2018 N 55 (п.п. 63,67,68)
A70: Онлайн документация | B70: https://docs.etecs.ru/scanner/

Sheet (Э) Сканер-ВС 7.0 Enterprise
A1: Электронная поставка - Средство анализа защищенности «Сканер-ВС» 7 Enterprise. Сертификат ФСТЭК
A2: Артикул | B2: Наименование | C2: Цена | D2: Количество | E2: Стоимость РРЦ | F2: Описание
A3: Основные лицензии (без НДС)
A4: SCANER-VS-7-8-E-F-EL | B4: Программное обеспечение "Сканер-ВС". Лицензия Enterprise на 8 активов на 1 год. Электронная поставка (рег. № 231) | C4: =60000 -> 60000 | D4: 1 | E4: =D4*C4 -> 60000 | F4: Лицензия на программное обеспечение "Сканер-ВС". Лицензия Enterprise на 1 год. Обновления базы уязвимостей, технической поддержки и аудита конфигурации ОС в течение 1 года. Сертификат ФСТЭК России по 4 уровню доверия. Электронная поставка.
A5: SCANER-VS-7-16-E-F-EL | B5: Программное обеспечение "Сканер-ВС". Лицензия Enterprise на 16 активов на 1 год. Электронная поставка (рег. № 231) | C5: =110000 -> 110000 | D5: 1 | E5: =D5*C5 -> 110000 | F5: Лицензия на программное обеспечение "Сканер-ВС". Лицензия Enterprise на 1 год. Обновления базы уязвимостей, технической поддержки и аудита конфигурации ОС в течение 1 года. Сертификат ФСТЭК России по 4 уровню доверия. Электронная поставка.
A6: SCANER-VS-7-32-E-F-EL | B6: Программное обеспечение "Сканер-ВС". Лицензия Enterprise на 32 активов на 1 год. Электронная поставка (рег. № 231) | C6: =189000 -> 189000 | D6: 1 | E6: =D6*C6 -> 189000 | F6: Лицензия на программное обеспечение "Сканер-ВС". Лицензия Enterprise на 1 год. Обновления базы уязвимостей, технической поддержки и аудита конфигурации ОС в течение 1 года. Сертификат ФСТЭК России по 4 уровню доверия. Электронная поставка.
A7: SCANER-VS-7-64-E-F-EL | B7: Программное обеспечение "Сканер-ВС". Лицензия Enterprise на 64 активов на 1 год. Электронная поставка (рег. № 231) | C7: 274000 | D7: 1 | E7: =D7*C7 -> 274000 | F7: Лицензия на программное обеспечение "Сканер-ВС". Лицензия Enterprise на 1 год. Обновления базы уязвимостей, технической поддержки и аудита конфигурации ОС в течение 1 года. Сертификат ФСТЭК России по 4 уровню доверия. Электронная поставка.
A8: SCANER-VS-7-128-E-F-EL | B8: Программное обеспечение "Сканер-ВС". Лицензия Enterprise на 128 активов на 1 год. Электронная поставка (рег. № 231) | C8: =386000 -> 386000 | D8: 1 | E8: =D8*C8 -> 386000 | F8: Лицензия на программное обеспечение "Сканер-ВС". Лицензия Enterprise на 1 год. Обновления базы уязвимостей, технической поддержки и аудита конфигурации ОС в течение 1 года. Сертификат ФСТЭК России по 4 уровню доверия. Электронная поставка.
A9: SCANER-VS-7-256-E-F-EL | B9: Программное обеспечение "Сканер-ВС". Лицензия Enterprise на 256 активов на 1 год. Электронная поставка (рег. № 231) | C9: =600000*1.15 -> 690000 | D9: 1 | E9: =D9*C9 -> 690000 | F9: Лицензия на программное обеспечение "Сканер-ВС". Лицензия Enterprise на 1 год. Обновления базы уязвимостей, технической поддержки и аудита конфигурации ОС в течение 1 года. Сертификат ФСТЭК России по 4 уровню доверия. Электронная поставка.
A10: SCANER-VS-7-512-E-F-EL | B10: Программное обеспечение "Сканер-ВС". Лицензия Enterprise на 512 активов на 1 год. Электронная поставка (рег. № 231) | C10: =1100000*1.15 -> 1265000 | D10: 1 | E10: =D10*C10 -> 1265000 | F10: Лицензия на программное обеспечение "Сканер-ВС". Лицензия Enterprise на 1 год. Обновления базы уязвимостей, технической поддержки и аудита конфигурации ОС в течение 1 года. Сертификат ФСТЭК России по 4 уровню доверия. Электронная поставка.
A11: SCANER-VS-7-1024-E-F-EL | B11: Программное обеспечение "Сканер-ВС". Лицензия Enterprise на 1024 активов на 1 год. Электронная поставка (рег. № 231) | C11: =1600000*1.15 -> 1840000 | D11: 1 | E11: =D11*C11 -> 1840000 | F11: Лицензия на программное обеспечение "Сканер-ВС". Лицензия Enterprise на 1 год. Обновления базы уязвимостей, технической поддержки и аудита конфигурации ОС в течение 1 года. Сертификат ФСТЭК России по 4 уровню доверия. Электронная поставка.
A12: SCANER-VS-7-2048-E-F-EL | B12: Программное обеспечение "Сканер-ВС". Лицензия Enterprise на 2048 активов на 1 год. Электронная поставка (рег. № 231) | C12: =2100000*1.15 -> 2415000 | D12: 1 | E12: =D12*C12 -> 2415000 | F12: Лицензия на программное обеспечение "Сканер-ВС". Лицензия Enterprise на 1 год. Обновления базы уязвимостей, технической поддержки и аудита конфигурации ОС в течение 1 года. Сертификат ФСТЭК России по 4 уровню доверия. Электронная поставка.
A13: SCANER-VS-7-4096-E-F-EL | B13: Программное обеспечение "Сканер-ВС". Лицензия Enterprise на 4096 активов на 1 год. Электронная поставка (рег. № 231) | C13: ='Сканер-ВС 7.0 BASE ФСТЭК'!C14+1500000 -> 3443500 | D13: 1 | E13: =D13*C13 -> 3443500 | F13: Лицензия на программное обеспечение "Сканер-ВС". Лицензия Enterprise на 1 год. Обновления базы уязвимостей, технической поддержки и аудита конфигурации ОС в течение 1 года. Сертификат ФСТЭК России по 4 уровню доверия. Электронная поставка.
A14: SCANER-VS-7-8192-E-F-EL | B14: Программное обеспечение "Сканер-ВС". Лицензия Enterprise на 8192 активов на 1 год. Электронная поставка (рег. № 231) | C14: ='Сканер-ВС 7.0 BASE ФСТЭК'!C15+1750000 -> 5487500 | D14: 1 | E14: =D14*C14 -> 5487500 | F14: Лицензия на программное обеспечение "Сканер-ВС". Лицензия Enterprise на 1 год. Обновления базы уязвимостей, технической поддержки и аудита конфигурации ОС в течение 1 года. Сертификат ФСТЭК России по 4 уровню доверия. Электронная поставка.
A15: SCANER-VS-7-UNL-E-F-EL | B15: Программное обеспечение "Сканер-ВС". Лицензия Enterprise без ограничений активов на 1 год. Электронная поставка (рег. № 231) | C15: ='Сканер-ВС 7.0 BASE ФСТЭК'!C16+2000000 -> 7232500 | D15: 1 | E15: =D15*C15 -> 7232500 | F15: Лицензия на программное обеспечение "Сканер-ВС". Лицензия Enterprise на 1 год. Обновления базы уязвимостей, технической поддержки и аудита конфигурации ОС в течение 1 года. Сертификат ФСТЭК России по 4 уровню доверия. Электронная поставка.
A16: Переход на Сканер-ВС 7 Enterprise ( с версии Сканер-ВС 7 Base )
A17: SCANER-VS-7-B/7-E-08-F-UPP-EL | B17: Средство анализа защищенности «Сканер-ВС». НПЕШ.00606-01. Переход с 7-й версии Base на Enterprise. Лицензия на 8 активов. Электронная поставка (рег. № 231) | C17: =ROUNDUP((C4-'Сканер-ВС 7.0 BASE ФСТЭК'!C5)*1.1,0) -> 31213 | D17: 1 | E17: =D17*C17 -> 31213 | F17: Переход на 7 версию "Сканер-ВС Enterprise". Соответствует срокам действующей лицензии. Электронная поставка.
A18: SCANER-VS-7-B/7-E-16-F-UPP-EL | B18: Средство анализа защищенности «Сканер-ВС». НПЕШ.00606-01. Переход с 7-й версии Base на Enterprise. Лицензия на 16 активов. Электронная поставка (рег. № 231) | C18: =ROUNDUP((C5-'Сканер-ВС 7.0 BASE ФСТЭК'!C6)*1.1,0) -> 52690 | D18: 1 | E18: =D18*C18 -> 52690 | F18: Переход на 7 версию "Сканер-ВС Enterprise". Соответствует срокам действующей лицензии. Электронная поставка.
A19: SCANER-VS-7-B/7-E-32-F-UPP-EL | B19: Средство анализа защищенности «Сканер-ВС». НПЕШ.00606-01. Переход с 7-й версии Base на Enterprise. Лицензия на 32 активов. Электронная поставка (рег. № 231) | C19: =ROUNDUP((C6-'Сканер-ВС 7.0 BASE ФСТЭК'!C7)*1.1,0) -> 109230 | D19: 1 | E19: =D19*C19 -> 109230 | F19: Переход на 7 версию "Сканер-ВС Enterprise". Соответствует срокам действующей лицензии. Электронная поставка.
A20: SCANER-VS-7-B/7-E-64-F-UPP-EL | B20: Средство анализа защищенности «Сканер-ВС». НПЕШ.00606-01. Переход с 7-й версии Base на Enterprise. Лицензия на 64 активов. Электронная поставка (рег. № 231) | C20: =ROUNDUP((C7-'Сканер-ВС 7.0 BASE ФСТЭК'!C8)*1.1,0) -> 164780 | D20: 1 | E20: =D20*C20 -> 164780 | F20: Переход на 7 версию "Сканер-ВС Enterprise". Соответствует срокам действующей лицензии. Электронная поставка.
A21: SCANER-VS-7-B/7-E-128-F-UPP-EL | B21: Средство анализа защищенности «Сканер-ВС». НПЕШ.00606-01. Переход с 7-й версии Base на Enterprise. Лицензия на 128 активов. Электронная поставка (рег. № 231) | C21: =ROUNDUP((C8-'Сканер-ВС 7.0 BASE ФСТЭК'!C9)*1.1,0) -> 219038 | D21: 1 | E21: =D21*C21 -> 219038 | F21: Переход на 7 версию "Сканер-ВС Enterprise". Соответствует срокам действующей лицензии. Электронная поставка.
A22: SCANER-VS-7-B/7-E-256-F-UPP-EL | B22: Средство анализа защищенности «Сканер-ВС». НПЕШ.00606-01. Переход с 7-й версии Base на Enterprise. Лицензия на 256 активов. Электронная поставка (рег. № 231) | C22: =ROUNDUP((C9-'Сканер-ВС 7.0 BASE ФСТЭК'!C10)*1.1,0) -> 462990 | D22: 1 | E22: =D22*C22 -> 462990 | F22: Переход на 7 версию "Сканер-ВС Enterprise". Соответствует срокам действующей лицензии. Электронная поставка.
A23: SCANER-VS-7-B/7-E-512-F-UPP-EL | B23: Средство анализа защищенности «Сканер-ВС». НПЕШ.00606-01. Переход с 7-й версии Base на Enterprise. Лицензия на 512 активов. Электронная поставка (рег. № 231) | C23: =ROUNDUP((C10-'Сканер-ВС 7.0 BASE ФСТЭК'!C11)*1.1,0) -> 931040 | D23: 1 | E23: =D23*C23 -> 931040 | F23: Переход на 7 версию "Сканер-ВС Enterprise". Соответствует срокам действующей лицензии. Электронная поставка.
A24: SCANER-VS-7-B/7-E-1024-F-UPP-EL | B24: Средство анализа защищенности «Сканер-ВС». НПЕШ.00606-01. Переход с 7-й версии Base на Enterprise. Лицензия на 1024 активов. Электронная поставка (рег. № 231) | C24: =ROUNDUP((C11-'Сканер-ВС 7.0 BASE ФСТЭК'!C12)*1.1,0) -> 1218195 | D24: 1 | E24: =D24*C24 -> 1218195 | F24: Переход на 7 версию "Сканер-ВС Enterprise". Соответствует срокам действующей лицензии. Электронная поставка.
A25: SCANER-VS-7-B/7-E-2048-F-UPP-EL | B25: Средство анализа защищенности «Сканер-ВС». НПЕШ.00606-01. Переход с 7-й версии Base на Enterprise. Лицензия на 2048 активов. Электронная поставка (рег. № 231) | C25: =ROUNDUP((C12-'Сканер-ВС 7.0 BASE ФСТЭК'!C13)*1.1,0) -> 1340900 | D25: 1 | E25: =D25*C25 -> 1340900 | F25: Переход на 7 версию "Сканер-ВС Enterprise". Соответствует срокам действующей лицензии. Электронная поставка.
A26: SCANER-VS-7-B/7-E-4096-F-UPP-EL | B26: Средство анализа защищенности «Сканер-ВС». НПЕШ.00606-01. Переход с 7-й версии Base на Enterprise. Лицензия на 4096 активов. Электронная поставка (рег. № 231) | C26: =ROUNDUP((C13-'Сканер-ВС 7.0 BASE ФСТЭК'!C14)*1.1,0) -> 1650000 | D26: 1 | E26: =D26*C26 -> 1650000 | F26: Переход на 7 версию "Сканер-ВС Enterprise". Соответствует срокам действующей лицензии. Электронная поставка.
A27: SCANER-VS-7-B/7-E-8192-F-UPP-EL | B27: Средство анализа защищенности «Сканер-ВС». НПЕШ.00606-01. Переход с 7-й версии Base на Enterprise. Лицензия на 8192 активов. Электронная поставка (рег. № 231) | C27: =ROUNDUP((C14-'Сканер-ВС 7.0 BASE ФСТЭК'!C15)*1.1,0) -> 1925000 | D27: 1 | E27: =D27*C27 -> 1925000 | F27: Переход на 7 версию "Сканер-ВС Enterprise". Соответствует срокам действующей лицензии. Электронная поставка.
A28: SCANER-VS-7-B/7-E-UNL-F-UPP-EL | B28: Средство анализа защищенности «Сканер-ВС». НПЕШ.00606-01. Переход с 7-й версии Base на Enterprise. Лицензия без ограничения по количеству активов. Электронная поставка (рег. № 231) | C28: =ROUNDUP((C15-'Сканер-ВС 7.0 BASE ФСТЭК'!C16)*1.1,0) -> 2200000 | D28: 1 | E28: =D28*C28 -> 2200000 | F28: Переход на 7 версию "Сканер-ВС Enterprise". Соответствует срокам действующей лицензии. Электронная поставка.
A29: Дополнительные IP адреса (без НДС)
A30: SCANER-VS-7-50-ADD-E-F-EL | B30: Программное обеспечение "Сканер-ВС Enterprise". Дополнительные активы к лицензии на 1 год. Электронная поставка (1-50) | C30: =7000*1.2 -> 8400 | D30: 1 | E30: =D30*C30 -> 8400 | F30: Дополнительные активы к лицензии на 1 год. Электронная поставка.
A31: SCANER-VS-7-100-ADD-E-F-EL | B31: Программное обеспечение "Сканер-ВС Enterprise". Дополнительные активы к лицензии на 1 год. Электронная поставка (51-100) | C31: =6000*1.2 -> 7200 | D31: 1 | E31: =D31*C31 -> 7200 | F31: Дополнительные активы к лицензии на 1 год. Электронная поставка.
A32: SCANER-VS-7-200-ADD-E-F-EL | B32: Программное обеспечение "Сканер-ВС Enterprise". Дополнительные активы к лицензии на 1 год. Электронная поставка (101-200) | C32: =5000*1.2 -> 6000 | D32: 1 | E32: =D32*C32 -> 6000 | F32: Дополнительные активы к лицензии на 1 год. Электронная поставка.
A33: SCANER-VS-7-500-ADD-E-F-EL | B33: Программное обеспечение "Сканер-ВС Enterprise". Дополнительные активы к лицензии на 1 год. Электронная поставка (201-500) | C33: 4800 | D33: 1 | E33: =D33*C33 -> 4800 | F33: Дополнительные активы к лицензии на 1 год. Электронная поставка.
A34: ПРОДЛЕНИЕ
A35: Основные лицензии (без НДС)
A36: SCANER-VS-7-8-UP-E-F-EL | B36: Программное средство "Сканер-ВС". Продление лицензии Enterprise на 8 активов на 1 год. Электронная поставка (рег. № 231) | C36: =C4*0.4 -> 24000 | D36: 1 | E36: =D36*C36 -> 24000 | F36: Продление ранее приобретенной лицензии программного обеспечения "Сканер-ВС". Лицензия Enterprise на 1 год. Обновление базы уязвимостей, технической поддержки и аудита конфигурации ОС. Сертификат ФСТЭК России по 4 уровню доверия. Электронная поставка.
A37: SCANER-VS-7-16-UP-E-F-EL | B37: Программное средство "Сканер-ВС". Продление лицензии Enterprise на 16 активов на 1 год. Электронная поставка (рег. № 231) | C37: =C5*0.4 -> 44000 | D37: 1 | E37: =D37*C37 -> 44000 | F37: Продление ранее приобретенной лицензии программного обеспечения "Сканер-ВС". Лицензия Enterprise на 1 год. Обновление базы уязвимостей, технической поддержки и аудита конфигурации ОС. Сертификат ФСТЭК России по 4 уровню доверия. Электронная поставка.
A38: SCANER-VS-7-32-UP-E-F-EL | B38: Программное средство "Сканер-ВС". Продление лицензии Enterprise на 32 активов на 1 год. Электронная поставка (рег. № 231) | C38: =C6*0.4 -> 75600 | D38: 1 | E38: =D38*C38 -> 75600 | F38: Продление ранее приобретенной лицензии программного обеспечения "Сканер-ВС". Лицензия Enterprise на 1 год. Обновление базы уязвимостей, технической поддержки и аудита конфигурации ОС. Сертификат ФСТЭК России по 4 уровню доверия. Электронная поставка.
A39: SCANER-VS-7-64-UP-E-F-EL | B39: Программное средство "Сканер-ВС". Продление лицензии Enterprise на 64 активов на 1 год. Электронная поставка (рег. № 231) | C39: =C7*0.4 -> 109600 | D39: 1 | E39: =D39*C39 -> 109600 | F39: Продление ранее приобретенной лицензии программного обеспечения "Сканер-ВС". Лицензия Enterprise на 1 год. Обновление базы уязвимостей, технической поддержки и аудита конфигурации ОС. Сертификат ФСТЭК России по 4 уровню доверия. Электронная поставка.
A40: SCANER-VS-7-128-UP-E-F-EL | B40: Программное средство "Сканер-ВС". Продление лицензии Enterprise на 128 активов на 1 год. Электронная поставка (рег. № 231) | C40: =C8*0.4 -> 154400 | D40: 1 | E40: =D40*C40 -> 154400 | F40: Продление ранее приобретенной лицензии программного обеспечения "Сканер-ВС". Лицензия Enterprise на 1 год. Обновление базы уязвимостей, технической поддержки и аудита конфигурации ОС. Сертификат ФСТЭК России по 4 уровню доверия. Электронная поставка.
A41: SCANER-VS-7-256-UP-E-F-EL | B41: Программное средство "Сканер-ВС". Продление лицензии Enterprise на 256 активов на 1 год. Электронная поставка (рег. № 231) | C41: =C9*0.4 -> 276000 | D41: 1 | E41: =D41*C41 -> 276000 | F41: Продление ранее приобретенной лицензии программного обеспечения "Сканер-ВС". Лицензия Enterprise на 1 год. Обновление базы уязвимостей, технической поддержки и аудита конфигурации ОС. Сертификат ФСТЭК России по 4 уровню доверия. Электронная поставка.
A42: SCANER-VS-7-512-UP-E-F-EL | B42: Программное средство "Сканер-ВС". Продление лицензии Enterprise на 512 активов на 1 год. Электронная поставка (рег. № 231) | C42: =C10*0.4 -> 506000 | D42: 1 | E42: =D42*C42 -> 506000 | F42: Продление ранее приобретенной лицензии программного обеспечения "Сканер-ВС". Лицензия Enterprise на 1 год. Обновление базы уязвимостей, технической поддержки и аудита конфигурации ОС. Сертификат ФСТЭК России по 4 уровню доверия. Электронная поставка.
A43: SCANER-VS-7-1024-UP-E-F-EL | B43: Программное средство "Сканер-ВС". Продление лицензии Enterprise на 1024 активов на 1 год. Электронная поставка (рег. № 231) | C43: =C11*0.4 -> 736000 | D43: 1 | E43: =D43*C43 -> 736000 | F43: Продление ранее приобретенной лицензии программного обеспечения "Сканер-ВС". Лицензия Enterprise на 1 год. Обновление базы уязвимостей, технической поддержки и аудита конфигурации ОС. Сертификат ФСТЭК России по 4 уровню доверия. Электронная поставка.
A44: SCANER-VS-7-2048-UP-E-F-EL | B44: Программное средство "Сканер-ВС". Продление лицензии Enterprise на 2048 активов на 1 год. Электронная поставка (рег. № 231) | C44: =C12*0.4 -> 966000 | D44: 1 | E44: =D44*C44 -> 966000 | F44: Продление ранее приобретенной лицензии программного обеспечения "Сканер-ВС". Лицензия Enterprise на 1 год. Обновление базы уязвимостей, технической поддержки и аудита конфигурации ОС. Сертификат ФСТЭК России по 4 уровню доверия. Электронная поставка.
A45: SCANER-VS-7-4096-UP-E-F-EL | B45: Программное средство "Сканер-ВС". Продление лицензии Enterprise на 4096 активов на 1 год. Электронная поставка (рег. № 231) | C45: =C13*0.4 -> 1377400 | D45: 1 | E45: =D45*C45 -> 1377400 | F45: Продление ранее приобретенной лицензии программного обеспечения "Сканер-ВС". Лицензия Enterprise на 1 год. Обновление базы уязвимостей, технической поддержки и аудита конфигурации ОС. Сертификат ФСТЭК России по 4 уровню доверия. Электронная поставка.
A46: SCANER-VS-7-8192-UP-E-F-EL | B46: Программное средство "Сканер-ВС". Продление лицензии Enterprise на 8192 активов на 1 год. Электронная поставка (рег. № 231) | C46: =C14*0.4 -> 2195000 | D46: 1 | E46: =D46*C46 -> 2195000 | F46: Продление ранее приобретенной лицензии программного обеспечения "Сканер-ВС". Лицензия Enterprise на 1 год. Обновление базы уязвимостей, технической поддержки и аудита конфигурации ОС. Сертификат ФСТЭК России по 4 уровню доверия. Электронная поставка.
A47: SCANER-VS-7-UNL-UP-E-F-EL | B47: Программное средство "Сканер-ВС". Продление лицензии Enterprise без ограничения по количеству активов на 1 год. Электронная поставка (рег. № 231) | C47: =C15*0.4 -> 2893000 | D47: 1 | E47: =D47*C47 -> 2893000 | F47: Продление ранее приобретенной лицензии программного обеспечения "Сканер-ВС". Лицензия Enterprise на 1 год. Обновление базы уязвимостей, технической поддержки и аудита конфигурации ОС. Сертификат ФСТЭК России по 4 уровню доверия. Электронная поставка.
A48: Дополнительные IP адреса к продлению (без НДС)
A49: SCANER-VS-7-50-ADD-UP-E-F-EL | B49: Программное обеспечение "Сканер-ВС Enterprise". Дополнительные активы к продлению лицензии на 1 год. Электронная поставка (1-50) | C49: =C30*0.4 -> 3360 | D49: 1 | E49: =D49*C49 -> 3360 | F49: Дополнительные активы к лицензии на 1 год. Электронная поставка.
A50: SCANER-VS-7-100-ADD-UP-E-F-EL | B50: Программное обеспечение "Сканер-ВС Enterprise". Дополнительные активы к продлению лицензии на 1 год. Электронная поставка (51-100) | C50: =C31*0.4 -> 2880 | D50: 1 | E50: =D50*C50 -> 2880 | F50: Дополнительные активы к лицензии на 1 год. Электронная поставка.
A51: SCANER-VS-7-200-ADD-UP-E-F-EL | B51: Программное обеспечение "Сканер-ВС Enterprise". Дополнительные активы к продлению лицензии на 1 год. Электронная поставка (101-200) | C51: =C32*0.4 -> 2400 | D51: 1 | E51: =D51*C51 -> 2400 | F51: Дополнительные активы к лицензии на 1 год. Электронная поставка.
A52: SCANER-VS-7-500-ADD-UP-E-F-EL | B52: Программное обеспечение "Сканер-ВС Enterprise". Дополнительные активы к продлению лицензии на 1 год. Электронная поставка (201-500) | C52: =C33*0.4 -> 1920 | D52: 1 | E52: =D52*C52 -> 1920 | F52: Дополнительные активы к лицензии на 1 год. Электронная поставка.
A53: Примечание
A54: Комплект электронной поставки: | B54: Две электронные ссылки: 1. Лицензия 2. Сертификат ТП 3. Дистрибутив и документация 4. Формуляр 5. Копия сертификата соответствия 6. Ведомость эксплуатационных документов
A55: Обновление на новые версии | B55: При "обновлении" все продукты будут получать новый серийный номер, в целях соблюдения требований Приказа ФСТЭК России от 03.04.2018 N 55 (п.п. 63,67,68)
A56: Онлайн документация | B56: https://docs.etecs.ru/scanner/

Sheet Сканер-ВС Инспектор 7.0 ФСТЭК 
A1: Средство анализа защищенности «Сканер-ВС» 7 включает компонент "Инспектор". Сертификат ФСТЭК
A2: Артикул | B2: Наименование | C2: Цена | D2: Количество | E2: Стоимость РРЦ | F2: Описание
A3: Основные лицензии (без НДС)
A4: INSPECTOR-7-LIC-08-F | B4: Средство анализа защищенности «Сканер-ВС». Лицензия включает компонент «Инспектор», на 8 IP адресов на 1 год (рег. № 231) | C4: =58080*1.15 -> 66792 | D4: 1 | E4: =C4*D4 -> 66792 | F4: Лицензия ПО «Сканер-ВС Инспектор» на 1 год. 1 год обновления базы уязвимостей и технической поддержки. Сертификат ФСТЭК России по 4 уровню доверия.
A5: INSPECTOR-7-LIC-16-F | B5: Средство анализа защищенности «Сканер-ВС». Лицензия включает компонент «Инспектор», на 16 IP адресов на 1 год (рег. № 231) | C5: =74800*1.15 -> 86020 | D5: 1 | E5: =C5*D5 -> 86020 | F5: Лицензия ПО «Сканер-ВС Инспектор» на 1 год. 1 год обновления базы уязвимостей и технической поддержки. Сертификат ФСТЭК России по 4 уровню доверия.
A6: INSPECTOR-7-LIC-32-F | B6: Средство анализа защищенности «Сканер-ВС». Лицензия включает компонент «Инспектор», на 32 IP адреса на 1 год (рег. № 231) | C6: =105600*1.15 -> 121440 | D6: 1 | E6: =C6*D6 -> 121440 | F6: Лицензия ПО «Сканер-ВС Инспектор» на 1 год. 1 год обновления базы уязвимостей и технической поддержки. Сертификат ФСТЭК России по 4 уровню доверия.
A7: INSPECTOR-7-LIC-64-F | B7: Средство анализа защищенности «Сканер-ВС». Лицензия включает компонент «Инспектор», на 64 IP адреса на 1 год (рег. № 231) | C7: =135600*1.15 -> 155940 | D7: 1 | E7: =C7*D7 -> 155940 | F7: Лицензия ПО «Сканер-ВС Инспектор» на 1 год. 1 год обновления базы уязвимостей и технической поддержки. Сертификат ФСТЭК России по 4 уровню доверия.
A8: INSPECTOR-7-LIC-128-F | B8: Средство анализа защищенности «Сканер-ВС». Лицензия включает компонент «Инспектор», на 128 IP адресов на 1 год (рег. № 231) | C8: =192400*1.15 -> 221260 | D8: 1 | E8: =C8*D8 -> 221260 | F8: Лицензия ПО «Сканер-ВС Инспектор» на 1 год. 1 год обновления базы уязвимостей и технической поддержки. Сертификат ФСТЭК России по 4 уровню доверия.
A9: INSPECTOR-7-LIC-256-F | B9: Средство анализа защищенности «Сканер-ВС». Лицензия включает компонент «Инспектор», на 256 IP адресов на 1 год (рег. № 231) | C9: =263900*1.15 -> 303485 | D9: 1 | E9: =C9*D9 -> 303485 | F9: Лицензия ПО «Сканер-ВС Инспектор» на 1 год. 1 год обновления базы уязвимостей и технической поддержки. Сертификат ФСТЭК России по 4 уровню доверия.
A10: INSPECTOR-7-LIC-512-F | B10: Средство анализа защищенности «Сканер-ВС». Лицензия включает компонент «Инспектор», на 512 IP адресов на 1 год (рег. № 231) | C10: =393900*1.15 -> 452985 | D10: 1 | E10: =C10*D10 -> 452985 | F10: Лицензия ПО «Сканер-ВС Инспектор» на 1 год. 1 год обновления базы уязвимостей и технической поддержки. Сертификат ФСТЭК России по 4 уровню доверия.
A11: INSPECTOR-7-LIC-1024-F | B11: Средство анализа защищенности «Сканер-ВС». Лицензия включает компонент «Инспектор», на 1024 IP адреса на 1 год (рег. № 231) | C11: =666900*1.15 -> 766935 | D11: 1 | E11: =C11*D11 -> 766935 | F11: Лицензия ПО «Сканер-ВС Инспектор» на 1 год. 1 год обновления базы уязвимостей и технической поддержки. Сертификат ФСТЭК России по 4 уровню доверия.
A12: INSPECTOR-7-LIC-2048-F | B12: Средство анализа защищенности «Сканер-ВС». Лицензия включает компонент «Инспектор». НПЕШ.00606-01. Лицензия на 2048 IP-адресов на 1 год (рег. № 231) | C12: =1069900*1.15 -> 1230385 | D12: 1 | E12: =C12*D12 -> 1230385 | F12: Лицензия ПО «Сканер-ВС Инспектор» на 1 год. 1 год обновления базы уязвимостей и технической поддержки. Сертификат ФСТЭК России по 4 уровню доверия.
A13: INSPECTOR-7-LIC-4096-F | B13: Средство анализа защищенности «Сканер-ВС». Лицензия включает компонент «Инспектор». НПЕШ.00606-01. Лицензия на 4096 IP-адресов на 1 год (рег. № 231) | C13: =1719900*1.15 -> 1977885 | D13: 1 | E13: =C13*D13 -> 1977885 | F13: Лицензия ПО «Сканер-ВС Инспектор» на 1 год. 1 год обновления базы уязвимостей и технической поддержки. Сертификат ФСТЭК России по 4 уровню доверия.
A14: INSPECTOR-7-LIC-8192-F | B14: Средство анализа защищенности «Сканер-ВС». Лицензия включает компонент «Инспектор». НПЕШ.00606-01. Лицензия на 8192 IP адреса на 1 год (рег. № 231) | C14: =3279900*1.15 -> 3771885 | D14: 1 | E14: =C14*D14 -> 3771885 | F14: Лицензия ПО «Сканер-ВС Инспектор» на 1 год. 1 год обновления базы уязвимостей и технической поддержки. Сертификат ФСТЭК России по 4 уровню доверия.
A15: INSPECTOR-7-LIC-UNL-F | B15: Средство анализа защищенности «Сканер-ВС». Лицензия включает компонент «Инспектор». НПЕШ.00606-01. Лицензия без ограничения IP адресов на 1 год (рег. № 231) | C15: =4579900*1.15 -> 5266885 | D15: 1 | E15: =C15*D15 -> 5266885 | F15: Лицензия ПО «Сканер-ВС Инспектор» на 1 год. 1 год обновления базы уязвимостей и технической поддержки. Сертификат ФСТЭК России по 4 уровню доверия.
A16: Партнерская скидка распространяется на Средство анализа защищенности «Сканер-ВС» лицензия включает компонент «Инспектор»
A17: Комплект лицензий Сканер-ВС Инспектор и Astra Linux, с USB (без НДС)
A18: INSPECTOR-7-LIC-08-F-AL | B18: Средство анализа защищенности «Сканер-ВС». Лицензия включает компонент «Инспектор». НПЕШ.00606-01. Лицензия на 8 IP адресов на 1 год c OC CH ALSE (рег. № 231) | C18: =C4+32500 -> 99292 | D18: 1 | E18: =C18*D18 -> 99292 | F18: Лицензия ПО «Сканер-ВС Инспектор» на 1 год. 1 год обновления базы уязвимостей и технической поддержки. Сертификат ФСТЭК России по 4 уровню доверия. Лицензия OC CH ALSE, USB-накопитель 256/512 GB.
A19: INSPECTOR-7-LIC-16-F-AL | B19: Средство анализа защищенности «Сканер-ВС». Лицензия включает компонент «Инспектор». НПЕШ.00606-01. Лицензия на 16 IP адресов на 1 год c OC CH ALSE (рег. № 231) | C19: =C5+32500 -> 118520 | D19: 1 | E19: =C19*D19 -> 118520 | F19: Лицензия ПО «Сканер-ВС Инспектор» на 1 год. 1 год обновления базы уязвимостей и технической поддержки. Сертификат ФСТЭК России по 4 уровню доверия. Лицензия OC CH ALSE, USB-накопитель 256/512 GB.
A20: INSPECTOR-7-LIC-32-F-AL | B20: Средство анализа защищенности «Сканер-ВС». Лицензия включает компонент «Инспектор». НПЕШ.00606-01. Лицензия на 32 IP адреса на 1 год c OC CH ALSE (рег. № 231) | C20: =C6+32500 -> 153940 | D20: 1 | E20: =C20*D20 -> 153940 | F20: Лицензия ПО «Сканер-ВС Инспектор» на 1 год. 1 год обновления базы уязвимостей и технической поддержки. Сертификат ФСТЭК России по 4 уровню доверия. Лицензия OC CH ALSE, USB-накопитель 256/512 GB.
A21: INSPECTOR-7-LIC-64-F-AL | B21: Средство анализа защищенности «Сканер-ВС». Лицензия включает компонент «Инспектор». НПЕШ.00606-01. Лицензия на 64 IP адреса на 1 год c OC CH ALSE (рег. № 231) | C21: =C7+32500 -> 188440 | D21: 1 | E21: =C21*D21 -> 188440 | F21: Лицензия ПО «Сканер-ВС Инспектор» на 1 год. 1 год обновления базы уязвимостей и технической поддержки. Сертификат ФСТЭК России по 4 уровню доверия. Лицензия OC CH ALSE, USB-накопитель 256/512 GB.
A22: INSPECTOR-7-LIC-128-F-AL | B22: Средство анализа защищенности «Сканер-ВС». Лицензия включает компонент «Инспектор». НПЕШ.00606-01. Лицензия на 128 IP адресов на 1 год c OC CH ALSE (рег. № 231) | C22: =C8+32500 -> 253760 | D22: 1 | E22: =C22*D22 -> 253760 | F22: Лицензия ПО «Сканер-ВС Инспектор» на 1 год. 1 год обновления базы уязвимостей и технической поддержки. Сертификат ФСТЭК России по 4 уровню доверия. Лицензия OC CH ALSE, USB-накопитель 256/512 GB.
A23: INSPECTOR-7-LIC-256-F-AL | B23: Средство анализа защищенности «Сканер-ВС». Лицензия включает компонент «Инспектор». НПЕШ.00606-01. Лицензия на 256 IP адресов на 1 год c OC CH ALSE (рег. № 231) | C23: =C9+32500 -> 335985 | D23: 1 | E23: =C23*D23 -> 335985 | F23: Лицензия ПО «Сканер-ВС Инспектор» на 1 год. 1 год обновления базы уязвимостей и технической поддержки. Сертификат ФСТЭК России по 4 уровню доверия. Лицензия OC CH ALSE, USB-накопитель 256/512 GB.
A24: INSPECTOR-7-LIC-512-F-AL | B24: Средство анализа защищенности «Сканер-ВС». Лицензия включает компонент «Инспектор». НПЕШ.00606-01. Лицензия на 512 IP адресов на 1 год c OC CH ALSE (рег. № 231) | C24: =C10+32500 -> 485485 | D24: 1 | E24: =C24*D24 -> 485485 | F24: Лицензия ПО «Сканер-ВС Инспектор» на 1 год. 1 год обновления базы уязвимостей и технической поддержки. Сертификат ФСТЭК России по 4 уровню доверия. Лицензия OC CH ALSE, USB-накопитель 256/512 GB.
A25: INSPECTOR-7-LIC-1024-F-AL | B25: Средство анализа защищенности «Сканер-ВС». Лицензия включает компонент «Инспектор». НПЕШ.00606-01. Лицензия на 1024 IP адреса на 1 год c OC CH ALSE (рег. № 231) | C25: =C11+32500 -> 799435 | D25: 1 | E25: =C25*D25 -> 799435 | F25: Лицензия ПО «Сканер-ВС Инспектор» на 1 год. 1 год обновления базы уязвимостей и технической поддержки. Сертификат ФСТЭК России по 4 уровню доверия. Лицензия OC CH ALSE, USB-накопитель 256/512 GB.
A26: INSPECTOR-7-LIC-2048-F-AL | B26: Средство анализа защищенности «Сканер-ВС». Лицензия включает компонент «Инспектор». НПЕШ.00606-01. Лицензия на 2048 IP-адресов на 1 год c OC CH ALSE (рег. № 231) | C26: =C12+32500 -> 1262885 | D26: 1 | E26: =C26*D26 -> 1262885 | F26: Лицензия ПО «Сканер-ВС Инспектор» на 1 год. 1 год обновления базы уязвимостей и технической поддержки. Сертификат ФСТЭК России по 4 уровню доверия. Лицензия OC CH ALSE, USB-накопитель 256/512 GB.
A27: INSPECTOR-7-LIC-4096-F-AL | B27: Средство анализа защищенности «Сканер-ВС». Лицензия включает компонент «Инспектор». НПЕШ.00606-01. Лицензия на 4096 IP-адресов на 1 год c OC CH ALSE (рег. № 231) | C27: =C13+32500 -> 2010385 | D27: 1 | E27: =C27*D27 -> 2010385 | F27: Лицензия ПО «Сканер-ВС Инспектор» на 1 год. 1 год обновления базы уязвимостей и технической поддержки. Сертификат ФСТЭК России по 4 уровню доверия. Лицензия OC CH ALSE, USB-накопитель 256/512 GB.
A28: INSPECTOR-7-LIC-8192-F-AL | B28: Средство анализа защищенности «Сканер-ВС». Лицензия включает компонент «Инспектор». НПЕШ.00606-01. Лицензия на 8192 IP адреса на 1 год c OC CH ALSE (рег. № 231) | C28: =C14+32500 -> 3804385 | D28: 1 | E28: =C28*D28 -> 3804385 | F28: Лицензия ПО «Сканер-ВС Инспектор» на 1 год. 1 год обновления базы уязвимостей и технической поддержки. Сертификат ФСТЭК России по 4 уровню доверия. Лицензия OC CH ALSE, USB-накопитель 256/512 GB.
A29: INSPECTOR-7-LIC-UNL-F-AL | B29: Средство анализа защищенности «Сканер-ВС». Лицензия включает компонент «Инспектор». НПЕШ.00606-01. Лицензия без ограничения IP адресов на 1 год c OC CH ALSE (рег. № 231) | C29: =C15+32500 -> 5299385 | D29: 1 | E29: =C29*D29 -> 5299385 | F29: Лицензия ПО «Сканер-ВС Инспектор» на 1 год. 1 год обновления базы уязвимостей и технической поддержки. Сертификат ФСТЭК России по 4 уровню доверия. Лицензия OC CH ALSE, USB-накопитель 256/512 GB.
A30: Переход на новую версию (с 6-й на 7-ю)
A31: INSPECTOR-6/7-LIC-08-F-UPP | B31: Средство анализа защищенности «Сканер-ВС». Обновление до 7-й версии. Лицензия включает компонент «Инспектор», на 8 IP адресов (рег. № 231) | C31: =ROUNDUP(C4*0.2,0.1) -> 13359 | D31: 1 | E31: =C31*D31 -> 13359 | F31: Переход на 7 версию "Сканер-ВС Инспектор". *переход возможен не ранее 3-х месяцев после приобретения версии Сканер-ВС 6.0. В стоимость не входит стоимость ОС Astra LinuX SE Соответствует срокам действующей лицензии
A32: INSPECTOR-6/7-LIC-16-F-UPP | B32: Средство анализа защищенности «Сканер-ВС». Обновление до 7-й версии. Лицензия включает компонент «Инспектор», на 16 IP адресов (рег. № 231) | C32: =ROUNDUP(C5*0.2,0.1) -> 17204 | D32: 1 | E32: =C32*D32 -> 17204 | F32: Переход на 7 версию "Сканер-ВС Инспектор". *переход возможен не ранее 3-х месяцев после приобретения версии Сканер-ВС 6.0. В стоимость не входит стоимость ОС Astra LinuX SE Соответствует срокам действующей лицензии
A33: INSPECTOR-6/7-LIC-32-F-UPP | B33: Средство анализа защищенности «Сканер-ВС». Обновление до 7-й версии. Лицензия включает компонент «Инспектор», на 32 IP адреса (рег. № 231) | C33: =ROUNDUP(C6*0.2,0.1) -> 24288 | D33: 1 | E33: =C33*D33 -> 24288 | F33: Переход на 7 версию "Сканер-ВС Инспектор". *переход возможен не ранее 3-х месяцев после приобретения версии Сканер-ВС 6.0. В стоимость не входит стоимость ОС Astra LinuX SE Соответствует срокам действующей лицензии
A34: INSPECTOR-6/7-LIC-64-F-UPP | B34: Средство анализа защищенности «Сканер-ВС». Обновление до 7-й версии. Лицензия включает компонент «Инспектор», на 64 IP адреса (рег. № 231) | C34: =ROUNDUP(C7*0.2,0.1) -> 31188 | D34: 1 | E34: =C34*D34 -> 31188 | F34: Переход на 7 версию "Сканер-ВС Инспектор". *переход возможен не ранее 3-х месяцев после приобретения версии Сканер-ВС 6.0. В стоимость не входит стоимость ОС Astra LinuX SE Соответствует срокам действующей лицензии
A35: INSPECTOR-6/7-LIC-128-F-UPP | B35: Средство анализа защищенности «Сканер-ВС». Обновление до 7-й версии. Лицензия включает компонент «Инспектор», на 128 IP адресов (рег. № 231) | C35: =ROUNDUP(C8*0.2,0.1) -> 44252 | D35: 1 | E35: =C35*D35 -> 44252 | F35: Переход на 7 версию "Сканер-ВС Инспектор". *переход возможен не ранее 3-х месяцев после приобретения версии Сканер-ВС 6.0. В стоимость не входит стоимость ОС Astra LinuX SE Соответствует срокам действующей лицензии
A36: INSPECTOR-6/7-LIC-256-F-UPP | B36: Средство анализа защищенности «Сканер-ВС». Обновление до 7-й версии. Лицензия включает компонент «Инспектор», на 256 IP адресов (рег. № 231) | C36: =ROUNDUP(C9*0.2,0.1) -> 60697 | D36: 1 | E36: =C36*D36 -> 60697 | F36: Переход на 7 версию "Сканер-ВС Инспектор". *переход возможен не ранее 3-х месяцев после приобретения версии Сканер-ВС 6.0. В стоимость не входит стоимость ОС Astra LinuX SE Соответствует срокам действующей лицензии
A37: INSPECTOR-6/7-LIC-512-F-UPP | B37: Средство анализа защищенности «Сканер-ВС». Обновление до 7-й версии. Лицензия включает компонент «Инспектор», на 512 IP адресов (рег. № 231) | C37: =ROUNDUP(C10*0.2,0.1) -> 90597 | D37: 1 | E37: =C37*D37 -> 90597 | F37: Переход на 7 версию "Сканер-ВС Инспектор". *переход возможен не ранее 3-х месяцев после приобретения версии Сканер-ВС 6.0. В стоимость не входит стоимость ОС Astra LinuX SE Соответствует срокам действующей лицензии
A38: INSPECTOR-6/7-LIC-1024-F-UPP | B38: Средство анализа защищенности «Сканер-ВС». Обновление до 7-й версии. Лицензия включает компонент «Инспектор», на 1024 IP адреса (рег. № 231) | C38: =ROUNDUP(C11*0.2,0.1) -> 153387 | D38: 1 | E38: =C38*D38 -> 153387 | F38: Переход на 7 версию "Сканер-ВС Инспектор". *переход возможен не ранее 3-х месяцев после приобретения версии Сканер-ВС 6.0. В стоимость не входит стоимость ОС Astra LinuX SE Соответствует срокам действующей лицензии
A39: INSPECTOR-6/7-LIC-2048-F-UPP | B39: Средство анализа защищенности «Сканер-ВС». Обновление до 7-й версии. Лицензия включает компонент «Инспектор», на 2048 IP адреса (рег. № 231) | C39: =ROUNDUP(C12*0.2,0.1) -> 246077 | D39: 1 | E39: =C39*D39 -> 246077 | F39: Переход на 7 версию "Сканер-ВС Инспектор". *переход возможен не ранее 3-х месяцев после приобретения версии Сканер-ВС 6.0. В стоимость не входит стоимость ОС Astra LinuX SE Соответствует срокам действующей лицензии
A40: INSPECTOR-6/7-LIC-4096-F-UPP | B40: Средство анализа защищенности «Сканер-ВС». Обновление до 7-й версии. Лицензия включает компонент «Инспектор», на 4096 IP адреса (рег. № 231) | C40: =ROUNDUP(C13*0.2,0.1) -> 395577 | D40: 1 | E40: =C40*D40 -> 395577 | F40: Переход на 7 версию "Сканер-ВС Инспектор". *переход возможен не ранее 3-х месяцев после приобретения версии Сканер-ВС 6.0. В стоимость не входит стоимость ОС Astra LinuX SE Соответствует срокам действующей лицензии
A41: INSPECTOR-6/7-LIC-8192-F-UPP | B41: Средство анализа защищенности «Сканер-ВС». Обновление до 7-й версии. Лицензия включает компонент «Инспектор», на 8192 IP адреса (рег. № 231) | C41: =ROUNDUP(C14*0.2,0.1) -> 754377 | D41: 1 | E41: =C41*D41 -> 754377 | F41: Переход на 7 версию "Сканер-ВС Инспектор". *переход возможен не ранее 3-х месяцев после приобретения версии Сканер-ВС 6.0. В стоимость не входит стоимость ОС Astra LinuX SE Соответствует срокам действующей лицензии
A42: INSPECTOR-6/7-LIC-UNL-F-UPP | B42: Средство анализа защищенности «Сканер-ВС». Обновление до 7-й версии. Лицензия включает компонент «Инспектор». НПЕШ.00606-01. Лицензия без ограничения IP адресов (рег. № 231) | C42: =ROUNDUP(C15*0.2,0.1) -> 1053377 | D42: 1 | E42: =C42*D42 -> 1053377 | F42: Переход на 7 версию "Сканер-ВС Инспектор". *переход возможен не ранее 3-х месяцев после приобретения версии Сканер-ВС 6.0. В стоимость не входит стоимость ОС Astra LinuX SE Соответствует срокам действующей лицензии
A43: Переход на новую версию (с 5-й на 7-ю)
A44: INSPECTOR-5/7-LIC-08-F-UPP | B44: Средство анализа защищенности «Сканер-ВС». Обновление до 7-й версии. Лицензия включает компонент «Инспектор», на 8 IP адресов (рег. № 231) | C44: =ROUNDUP(C4*0.4,0.1) -> 26717 | D44: 1 | E44: =C44*D44 -> 26717 | F44: Переход на 7 версию "Сканер-ВС Инспектор". *переход возможен не ранее 3-х месяцев после приобретения версии Сканер-ВС 5.0. В стоимость не входит стоимость ОС Astra LinuX SE Соответствует срокам действующей лицензии
A45: INSPECTOR-5/7-LIC-16-F-UPP | B45: Средство анализа защищенности «Сканер-ВС». Обновление до 7-й версии. Лицензия включает компонент «Инспектор», на 16 IP адресов (рег. № 231) | C45: =ROUNDUP(C5*0.4,0.1) -> 34408 | D45: 1 | E45: =C45*D45 -> 34408 | F45: Переход на 7 версию "Сканер-ВС Инспектор". *переход возможен не ранее 3-х месяцев после приобретения версии Сканер-ВС 5.0. В стоимость не входит стоимость ОС Astra LinuX SE Соответствует срокам действующей лицензии
A46: INSPECTOR-5/7-LIC-32-F-UPP | B46: Средство анализа защищенности «Сканер-ВС». Обновление до 7-й версии. Лицензия включает компонент «Инспектор», на 32 IP адреса (рег. № 231) | C46: =ROUNDUP(C6*0.4,0.1) -> 48576 | D46: 1 | E46: =C46*D46 -> 48576 | F46: Переход на 7 версию "Сканер-ВС Инспектор". *переход возможен не ранее 3-х месяцев после приобретения версии Сканер-ВС 5.0. В стоимость не входит стоимость ОС Astra LinuX SE Соответствует срокам действующей лицензии
A47: INSPECTOR-5/7-LIC-64-F-UPP | B47: Средство анализа защищенности «Сканер-ВС». Обновление до 7-й версии. Лицензия включает компонент «Инспектор», на 64 IP адреса (рег. № 231) | C47: =ROUNDUP(C7*0.4,0.1) -> 62376 | D47: 1 | E47: =C47*D47 -> 62376 | F47: Переход на 7 версию "Сканер-ВС Инспектор". *переход возможен не ранее 3-х месяцев после приобретения версии Сканер-ВС 5.0. В стоимость не входит стоимость ОС Astra LinuX SE Соответствует срокам действующей лицензии
A48: INSPECTOR-5/7-LIC-128-F-UPP | B48: Средство анализа защищенности «Сканер-ВС». Обновление до 7-й версии. Лицензия включает компонент «Инспектор», на 128 IP адресов (рег. № 231) | C48: =ROUNDUP(C8*0.4,0.1) -> 88504 | D48: 1 | E48: =C48*D48 -> 88504 | F48: Переход на 7 версию "Сканер-ВС Инспектор". *переход возможен не ранее 3-х месяцев после приобретения версии Сканер-ВС 5.0. В стоимость не входит стоимость ОС Astra LinuX SE Соответствует срокам действующей лицензии
A49: INSPECTOR-5/7-LIC-256-F-UPP | B49: Средство анализа защищенности «Сканер-ВС». Обновление до 7-й версии. Лицензия включает компонент «Инспектор», на 256 IP адресов (рег. № 231) | C49: =ROUNDUP(C9*0.4,0.1) -> 121394 | D49: 1 | E49: =C49*D49 -> 121394 | F49: Переход на 7 версию "Сканер-ВС Инспектор". *переход возможен не ранее 3-х месяцев после приобретения версии Сканер-ВС 5.0. В стоимость не входит стоимость ОС Astra LinuX SE Соответствует срокам действующей лицензии
A50: INSPECTOR-5/7-LIC-512-F-UPP | B50: Средство анализа защищенности «Сканер-ВС». Обновление до 7-й версии. Лицензия включает компонент «Инспектор», на 512 IP адресов (рег. № 231) | C50: =ROUNDUP(C10*0.4,0.1) -> 181194 | D50: 1 | E50: =C50*D50 -> 181194 | F50: Переход на 7 версию "Сканер-ВС Инспектор". *переход возможен не ранее 3-х месяцев после приобретения версии Сканер-ВС 5.0. В стоимость не входит стоимость ОС Astra LinuX SE Соответствует срокам действующей лицензии
A51: INSPECTOR-5/7-LIC-1024-F-UPP | B51: Средство анализа защищенности «Сканер-ВС». Обновление до 7-й версии. Лицензия включает компонент «Инспектор», на 1024 IP адреса (рег. № 231) | C51: =ROUNDUP(C11*0.4,0.1) -> 306774 | D51: 1 | E51: =C51*D51 -> 306774 | F51: Переход на 7 версию "Сканер-ВС Инспектор". *переход возможен не ранее 3-х месяцев после приобретения версии Сканер-ВС 5.0. В стоимость не входит стоимость ОС Astra LinuX SE Соответствует срокам действующей лицензии
A52: INSPECTOR-5/7-LIC-UNL-F-UPP | B52: Средство анализа защищенности «Сканер-ВС». Обновление до 7-й версии. Лицензия включает компонент «Инспектор». НПЕШ.00606-01. Лицензия без ограничения IP адресов (рег. № 231) | C52: =ROUNDUP(C12*0.4,0.1) -> 492154 | D52: 1 | E52: =C52*D52 -> 492154 | F52: Переход на 7 версию "Сканер-ВС Инспектор". *переход возможен не ранее 3-х месяцев после приобретения версии Сканер-ВС 5.0. В стоимость не входит стоимость ОС Astra LinuX SE Соответствует срокам действующей лицензии
A53: Дополнительные IP адреса (без НДС)
A54: INSPECTOR-7-50-ADD-F | B54: Средство анализа защищенности «Сканер-ВС». Лицензия включает компонент «Инспектор». Дополнительный IP к лицензии на 1 год (1-50) | C54: =3000*1.2 -> 3600 | D54: 1 | E54: =C54*D54 -> 3600 | F54: Дополнительный IP к лицензии на 1 год
A55: INSPECTOR-7-100-ADD-F | B55: Средство анализа защищенности «Сканер-ВС». Лицензия включает компонент «Инспектор». Дополнительный IP к лицензии на 1 год (51-100) | C55: =2400*1.2 -> 2880 | D55: 1 | E55: =C55*D55 -> 2880 | F55: Дополнительный IP к лицензии на 1 год
A56: INSPECTOR-7-200-ADD-F | B56: Средство анализа защищенности «Сканер-ВС». Лицензия включает компонент «Инспектор». Дополнительный IP к лицензии на 1 год (101-200) | C56: =1800*1.2 -> 2160 | D56: 1 | E56: =C56*D56 -> 2160 | F56: Дополнительный IP к лицензии на 1 год
A57: INSPECTOR-7-500-ADD-F | B57: Средство анализа защищенности «Сканер-ВС». Лицензия включает компонент «Инспектор». Дополнительный IP к лицензии на 1 год (201-500) | C57: =1200*1.2 -> 1440 | D57: 1 | E57: =C57*D57 -> 1440 | F57: Дополнительный IP к лицензии на 1 год
A58: ПРОДЛЕНИЕ
A59: Основные лицензии (без НДС)
A60: INSPECTOR-7-08-UP-F | B60: Средство анализа защищенности «Сканер-ВС». Лицензия включает компонент «Инспектор». НПЕШ.00606-01. Продление лицензии на 8 IP адресов на 1 год (рег. № 231) | C60: =ROUNDUP(C4*0.4,0.1) -> 26717 | D60: 1 | E60: =C60*D60 -> 26717 | F60: Продление ранее приобретенной лицензии ПО «Сканер-ВС Инспектор» на 1 год. 1 год обновления базы уязвимостей и технической поддержки. Сертификат ФСТЭК России по 4 уровню доверия. Продление возможно в течение 2х месяцев с даты окончания лицензии
A61: INSPECTOR-7-16-UP-F | B61: Средство анализа защищенности «Сканер-ВС». Лицензия включает компонент «Инспектор». НПЕШ.00606-01. Продление лицензии на 16 IP адресов на 1 год (рег. № 231) | C61: =ROUNDUP(C5*0.4,0.1) -> 34408 | D61: 1 | E61: =C61*D61 -> 34408 | F61: Продление ранее приобретенной лицензии ПО «Сканер-ВС Инспектор» на 1 год. 1 год обновления базы уязвимостей и технической поддержки. Сертификат ФСТЭК России по 4 уровню доверия. Продление возможно в течение 2х месяцев с даты окончания лицензии
A62: INSPECTOR-7-32-UP-F | B62: Средство анализа защищенности «Сканер-ВС». Лицензия включает компонент «Инспектор». НПЕШ.00606-01. Продление лицензии на 32 IP адреса на 1 год (рег. № 231) | C62: =ROUNDUP(C6*0.4,0.1) -> 48576 | D62: 1 | E62: =C62*D62 -> 48576 | F62: Продление ранее приобретенной лицензии ПО «Сканер-ВС Инспектор» на 1 год. 1 год обновления базы уязвимостей и технической поддержки. Сертификат ФСТЭК России по 4 уровню доверия.Продление возможно в течение 2х месяцев с даты окончания лицензии
A63: INSPECTOR-7-64-UP-F | B63: Средство анализа защищенности «Сканер-ВС». Лицензия включает компонент «Инспектор». НПЕШ.00606-01. Продление лицензии на 64 IP адреса на 1 год (рег. № 231) | C63: =ROUNDUP(C7*0.4,0.1) -> 62376 | D63: 1 | E63: =C63*D63 -> 62376 | F63: Продление ранее приобретенной лицензии ПО «Сканер-ВС Инспектор» на 1 год. 1 год обновления базы уязвимостей и технической поддержки. Сертификат ФСТЭК России по 4 уровню доверия. Продление возможно в течение 2х месяцев с даты окончания лицензии
A64: INSPECTOR-7-128-UP-F | B64: Средство анализа защищенности «Сканер-ВС». Лицензия включает компонент «Инспектор». НПЕШ.00606-01. Продление лицензии на 128 IP адресов на 1 год (рег. № 231) | C64: =ROUNDUP(C8*0.4,0.1) -> 88504 | D64: 1 | E64: =C64*D64 -> 88504 | F64: Продление ранее приобретенной лицензии ПО «Сканер-ВС Инспектор» на 1 год. 1 год обновления базы уязвимостей и технической поддержки. Сертификат ФСТЭК России по 4 уровню доверия. Продление возможно в течение 2х месяцев с даты окончания лицензии
A65: INSPECTOR-7-256-UP-F | B65: Средство анализа защищенности «Сканер-ВС». Лицензия включает компонент «Инспектор». НПЕШ.00606-01. Продление лицензии на 256 IP адресов на 1 год (рег. № 231) | C65: =ROUNDUP(C9*0.4,0.1) -> 121394 | D65: 1 | E65: =C65*D65 -> 121394 | F65: Продление ранее приобретенной лицензии ПО «Сканер-ВС Инспектор» на 1 год. 1 год обновления базы уязвимостей и технической поддержки. Сертификат ФСТЭК России по 4 уровню доверия.
A66: INSPECTOR-7-512-UP-F | B66: Средство анализа защищенности «Сканер-ВС». Лицензия включает компонент «Инспектор». НПЕШ.00606-01. Продление лицензии на 512 IP адресов на 1 год (рег. № 231) | C66: =ROUNDUP(C10*0.4,0.1) -> 181194 | D66: 1 | E66: =C66*D66 -> 181194 | F66: Продление ранее приобретенной лицензии ПО «Сканер-ВС Инспектор» на 1 год. 1 год обновления базы уязвимостей и технической поддержки. Сертификат ФСТЭК России по 4 уровню доверия.
A67: INSPECTOR-7-1024-UP-F | B67: Средство анализа защищенности «Сканер-ВС». Лицензия включает компонент «Инспектор». НПЕШ.00606-01. Продление лицензии на 1024 IP адреса на 1 год (рег. № 231) | C67: =ROUNDUP(C11*0.4,0.1) -> 306774 | D67: 1 | E67: =C67*D67 -> 306774 | F67: Продление ранее приобретенной лицензии ПО «Сканер-ВС Инспектор» на 1 год. 1 год обновления базы уязвимостей и технической поддержки. Сертификат ФСТЭК России по 4 уровню доверия. Продление возможно в течение 2х месяцев с даты окончания лицензии
A68: INSPECTOR-7-2048-UP-F | B68: Средство анализа защищенности «Сканер-ВС». Лицензия включает компонент «Инспектор». НПЕШ.00606-01. Продление лицензии на 2048 IP-адресов на 1 год (рег. № 231) | C68: =ROUNDUP(C12*0.4,0.1) -> 492154 | D68: 1 | E68: =C68*D68 -> 492154 | F68: Продление ранее приобретенной лицензии ПО «Сканер-ВС Инспектор» на 1 год. 1 год обновления базы уязвимостей и технической поддержки. Сертификат ФСТЭК России по 4 уровню доверия. Продление возможно в течение 2х месяцев с даты окончания лицензии
A69: INSPECTOR-7-4096-UP-F | B69: Средство анализа защищенности «Сканер-ВС». Лицензия включает компонент «Инспектор». НПЕШ.00606-01. Продление лицензии на 4096 IP-адресов на 1 год (рег. № 231) | C69: =ROUNDUP(C13*0.4,0.1) -> 791154 | D69: 1 | E69: =C69*D69 -> 791154 | F69: Продление ранее приобретенной лицензии ПО «Сканер-ВС Инспектор» на 1 год. 1 год обновления базы уязвимостей и технической поддержки. Сертификат ФСТЭК России по 4 уровню доверия. Продление возможно в течение 2х месяцев с даты окончания лицензии
A70: INSPECTOR-7-8192-UP-F | B70: Средство анализа защищенности «Сканер-ВС». Лицензия включает компонент «Инспектор». НПЕШ.00606-01. Продление лицензии на 8192 IP адреса на 1 год (рег. № 231 | C70: =ROUNDUP(C14*0.4,0.1) -> 1508754 | D70: 1 | E70: =C70*D70 -> 1508754 | F70: Продление ранее приобретенной лицензии ПО «Сканер-ВС Инспектор» на 1 год. 1 год обновления базы уязвимостей и технической поддержки. Сертификат ФСТЭК России по 4 уровню доверия. Продление возможно в течение 2х месяцев с даты окончания лицензии
A71: INSPECTOR-7-LIC-UNL-UP-F | B71: Средство анализа защищенности «Сканер-ВС». Лицензия включает компонент «Инспектор». НПЕШ.00606-01. Продление лицензии на безлимитное количество IP адресов на 1 год (рег. № 231 | C71: =ROUNDUP(C15*0.4,0.1) -> 2106754 | D71: 1 | E71: =C71*D71 -> 2106754 | F71: Продление ранее приобретенной лицензии ПО «Сканер-ВС Инспектор» на 1 год. 1 год обновления базы уязвимостей и технической поддержки. Сертификат ФСТЭК России по 4 уровню доверия. Продление возможно в течение 2х месяцев с даты окончания лицензии
A72: Дополнительные IP адреса продление (без НДС)
A73: INSPECTOR-7-50-ADD-UP-F | B73: Средство анализа защищенности «Сканер-ВС». Лицензия включает компонент «Инспектор». Дополнительный IP к продлению лицензии на 1 год (1-50) | C73: =C54*0.4 -> 1440 | D73: 1 | E73: =C73*D73 -> 1440 | F73: Дополнительный IP к продлению ранее приобретенной лицензии на 1 год
A74: INSPECTOR-7-100-ADD-UP-F | B74: Средство анализа защищенности «Сканер-ВС». Лицензия включает компонент «Инспектор». Дополнительный IP к продлению лицензии на 1 год (51-100) | C74: =C55*0.4 -> 1152 | D74: 1 | E74: =C74*D74 -> 1152 | F74: Дополнительный IP к продлению ранее приобретенной лицензии на 1 год
A75: INSPECTOR-7-200-ADD-UP-F | B75: Средство анализа защищенности «Сканер-ВС». Лицензия включает компонент «Инспектор». Дополнительный IP к продлению лицензии на 1 год (101-200) | C75: =C56*0.4 -> 864 | D75: 1 | E75: =C75*D75 -> 864 | F75: Дополнительный IP к продлению ранее приобретенной лицензии на 1 год
A76: INSPECTOR-7-500-ADD-UP-F | B76: Средство анализа защищенности «Сканер-ВС». Лицензия включает компонент «Инспектор». Дополнительный IP к продлению лицензии на 1 год (201-500) | C76: =C57*0.4 -> 576 | D76: 1 | E76: =C76*D76 -> 576 | F76: Дополнительный IP к продлению ранее приобретенной лицензии на 1 год
A77: Примечание
A78: Комплект поставки Сканер-ВС 7 Инспектор: | B78: 1. Лицензия на бумажном носителе 2. Сертификат ТП на бумажном носителе 3. Упаковка 4. Носитель c дистрибутивом и документацией (4+ DVD, 256+ - USB Flash) 5. Формуляр 6. Копия сертификата соответствия 7. Ведомость эксплуатационных документов
A79: Комплект поставки Сканер-ВС 7 Инспектор LiveUSB: | B79: 1. Лицензия на бумажном носителе 2. Сертификат ТП на бумажном носителе 3. Упаковка 4. Носитель c дистрибутивом и документацией (USB Flash) 5. Формуляр 6. Копия сертификата соответствия 7. Ведомость эксплуатационных документов 8. Формуляр Astra
A80: Обновление на новые версии | B80: При "обновлении" все продукты будут получать новый серийный номер, в целях соблюдения требований Приказа ФСТЭК России от 03.04.2018 N 55 (п.п. 63,67,68)
A81: Онлайн документация | B81: https://docs.etecs.ru/scanner/
A82: Astra Linux 22 300,00 | B82: Astra версии 1.8 (уровень защищенности Воронеж).
A83: Флеш носитель от 6 000,00

Sheet (Э) Сканер-ВС Инспектор 7.0 ФСТ
A1: Электронная поставка - Средство анализа защищенности «Сканер-ВС» 7 включает компонент "Инспектор". Сертификат ФСТЭК
A2: Артикул | B2: Наименование | C2: Цена | D2: Количество | E2: Стоимость РРЦ | F2: Описание
A3: Основные лицензии (без НДС)
A4: INSPECTOR-7-LIC-08-F-EL | B4: Средство анализа защищенности «Сканер-ВС». Лицензия включает компонент «Инспектор», на 8 IP адресов на 1 год. Электронная поставка (рег. № 231) | C4: =58080*1.15 -> 66792 | D4: 1 | E4: =C4*D4 -> 66792 | F4: Лицензия ПО «Сканер-ВС Инспектор» на 1 год. 1 год обновления базы уязвимостей и технической поддержки. Сертификат ФСТЭК России по 4 уровню доверия. Электронная поставка.
A5: INSPECTOR-7-LIC-16-F-EL | B5: Средство анализа защищенности «Сканер-ВС». Лицензия включает компонент «Инспектор», на 16 IP адресов на 1 год. Электронная поставка (рег. № 231) | C5: =74800*1.15 -> 86020 | D5: 1 | E5: =C5*D5 -> 86020 | F5: Лицензия ПО «Сканер-ВС Инспектор» на 1 год. 1 год обновления базы уязвимостей и технической поддержки. Сертификат ФСТЭК России по 4 уровню доверия. Электронная поставка.
A6: INSPECTOR-7-LIC-32-F-EL | B6: Средство анализа защищенности «Сканер-ВС». Лицензия включает компонент «Инспектор», на 32 IP адреса на 1 год. Электронная поставка (рег. № 231) | C6: =105600*1.15 -> 121440 | D6: 1 | E6: =C6*D6 -> 121440 | F6: Лицензия ПО «Сканер-ВС Инспектор» на 1 год. 1 год обновления базы уязвимостей и технической поддержки. Сертификат ФСТЭК России по 4 уровню доверия. Электронная поставка.
A7: INSPECTOR-7-LIC-64-F-EL | B7: Средство анализа защищенности «Сканер-ВС». Лицензия включает компонент «Инспектор», на 64 IP адреса на 1 год. Электронная поставка (рег. № 231) | C7: =135600*1.15 -> 155940 | D7: 1 | E7: =C7*D7 -> 155940 | F7: Лицензия ПО «Сканер-ВС Инспектор» на 1 год. 1 год обновления базы уязвимостей и технической поддержки. Сертификат ФСТЭК России по 4 уровню доверия. Электронная поставка.
A8: INSPECTOR-7-LIC-128-F-EL | B8: Средство анализа защищенности «Сканер-ВС». Лицензия включает компонент «Инспектор», на 128 IP адресов на 1 год. Электронная поставка (рег. № 231) | C8: =192400*1.15 -> 221260 | D8: 1 | E8: =C8*D8 -> 221260 | F8: Лицензия ПО «Сканер-ВС Инспектор» на 1 год. 1 год обновления базы уязвимостей и технической поддержки. Сертификат ФСТЭК России по 4 уровню доверия. Электронная поставка.
A9: INSPECTOR-7-LIC-256-F-EL | B9: Средство анализа защищенности «Сканер-ВС». Лицензия включает компонент «Инспектор», на 256 IP адресов на 1 год. Электронная поставка (рег. № 231) | C9: =263900*1.15 -> 303485 | D9: 1 | E9: =C9*D9 -> 303485 | F9: Лицензия ПО «Сканер-ВС Инспектор» на 1 год. 1 год обновления базы уязвимостей и технической поддержки. Сертификат ФСТЭК России по 4 уровню доверия. Электронная поставка.
A10: INSPECTOR-7-LIC-512-F-EL | B10: Средство анализа защищенности «Сканер-ВС». Лицензия включает компонент «Инспектор», на 512 IP адресов на 1 год. Электронная поставка (рег. № 231) | C10: =393900*1.15 -> 452985 | D10: 1 | E10: =C10*D10 -> 452985 | F10: Лицензия ПО «Сканер-ВС Инспектор» на 1 год. 1 год обновления базы уязвимостей и технической поддержки. Сертификат ФСТЭК России по 4 уровню доверия. Электронная поставка.
A11: INSPECTOR-7-LIC-1024-F-EL | B11: Средство анализа защищенности «Сканер-ВС». Лицензия включает компонент «Инспектор», на 1024 IP адреса на 1 год. Электронная поставка (рег. № 231) | C11: =666900*1.15 -> 766935 | D11: 1 | E11: =C11*D11 -> 766935 | F11: Лицензия ПО «Сканер-ВС Инспектор» на 1 год. 1 год обновления базы уязвимостей и технической поддержки. Сертификат ФСТЭК России по 4 уровню доверия. Электронная поставка.
A12: INSPECTOR-7-LIC-2048-F-EL | B12: Средство анализа защищенности «Сканер-ВС». Лицензия включает компонент «Инспектор». НПЕШ.00606-01. Лицензия на 2048 IP-адресов на 1 год. Электронная поставка (рег. № 231) | C12: =1069900*1.15 -> 1230385 | D12: 1 | E12: =C12*D12 -> 1230385 | F12: Лицензия ПО «Сканер-ВС Инспектор» на 1 год. 1 год обновления базы уязвимостей и технической поддержки. Сертификат ФСТЭК России по 4 уровню доверия. Электронная поставка.
A13: INSPECTOR-7-LIC-4096-F-EL | B13: Средство анализа защищенности «Сканер-ВС». Лицензия включает компонент «Инспектор». НПЕШ.00606-01. Лицензия на 4096 IP-адресов на 1 год. Электронная поставка (рег. № 231) | C13: =1719900*1.15 -> 1977885 | D13: 1 | E13: =C13*D13 -> 1977885 | F13: Лицензия ПО «Сканер-ВС Инспектор» на 1 год. 1 год обновления базы уязвимостей и технической поддержки. Сертификат ФСТЭК России по 4 уровню доверия. Электронная поставка.
A14: INSPECTOR-7-LIC-8192-F-EL | B14: Средство анализа защищенности «Сканер-ВС». Лицензия включает компонент «Инспектор». НПЕШ.00606-01. Лицензия на 8192 IP адреса на 1 год. Электронная поставка (рег. № 231) | C14: =3279900*1.15 -> 3771885 | D14: 1 | E14: =C14*D14 -> 3771885 | F14: Лицензия ПО «Сканер-ВС Инспектор» на 1 год. 1 год обновления базы уязвимостей и технической поддержки. Сертификат ФСТЭК России по 4 уровню доверия. Электронная поставка.
A15: INSPECTOR-7-LIC-UNL-F-EL | B15: Средство анализа защищенности «Сканер-ВС». Лицензия включает компонент «Инспектор». НПЕШ.00606-01. Лицензия без ограничения IP адресов на 1 год. Электронная поставка (рег. № 231) | C15: =4579900*1.15 -> 5266885 | D15: 1 | E15: =C15*D15 -> 5266885 | F15: Лицензия ПО «Сканер-ВС Инспектор» на 1 год. 1 год обновления базы уязвимостей и технической поддержки. Сертификат ФСТЭК России по 4 уровню доверия. Электронная поставка.
A16: Переход на новую версию (с 6-й на 7-ю)
A17: INSPECTOR-6/7-LIC-08-F-UPP-EL | B17: Средство анализа защищенности «Сканер-ВС». Обновление до 7-й версии. Лицензия включает компонент «Инспектор», на 8 IP адресов. Электронная поставка (рег. № 231) | C17: =ROUNDUP(C4*0.2,0.1) -> 13359 | D17: 1 | E17: =C17*D17 -> 13359 | F17: Переход на 7 версию "Сканер-ВС Инспектор". *переход возможен не ранее 3-х месяцев после приобретения версии Сканер-ВС 6.0. В стоимость не входит стоимость ОС Astra LinuX SE Соответствует срокам действующей лицензии. Электронная поставка.
A18: INSPECTOR-6/7-LIC-16-F-UPP-EL | B18: Средство анализа защищенности «Сканер-ВС». Обновление до 7-й версии. Лицензия включает компонент «Инспектор», на 16 IP адресов. Электронная поставка (рег. № 231) | C18: =ROUNDUP(C5*0.2,0.1) -> 17204 | D18: 1 | E18: =C18*D18 -> 17204 | F18: Переход на 7 версию "Сканер-ВС Инспектор". *переход возможен не ранее 3-х месяцев после приобретения версии Сканер-ВС 6.0. В стоимость не входит стоимость ОС Astra LinuX SE Соответствует срокам действующей лицензии. Электронная поставка.
A19: INSPECTOR-6/7-LIC-32-F-UPP-EL | B19: Средство анализа защищенности «Сканер-ВС». Обновление до 7-й версии. Лицензия включает компонент «Инспектор», на 32 IP адреса. Электронная поставка (рег. № 231) | C19: =ROUNDUP(C6*0.2,0.1) -> 24288 | D19: 1 | E19: =C19*D19 -> 24288 | F19: Переход на 7 версию "Сканер-ВС Инспектор". *переход возможен не ранее 3-х месяцев после приобретения версии Сканер-ВС 6.0. В стоимость не входит стоимость ОС Astra LinuX SE Соответствует срокам действующей лицензии. Электронная поставка.
A20: INSPECTOR-6/7-LIC-64-F-UPP-EL | B20: Средство анализа защищенности «Сканер-ВС». Обновление до 7-й версии. Лицензия включает компонент «Инспектор», на 64 IP адреса. Электронная поставка (рег. № 231) | C20: =ROUNDUP(C7*0.2,0.1) -> 31188 | D20: 1 | E20: =C20*D20 -> 31188 | F20: Переход на 7 версию "Сканер-ВС Инспектор". *переход возможен не ранее 3-х месяцев после приобретения версии Сканер-ВС 6.0. В стоимость не входит стоимость ОС Astra LinuX SE Соответствует срокам действующей лицензии. Электронная поставка.
A21: INSPECTOR-6/7-LIC-128-F-UPP-EL | B21: Средство анализа защищенности «Сканер-ВС». Обновление до 7-й версии. Лицензия включает компонент «Инспектор», на 128 IP адресов. Электронная поставка (рег. № 231) | C21: =ROUNDUP(C8*0.2,0.1) -> 44252 | D21: 1 | E21: =C21*D21 -> 44252 | F21: Переход на 7 версию "Сканер-ВС Инспектор". *переход возможен не ранее 3-х месяцев после приобретения версии Сканер-ВС 6.0. В стоимость не входит стоимость ОС Astra LinuX SE Соответствует срокам действующей лицензии. Электронная поставка.
A22: INSPECTOR-6/7-LIC-256-F-UPP-EL | B22: Средство анализа защищенности «Сканер-ВС». Обновление до 7-й версии. Лицензия включает компонент «Инспектор», на 256 IP адресов. Электронная поставка (рег. № 231) | C22: =ROUNDUP(C9*0.2,0.1) -> 60697 | D22: 1 | E22: =C22*D22 -> 60697 | F22: Переход на 7 версию "Сканер-ВС Инспектор". *переход возможен не ранее 3-х месяцев после приобретения версии Сканер-ВС 6.0. В стоимость не входит стоимость ОС Astra LinuX SE Соответствует срокам действующей лицензии. Электронная поставка.
A23: INSPECTOR-6/7-LIC-512-F-UPP-EL | B23: Средство анализа защищенности «Сканер-ВС». Обновление до 7-й версии. Лицензия включает компонент «Инспектор», на 512 IP адресов. Электронная поставка (рег. № 231) | C23: =ROUNDUP(C10*0.2,0.1) -> 90597 | D23: 1 | E23: =C23*D23 -> 90597 | F23: Переход на 7 версию "Сканер-ВС Инспектор". *переход возможен не ранее 3-х месяцев после приобретения версии Сканер-ВС 6.0. В стоимость не входит стоимость ОС Astra LinuX SE Соответствует срокам действующей лицензии. Электронная поставка.
A24: INSPECTOR-6/7-LIC-1024-F-UPP-EL | B24: Средство анализа защищенности «Сканер-ВС». Обновление до 7-й версии. Лицензия включает компонент «Инспектор», на 1024 IP адреса. Электронная поставка (рег. № 231) | C24: =ROUNDUP(C11*0.2,0.1) -> 153387 | D24: 1 | E24: =C24*D24 -> 153387 | F24: Переход на 7 версию "Сканер-ВС Инспектор". *переход возможен не ранее 3-х месяцев после приобретения версии Сканер-ВС 6.0. В стоимость не входит стоимость ОС Astra LinuX SE Соответствует срокам действующей лицензии. Электронная поставка.
A25: INSPECTOR-6/7-LIC-2048-F-UPP-EL | B25: Средство анализа защищенности «Сканер-ВС». Обновление до 7-й версии. Лицензия включает компонент «Инспектор», на 2048 IP адреса. Электронная поставка (рег. № 231) | C25: =ROUNDUP(C12*0.2,0.1) -> 246077 | D25: 1 | E25: =C25*D25 -> 246077 | F25: Переход на 7 версию "Сканер-ВС Инспектор". *переход возможен не ранее 3-х месяцев после приобретения версии Сканер-ВС 6.0. В стоимость не входит стоимость ОС Astra LinuX SE Соответствует срокам действующей лицензии. Электронная поставка.
A26: INSPECTOR-6/7-LIC-4096-F-UPP-EL | B26: Средство анализа защищенности «Сканер-ВС». Обновление до 7-й версии. Лицензия включает компонент «Инспектор», на 4096 IP адреса. Электронная поставка (рег. № 231) | C26: =ROUNDUP(C13*0.2,0.1) -> 395577 | D26: 1 | E26: =C26*D26 -> 395577 | F26: Переход на 7 версию "Сканер-ВС Инспектор". *переход возможен не ранее 3-х месяцев после приобретения версии Сканер-ВС 6.0. В стоимость не входит стоимость ОС Astra LinuX SE Соответствует срокам действующей лицензии. Электронная поставка.
A27: INSPECTOR-6/7-LIC-8192-F-UPP-EL | B27: Средство анализа защищенности «Сканер-ВС». Обновление до 7-й версии. Лицензия включает компонент «Инспектор», на 8192 IP адреса. Электронная поставка (рег. № 231) | C27: =ROUNDUP(C14*0.2,0.1) -> 754377 | D27: 1 | E27: =C27*D27 -> 754377 | F27: Переход на 7 версию "Сканер-ВС Инспектор". *переход возможен не ранее 3-х месяцев после приобретения версии Сканер-ВС 6.0. В стоимость не входит стоимость ОС Astra LinuX SE Соответствует срокам действующей лицензии. Электронная поставка.
A28: INSPECTOR-6/7-LIC-UNL-F-UPP-EL | B28: Средство анализа защищенности «Сканер-ВС». Обновление до 7-й версии. Лицензия включает компонент «Инспектор». НПЕШ.00606-01. Лицензия без ограничения IP адресов. Электронная поставка (рег. № 231) | C28: =ROUNDUP(C15*0.2,0.1) -> 1053377 | D28: 1 | E28: =C28*D28 -> 1053377 | F28: Переход на 7 версию "Сканер-ВС Инспектор". *переход возможен не ранее 3-х месяцев после приобретения версии Сканер-ВС 6.0. В стоимость не входит стоимость ОС Astra LinuX SE Соответствует срокам действующей лицензии. Электронная поставка.
A29: Переход на новую версию (с 5-й на 7-ю)
A30: INSPECTOR-5/7-LIC-08-F-UPP-EL | B30: Средство анализа защищенности «Сканер-ВС». Обновление до 7-й версии. Лицензия включает компонент «Инспектор», на 8 IP адресов. Электронная поставка (рег. № 231) | C30: =ROUNDUP(C4*0.4,0.1) -> 26717 | D30: 1 | E30: =C30*D30 -> 26717 | F30: Переход на 7 версию "Сканер-ВС Инспектор". *переход возможен не ранее 3-х месяцев после приобретения версии Сканер-ВС 5.0. В стоимость не входит стоимость ОС Astra LinuX SE Соответствует срокам действующей лицензии. Электронная поставка.
A31: INSPECTOR-5/7-LIC-16-F-UPP-EL | B31: Средство анализа защищенности «Сканер-ВС». Обновление до 7-й версии. Лицензия включает компонент «Инспектор», на 16 IP адресов. Электронная поставка (рег. № 231) | C31: =ROUNDUP(C5*0.4,0.1) -> 34408 | D31: 1 | E31: =C31*D31 -> 34408 | F31: Переход на 7 версию "Сканер-ВС Инспектор". *переход возможен не ранее 3-х месяцев после приобретения версии Сканер-ВС 5.0. В стоимость не входит стоимость ОС Astra LinuX SE Соответствует срокам действующей лицензии. Электронная поставка.
A32: INSPECTOR-5/7-LIC-32-F-UPP-EL | B32: Средство анализа защищенности «Сканер-ВС». Обновление до 7-й версии. Лицензия включает компонент «Инспектор», на 32 IP адреса. Электронная поставка (рег. № 231) | C32: =ROUNDUP(C6*0.4,0.1) -> 48576 | D32: 1 | E32: =C32*D32 -> 48576 | F32: Переход на 7 версию "Сканер-ВС Инспектор". *переход возможен не ранее 3-х месяцев после приобретения версии Сканер-ВС 5.0. В стоимость не входит стоимость ОС Astra LinuX SE Соответствует срокам действующей лицензии. Электронная поставка.
A33: INSPECTOR-5/7-LIC-64-F-UPP-EL | B33: Средство анализа защищенности «Сканер-ВС». Обновление до 7-й версии. Лицензия включает компонент «Инспектор», на 64 IP адреса. Электронная поставка (рег. № 231) | C33: =ROUNDUP(C7*0.4,0.1) -> 62376 | D33: 1 | E33: =C33*D33 -> 62376 | F33: Переход на 7 версию "Сканер-ВС Инспектор". *переход возможен не ранее 3-х месяцев после приобретения версии Сканер-ВС 5.0. В стоимость не входит стоимость ОС Astra LinuX SE Соответствует срокам действующей лицензии. Электронная поставка.
A34: INSPECTOR-5/7-LIC-128-F-UPP-EL | B34: Средство анализа защищенности «Сканер-ВС». Обновление до 7-й версии. Лицензия включает компонент «Инспектор», на 128 IP адресов. Электронная поставка (рег. № 231) | C34: =ROUNDUP(C8*0.4,0.1) -> 88504 | D34: 1 | E34: =C34*D34 -> 88504 | F34: Переход на 7 версию "Сканер-ВС Инспектор". *переход возможен не ранее 3-х месяцев после приобретения версии Сканер-ВС 5.0. В стоимость не входит стоимость ОС Astra LinuX SE Соответствует срокам действующей лицензии. Электронная поставка.
A35: INSPECTOR-5/7-LIC-256-F-UPP-EL | B35: Средство анализа защищенности «Сканер-ВС». Обновление до 7-й версии. Лицензия включает компонент «Инспектор», на 256 IP адресов. Электронная поставка (рег. № 231) | C35: =ROUNDUP(C9*0.4,0.1) -> 121394 | D35: 1 | E35: =C35*D35 -> 121394 | F35: Переход на 7 версию "Сканер-ВС Инспектор". *переход возможен не ранее 3-х месяцев после приобретения версии Сканер-ВС 5.0. В стоимость не входит стоимость ОС Astra LinuX SE Соответствует срокам действующей лицензии. Электронная поставка.
A36: INSPECTOR-5/7-LIC-512-F-UPP-EL | B36: Средство анализа защищенности «Сканер-ВС». Обновление до 7-й версии. Лицензия включает компонент «Инспектор», на 512 IP адресов. Электронная поставка (рег. № 231) | C36: =ROUNDUP(C10*0.4,0.1) -> 181194 | D36: 1 | E36: =C36*D36 -> 181194 | F36: Переход на 7 версию "Сканер-ВС Инспектор". *переход возможен не ранее 3-х месяцев после приобретения версии Сканер-ВС 5.0. В стоимость не входит стоимость ОС Astra LinuX SE Соответствует срокам действующей лицензии. Электронная поставка.
A37: INSPECTOR-5/7-LIC-1024-F-UPP-EL | B37: Средство анализа защищенности «Сканер-ВС». Обновление до 7-й версии. Лицензия включает компонент «Инспектор», на 1024 IP адреса. Электронная поставка (рег. № 231) | C37: =ROUNDUP(C11*0.4,0.1) -> 306774 | D37: 1 | E37: =C37*D37 -> 306774 | F37: Переход на 7 версию "Сканер-ВС Инспектор". *переход возможен не ранее 3-х месяцев после приобретения версии Сканер-ВС 5.0. В стоимость не входит стоимость ОС Astra LinuX SE Соответствует срокам действующей лицензии. Электронная поставка.
A38: INSPECTOR-5/7-LIC-UNL-F-UPP-EL | B38: Средство анализа защищенности «Сканер-ВС». Обновление до 7-й версии. Лицензия включает компонент «Инспектор». НПЕШ.00606-01. Лицензия без ограничения IP адресов. Электронная поставка (рег. № 231) | C38: =ROUNDUP(C12*0.4,0.1) -> 492154 | D38: 1 | E38: =C38*D38 -> 492154 | F38: Переход на 7 версию "Сканер-ВС Инспектор". *переход возможен не ранее 3-х месяцев после приобретения версии Сканер-ВС 5.0. В стоимость не входит стоимость ОС Astra LinuX SE Соответствует срокам действующей лицензии. Электронная поставка.
A39: Дополнительные IP адреса (без НДС)
A40: INSPECTOR-7-50-ADD-F-EL | B40: Средство анализа защищенности «Сканер-ВС». Лицензия включает компонент «Инспектор». Дополнительный IP к лицензии на 1 год. Электронная поставка (1-50) | C40: =3000*1.2 -> 3600 | D40: 1 | E40: =C40*D40 -> 3600 | F40: Дополнительный IP к лицензии на 1 год. Электронная поставка.
A41: INSPECTOR-7-100-ADD-F-EL | B41: Средство анализа защищенности «Сканер-ВС». Лицензия включает компонент «Инспектор». Дополнительный IP к лицензии на 1 год. Электронная поставка (51-100) | C41: =2400*1.2 -> 2880 | D41: 1 | E41: =C41*D41 -> 2880 | F41: Дополнительный IP к лицензии на 1 год. Электронная поставка.
A42: INSPECTOR-7-200-ADD-F-EL | B42: Средство анализа защищенности «Сканер-ВС». Лицензия включает компонент «Инспектор». Дополнительный IP к лицензии на 1 год. Электронная поставка (101-200) | C42: =1800*1.2 -> 2160 | D42: 1 | E42: =C42*D42 -> 2160 | F42: Дополнительный IP к лицензии на 1 год. Электронная поставка.
A43: INSPECTOR-7-500-ADD-F-EL | B43: Средство анализа защищенности «Сканер-ВС». Лицензия включает компонент «Инспектор». Дополнительный IP к лицензии на 1 год. Электронная поставка (201-500) | C43: =1200*1.2 -> 1440 | D43: 1 | E43: =C43*D43 -> 1440 | F43: Дополнительный IP к лицензии на 1 год. Электронная поставка.
A44: ПРОДЛЕНИЕ
A45: Основные лицензии (без НДС)
A46: INSPECTOR-7-08-UP-F-EL | B46: Средство анализа защищенности «Сканер-ВС». Лицензия включает компонент «Инспектор». НПЕШ.00606-01. Продление лицензии на 8 IP адресов на 1 год. Электронная поставка (рег. № 231) | C46: =ROUNDUP(C4*0.4,0.1) -> 26717 | D46: 1 | E46: =C46*D46 -> 26717 | F46: Продление ранее приобретенной лицензии ПО «Сканер-ВС Инспектор» на 1 год. 1 год обновления базы уязвимостей и технической поддержки. Сертификат ФСТЭК России по 4 уровню доверия. Продление возможно в течение 2х месяцев с даты окончания лицензии. Электронная поставка.
A47: INSPECTOR-7-16-UP-F-EL | B47: Средство анализа защищенности «Сканер-ВС». Лицензия включает компонент «Инспектор». НПЕШ.00606-01. Продление лицензии на 16 IP адресов на 1 год. Электронная поставка (рег. № 231) | C47: =ROUNDUP(C5*0.4,0.1) -> 34408 | D47: 1 | E47: =C47*D47 -> 34408 | F47: Продление ранее приобретенной лицензии ПО «Сканер-ВС Инспектор» на 1 год. 1 год обновления базы уязвимостей и технической поддержки. Сертификат ФСТЭК России по 4 уровню доверия. Продление возможно в течение 2х месяцев с даты окончания лицензии. Электронная поставка.
A48: INSPECTOR-7-32-UP-F-EL | B48: Средство анализа защищенности «Сканер-ВС». Лицензия включает компонент «Инспектор». НПЕШ.00606-01. Продление лицензии на 32 IP адреса на 1 год. Электронная поставка (рег. № 231) | C48: =ROUNDUP(C6*0.4,0.1) -> 48576 | D48: 1 | E48: =C48*D48 -> 48576 | F48: Продление ранее приобретенной лицензии ПО «Сканер-ВС Инспектор» на 1 год. 1 год обновления базы уязвимостей и технической поддержки. Сертификат ФСТЭК России по 4 уровню доверия. Продление возможно в течение 2х месяцев с даты окончания лицензии. Электронная поставка.
A49: INSPECTOR-7-64-UP-F-EL | B49: Средство анализа защищенности «Сканер-ВС». Лицензия включает компонент «Инспектор». НПЕШ.00606-01. Продление лицензии на 64 IP адреса на 1 год. Электронная поставка (рег. № 231) | C49: =ROUNDUP(C7*0.4,0.1) -> 62376 | D49: 1 | E49: =C49*D49 -> 62376 | F49: Продление ранее приобретенной лицензии ПО «Сканер-ВС Инспектор» на 1 год. 1 год обновления базы уязвимостей и технической поддержки. Сертификат ФСТЭК России по 4 уровню доверия. Продление возможно в течение 2х месяцев с даты окончания лицензии. Электронная поставка.
A50: INSPECTOR-7-128-UP-F-EL | B50: Средство анализа защищенности «Сканер-ВС». Лицензия включает компонент «Инспектор». НПЕШ.00606-01. Продление лицензии на 128 IP адресов на 1 год. Электронная поставка (рег. № 231) | C50: =ROUNDUP(C8*0.4,0.1) -> 88504 | D50: 1 | E50: =C50*D50 -> 88504 | F50: Продление ранее приобретенной лицензии ПО «Сканер-ВС Инспектор» на 1 год. 1 год обновления базы уязвимостей и технической поддержки. Сертификат ФСТЭК России по 4 уровню доверия. Продление возможно в течение 2х месяцев с даты окончания лицензии. Электронная поставка.
A51: INSPECTOR-7-256-UP-F-EL | B51: Средство анализа защищенности «Сканер-ВС». Лицензия включает компонент «Инспектор». НПЕШ.00606-01. Продление лицензии на 256 IP адресов на 1 год. Электронная поставка (рег. № 231) | C51: =ROUNDUP(C9*0.4,0.1) -> 121394 | D51: 1 | E51: =C51*D51 -> 121394 | F51: Продление ранее приобретенной лицензии ПО «Сканер-ВС Инспектор» на 1 год. 1 год обновления базы уязвимостей и технической поддержки. Сертификат ФСТЭК России по 4 уровню доверия. Продление возможно в течение 2х месяцев с даты окончания лицензии. Электронная поставка.
A52: INSPECTOR-7-512-UP-F-EL | B52: Средство анализа защищенности «Сканер-ВС». Лицензия включает компонент «Инспектор». НПЕШ.00606-01. Продление лицензии на 512 IP адресов на 1 год. Электронная поставка (рег. № 231) | C52: =ROUNDUP(C10*0.4,0.1) -> 181194 | D52: 1 | E52: =C52*D52 -> 181194 | F52: Продление ранее приобретенной лицензии ПО «Сканер-ВС Инспектор» на 1 год. 1 год обновления базы уязвимостей и технической поддержки. Сертификат ФСТЭК России по 4 уровню доверия. Продление возможно в течение 2х месяцев с даты окончания лицензии. Электронная поставка.
A53: INSPECTOR-7-1024-UP-F-EL | B53: Средство анализа защищенности «Сканер-ВС». Лицензия включает компонент «Инспектор». НПЕШ.00606-01. Продление лицензии на 1024 IP адреса на 1 год. Электронная поставка (рег. № 231) | C53: =ROUNDUP(C11*0.4,0.1) -> 306774 | D53: 1 | E53: =C53*D53 -> 306774 | F53: Продление ранее приобретенной лицензии ПО «Сканер-ВС Инспектор» на 1 год. 1 год обновления базы уязвимостей и технической поддержки. Сертификат ФСТЭК России по 4 уровню доверия. Продление возможно в течение 2х месяцев с даты окончания лицензии. Электронная поставка.
A54: INSPECTOR-7-2048-UP-F-EL | B54: Средство анализа защищенности «Сканер-ВС». Лицензия включает компонент «Инспектор». НПЕШ.00606-01. Продление лицензии на 2048 IP-адресов на 1 год. Электронная поставка (рег. № 231) | C54: =ROUNDUP(C12*0.4,0.1) -> 492154 | D54: 1 | E54: =C54*D54 -> 492154 | F54: Продление ранее приобретенной лицензии ПО «Сканер-ВС Инспектор» на 1 год. 1 год обновления базы уязвимостей и технической поддержки. Сертификат ФСТЭК России по 4 уровню доверия. Продление возможно в течение 2х месяцев с даты окончания лицензии. Электронная поставка.
A55: INSPECTOR-7-4096-UP-F-EL | B55: Средство анализа защищенности «Сканер-ВС». Лицензия включает компонент «Инспектор». НПЕШ.00606-01. Продление лицензии на 4096 IP-адресов на 1 год. Электронная поставка (рег. № 231) | C55: =ROUNDUP(C13*0.4,0.1) -> 791154 | D55: 1 | E55: =C55*D55 -> 791154 | F55: Продление ранее приобретенной лицензии ПО «Сканер-ВС Инспектор» на 1 год. 1 год обновления базы уязвимостей и технической поддержки. Сертификат ФСТЭК России по 4 уровню доверия. Продление возможно в течение 2х месяцев с даты окончания лицензии. Электронная поставка.
A56: INSPECTOR-7-8192-UP-F-EL | B56: Средство анализа защищенности «Сканер-ВС». Лицензия включает компонент «Инспектор». НПЕШ.00606-01. Продление лицензии на 8192 IP адреса на 1 год. Электронная поставка (рег. № 231 | C56: =ROUNDUP(C14*0.4,0.1) -> 1508754 | D56: 1 | E56: =C56*D56 -> 1508754 | F56: Продление ранее приобретенной лицензии ПО «Сканер-ВС Инспектор» на 1 год. 1 год обновления базы уязвимостей и технической поддержки. Сертификат ФСТЭК России по 4 уровню доверия. Продление возможно в течение 2х месяцев с даты окончания лицензии. Электронная поставка.
A57: INSPECTOR-7-LIC-UNL-UP-F-EL | B57: Средство анализа защищенности «Сканер-ВС». Лицензия включает компонент «Инспектор». НПЕШ.00606-01. Продление лицензии на безлимитное количество IP адресов на 1 год. Электронная поставка (рег. № 231 | C57: =ROUNDUP(C15*0.4,0.1) -> 2106754 | D57: 1 | E57: =C57*D57 -> 2106754 | F57: Продление ранее приобретенной лицензии ПО «Сканер-ВС Инспектор» на 1 год. 1 год обновления базы уязвимостей и технической поддержки. Сертификат ФСТЭК России по 4 уровню доверия. Продление возможно в течение 2х месяцев с даты окончания лицензии. Электронная поставка.
A58: Дополнительные IP адреса продление (без НДС)
A59: INSPECTOR-7-50-ADD-UP-F-EL | B59: Средство анализа защищенности «Сканер-ВС». Лицензия включает компонент «Инспектор». Дополнительный IP к продлению лицензии на 1 год. Электронная поставка (1-50) | C59: =C40*0.4 -> 1440 | D59: 1 | E59: =C59*D59 -> 1440 | F59: Дополнительный IP к продлению ранее приобретенной лицензии на 1 год. Электронная поставка.
A60: INSPECTOR-7-100-ADD-UP-F-EL | B60: Средство анализа защищенности «Сканер-ВС». Лицензия включает компонент «Инспектор». Дополнительный IP к продлению лицензии на 1 год. Электронная поставка (51-100) | C60: =C41*0.4 -> 1152 | D60: 1 | E60: =C60*D60 -> 1152 | F60: Дополнительный IP к продлению ранее приобретенной лицензии на 1 год. Электронная поставка.
A61: INSPECTOR-7-200-ADD-UP-F-EL | B61: Средство анализа защищенности «Сканер-ВС». Лицензия включает компонент «Инспектор». Дополнительный IP к продлению лицензии на 1 год. Электронная поставка (101-200) | C61: =C42*0.4 -> 864 | D61: 1 | E61: =C61*D61 -> 864 | F61: Дополнительный IP к продлению ранее приобретенной лицензии на 1 год. Электронная поставка.
A62: INSPECTOR-7-500-ADD-UP-F-EL | B62: Средство анализа защищенности «Сканер-ВС». Лицензия включает компонент «Инспектор». Дополнительный IP к продлению лицензии на 1 год. Электронная поставка (201-500) | C62: =C43*0.4 -> 576 | D62: 1 | E62: =C62*D62 -> 576 | F62: Дополнительный IP к продлению ранее приобретенной лицензии на 1 год. Электронная поставка.
A63: Примечание
A64: Комплект электронной поставки: | B64: Две электронные ссылки: 1. Лицензия 2. Сертификат ТП 3. Дистрибутив и документация 4. Формуляр 5. Копия сертификата соответствия 6. Ведомость эксплуатационных документов
A65: Обновление на новые версии | B65: При "обновлении" все продукты будут получать новый серийный номер, в целях соблюдения требований Приказа ФСТЭК России от 03.04.2018 N 55 (п.п. 63,67,68)
A66: Онлайн документация | B66: https://docs.etecs.ru/scanner/

Sheet Сканер-ВС7 Enterprise Инспектор
A1: Средство анализа защищенности «Сканер-ВС» 7 Enterprise включает компонент "Инспектор". Сертификат ФСТЭК
A2: Артикул | B2: Наименование | C2: Цена | D2: Количество | E2: Стоимость РРЦ | F2: Описание
A3: Основные лицензии (без НДС)
A4: INSPECTOR-7-8-E-F | B4: Программное обеспечение "Сканер-ВС". Лицензия Enterprise включает компонент «Инспектор» на 8 активов на 1 год (рег. № 231) | C4: ='Сканер-ВС Инспектор 7.0 ФСТЭК '!C4+30000 -> 96792 | D4: 1 | E4: =C4*D4 -> 96792 | F4: Лицензия на программное обеспечение "Сканер-ВС". Лицензия Enterprise включает компонент «Инспектор» на 1 год. Обновления базы уязвимостей, технической поддержки и аудита конфигурации ОС в течение 1 года. Сертификат ФСТЭК России по 4 уровню доверия.
A5: INSPECTOR-7-16-E-F | B5: Программное обеспечение "Сканер-ВС". Лицензия Enterprise включает компонент «Инспектор» на 16 активов на 1 год (рег. № 231) | C5: ='Сканер-ВС Инспектор 7.0 ФСТЭК '!C5+50000 -> 136020 | D5: 1 | E5: =C5*D5 -> 136020 | F5: Лицензия на программное обеспечение "Сканер-ВС". Лицензия Enterprise включает компонент «Инспектор» на 1 год. Обновления базы уязвимостей, технической поддержки и аудита конфигурации ОС в течение 1 года. Сертификат ФСТЭК России по 4 уровню доверия.
A6: INSPECTOR-7-32-E-F | B6: Программное обеспечение "Сканер-ВС". Лицензия Enterprise включает компонент «Инспектор» на 32 активов на 1 год (рег. № 231) | C6: ='Сканер-ВС Инспектор 7.0 ФСТЭК '!C6+90000 -> 211440 | D6: 1 | E6: =C6*D6 -> 211440 | F6: Лицензия на программное обеспечение "Сканер-ВС". Лицензия Enterprise включает компонент «Инспектор» на 1 год. Обновления базы уязвимостей, технической поддержки и аудита конфигурации ОС в течение 1 года. Сертификат ФСТЭК России по 4 уровню доверия.
A7: INSPECTOR-7-64-E-F | B7: Программное обеспечение "Сканер-ВС". Лицензия Enterprise включает компонент «Инспектор» на 64 активов на 1 год (рег. № 231) | C7: ='Сканер-ВС Инспектор 7.0 ФСТЭК '!C7+150000 -> 305940 | D7: 1 | E7: =C7*D7 -> 305940 | F7: Лицензия на программное обеспечение "Сканер-ВС". Лицензия Enterprise включает компонент «Инспектор» на 1 год. Обновления базы уязвимостей, технической поддержки и аудита конфигурации ОС в течение 1 года. Сертификат ФСТЭК России по 4 уровню доверия.
A8: INSPECTOR-7-128-E-F | B8: Программное обеспечение "Сканер-ВС". Лицензия Enterprise включает компонент «Инспектор» на 128 активов на 1 год (рег. № 231) | C8: ='Сканер-ВС Инспектор 7.0 ФСТЭК '!C8+200000 -> 421260 | D8: 1 | E8: =C8*D8 -> 421260 | F8: Лицензия на программное обеспечение "Сканер-ВС". Лицензия Enterprise включает компонент «Инспектор» на 1 год. Обновления базы уязвимостей, технической поддержки и аудита конфигурации ОС в течение 1 года. Сертификат ФСТЭК России по 4 уровню доверия.
A9: INSPECTOR-7-256-E-F | B9: Программное обеспечение "Сканер-ВС". Лицензия Enterprise включает компонент «Инспектор» на 256 активов на 1 год (рег. № 231) | C9: =600000*1.2 -> 720000 | D9: 1 | E9: =C9*D9 -> 720000 | F9: Лицензия на программное обеспечение "Сканер-ВС". Лицензия Enterprise включает компонент «Инспектор» на 1 год. Обновления базы уязвимостей, технической поддержки и аудита конфигурации ОС в течение 1 года. Сертификат ФСТЭК России по 4 уровню доверия.
A10: INSPECTOR-7-512-E-F | B10: Программное обеспечение "Сканер-ВС". Лицензия Enterprise включает компонент «Инспектор» на 512 активов на 1 год (рег. № 231) | C10: =1100000*1.2 -> 1320000 | D10: 1 | E10: =C10*D10 -> 1320000 | F10: Лицензия на программное обеспечение "Сканер-ВС". Лицензия Enterprise включает компонент «Инспектор» на 1 год. Обновления базы уязвимостей, технической поддержки и аудита конфигурации ОС в течение 1 года. Сертификат ФСТЭК России по 4 уровню доверия.
A11: INSPECTOR-7-1024-E-F | B11: Программное обеспечение "Сканер-ВС". Лицензия Enterprise включает компонент «Инспектор» на 1024 активов на 1 год (рег. № 231) | C11: =1600000*1.2 -> 1920000 | D11: 1 | E11: =C11*D11 -> 1920000 | F11: Лицензия на программное обеспечение "Сканер-ВС". Лицензия Enterprise включает компонент «Инспектор» на 1 год. Обновления базы уязвимостей, технической поддержки и аудита конфигурации ОС в течение 1 года. Сертификат ФСТЭК России по 4 уровню доверия.
A12: INSPECTOR-7-2048-E-F | B12: Программное обеспечение "Сканер-ВС". Лицензия Enterprise включает компонент «Инспектор» на 2048 активов на 1 год (рег. № 231) | C12: =2100000*1.2 -> 2520000 | D12: 1 | E12: =C12*D12 -> 2520000 | F12: Лицензия на программное обеспечение "Сканер-ВС". Лицензия Enterprise включает компонент «Инспектор» на 1 год. Обновления базы уязвимостей, технической поддержки и аудита конфигурации ОС в течение 1 года. Сертификат ФСТЭК России по 4 уровню доверия.
A13: INSPECTOR-7-4096-E-F | B13: Программное обеспечение "Сканер-ВС". Лицензия Enterprise включает компонент «Инспектор» на 4096 активов на 1 год (рег. № 231) | C13: ='Сканер-ВС Инспектор 7.0 ФСТЭК '!C13+1500000 -> 3477885 | D13: 1 | E13: =C13*D13 -> 3477885 | F13: Лицензия на программное обеспечение "Сканер-ВС". Лицензия Enterprise включает компонент «Инспектор» на 1 год. Обновления базы уязвимостей, технической поддержки и аудита конфигурации ОС в течение 1 года. Сертификат ФСТЭК России по 4 уровню доверия.
A14: INSPECTOR-7-8192-E-F | B14: Программное обеспечение "Сканер-ВС". Лицензия Enterprise включает компонент «Инспектор» на 8192 активов на 1 год (рег. № 231) | C14: ='Сканер-ВС Инспектор 7.0 ФСТЭК '!C14+1750000 -> 5521885 | D14: 1 | E14: =C14*D14 -> 5521885 | F14: Лицензия на программное обеспечение "Сканер-ВС". Лицензия Enterprise включает компонент «Инспектор» на 1 год. Обновления базы уязвимостей, технической поддержки и аудита конфигурации ОС в течение 1 года. Сертификат ФСТЭК России по 4 уровню доверия.
A15: INSPECTOR-7-unl-E-F | B15: Программное обеспечение "Сканер-ВС". Лицензия Enterprise включает компонент «Инспектор» без ограничений по количеству активов на 1 год (рег. № 231) | C15: ='Сканер-ВС Инспектор 7.0 ФСТЭК '!C15+2000000 -> 7266885 | D15: 1 | E15: =C15*D15 -> 7266885 | F15: Лицензия на программное обеспечение "Сканер-ВС". Лицензия Enterprise включает компонент «Инспектор» на 1 год. Обновления базы уязвимостей, технической поддержки и аудита конфигурации ОС в течение 1 года. Сертификат ФСТЭК России по 4 уровню доверия.
A16: Партнерская скидка распространяется на Средство анализа защищенности «Сканер-ВС» лицензия включает компонент «Инспектор»
A17: Комплект лицензий Сканер-ВС Инспектор и Astra Linux, с USB (без НДС)
A18: INSPECTOR-7-8-E-F-AL | B18: Программное обеспечение "Сканер-ВС". Лицензия Enterprise включает компонент «Инспектор» на 8 активов на 1 год c OC CH ALSE (рег. № 231) | C18: =C4+32500+10000 -> 139292 | D18: 1 | E18: =C18*D18 -> 139292 | F18: Лицензия на программное обеспечение "Сканер-ВС". Лицензия Enterprise включает компонент «Инспектор» на 1 год. Обновления базы уязвимостей, технической поддержки и аудита конфигурации ОС в течение 1 года. Сертификат ФСТЭК России по 4 уровню доверия. Лицензия OC CH ALSE, USB-накопитель 256/512 GB.
A19: INSPECTOR-7-16-E-F-AL | B19: Программное обеспечение "Сканер-ВС". Лицензия Enterprise включает компонент «Инспектор» на 16 активов на 1 год c OC CH ALSE (рег. № 231) | C19: =C5+32500+10000 -> 178520 | D19: 1 | E19: =C19*D19 -> 178520 | F19: Лицензия на программное обеспечение "Сканер-ВС". Лицензия Enterprise включает компонент «Инспектор» на 1 год. Обновления базы уязвимостей, технической поддержки и аудита конфигурации ОС в течение 1 года. Сертификат ФСТЭК России по 4 уровню доверия. Лицензия OC CH ALSE, USB-накопитель 256/512 GB.
A20: INSPECTOR-7-32-E-F-AL | B20: Программное обеспечение "Сканер-ВС". Лицензия Enterprise включает компонент «Инспектор» на 32 активов на 1 год c OC CH ALSE (рег. № 231) | C20: =C6+32500+10000 -> 253940 | D20: 1 | E20: =C20*D20 -> 253940 | F20: Лицензия на программное обеспечение "Сканер-ВС". Лицензия Enterprise включает компонент «Инспектор» на 1 год. Обновления базы уязвимостей, технической поддержки и аудита конфигурации ОС в течение 1 года. Сертификат ФСТЭК России по 4 уровню доверия. Лицензия OC CH ALSE, USB-накопитель 256/512 GB.
A21: INSPECTOR-7-64-E-F-AL | B21: Программное обеспечение "Сканер-ВС". Лицензия Enterprise включает компонент «Инспектор» на 64 активов на 1 год c OC CH ALSE (рег. № 231) | C21: =C7+32500+10000 -> 348440 | D21: 1 | E21: =C21*D21 -> 348440 | F21: Лицензия на программное обеспечение "Сканер-ВС". Лицензия Enterprise включает компонент «Инспектор» на 1 год. Обновления базы уязвимостей, технической поддержки и аудита конфигурации ОС в течение 1 года. Сертификат ФСТЭК России по 4 уровню доверия. Лицензия OC CH ALSE, USB-накопитель 256/512 GB.
A22: INSPECTOR-7-128-E-F-AL | B22: Программное обеспечение "Сканер-ВС". Лицензия Enterprise включает компонент «Инспектор» на 128 активов на 1 год c OC CH ALSE (рег. № 231) | C22: =C8+32500+10000 -> 463760 | D22: 1 | E22: =C22*D22 -> 463760 | F22: Лицензия на программное обеспечение "Сканер-ВС". Лицензия Enterprise включает компонент «Инспектор» на 1 год. Обновления базы уязвимостей, технической поддержки и аудита конфигурации ОС в течение 1 года. Сертификат ФСТЭК России по 4 уровню доверия. Лицензия OC CH ALSE, USB-накопитель 256/512 GB.
A23: INSPECTOR-7-256-E-F-AL | B23: Программное обеспечение "Сканер-ВС". Лицензия Enterprise включает компонент «Инспектор» на 256 активов на 1 год c OC CH ALSE (рег. № 231) | C23: =C9+32500+10000 -> 762500 | D23: 1 | E23: =C23*D23 -> 762500 | F23: Лицензия на программное обеспечение "Сканер-ВС". Лицензия Enterprise включает компонент «Инспектор» на 1 год. Обновления базы уязвимостей, технической поддержки и аудита конфигурации ОС в течение 1 года. Сертификат ФСТЭК России по 4 уровню доверия. Лицензия OC CH ALSE, USB-накопитель 256/512 GB.
A24: INSPECTOR-7-512-E-F-AL | B24: Программное обеспечение "Сканер-ВС". Лицензия Enterprise включает компонент «Инспектор» на 512 активов на 1 год c OC CH ALSE (рег. № 231) | C24: =C10+32500+10000 -> 1362500 | D24: 1 | E24: =C24*D24 -> 1362500 | F24: Лицензия на программное обеспечение "Сканер-ВС". Лицензия Enterprise включает компонент «Инспектор» на 1 год. Обновления базы уязвимостей, технической поддержки и аудита конфигурации ОС в течение 1 года. Сертификат ФСТЭК России по 4 уровню доверия. Лицензия OC CH ALSE, USB-накопитель 256/512 GB.
A25: INSPECTOR-7-1024-E-F-AL | B25: Программное обеспечение "Сканер-ВС". Лицензия Enterprise включает компонент «Инспектор» на 1024 активов на 1 год c OC CH ALSE (рег. № 231) | C25: =C11+32500+10000 -> 1962500 | D25: 1 | E25: =C25*D25 -> 1962500 | F25: Лицензия на программное обеспечение "Сканер-ВС". Лицензия Enterprise включает компонент «Инспектор» на 1 год. Обновления базы уязвимостей, технической поддержки и аудита конфигурации ОС в течение 1 года. Сертификат ФСТЭК России по 4 уровню доверия. Лицензия OC CH ALSE, USB-накопитель 256/512 GB.
A26: INSPECTOR-7-2048-E-F-AL | B26: Программное обеспечение "Сканер-ВС". Лицензия Enterprise включает компонент «Инспектор» на 2048 активов на 1 год c OC CH ALSE (рег. № 231) | C26: =C12+32500+10000 -> 2562500 | D26: 1 | E26: =C26*D26 -> 2562500 | F26: Лицензия на программное обеспечение "Сканер-ВС". Лицензия Enterprise включает компонент «Инспектор» на 1 год. Обновления базы уязвимостей, технической поддержки и аудита конфигурации ОС в течение 1 года. Сертификат ФСТЭК России по 4 уровню доверия. Лицензия OC CH ALSE, USB-накопитель 256/512 GB.
A27: INSPECTOR-7-4096-E-F-AL | B27: Программное обеспечение "Сканер-ВС". Лицензия Enterprise включает компонент «Инспектор» на 4096 активов на 1 год c OC CH ALSE (рег. № 231) | C27: =C13+32500+10000 -> 3520385 | D27: 1 | E27: =C27*D27 -> 3520385 | F27: Лицензия на программное обеспечение "Сканер-ВС". Лицензия Enterprise включает компонент «Инспектор» на 1 год. Обновления базы уязвимостей, технической поддержки и аудита конфигурации ОС в течение 1 года. Сертификат ФСТЭК России по 4 уровню доверия. Лицензия OC CH ALSE, USB-накопитель 256/512 GB.
A28: INSPECTOR-7-8192-E-F-AL | B28: Программное обеспечение "Сканер-ВС". Лицензия Enterprise включает компонент «Инспектор» на 8192 активов на 1 год c OC CH ALSE (рег. № 231) | C28: =C14+32500+10000 -> 5564385 | D28: 1 | E28: =C28*D28 -> 5564385 | F28: Лицензия на программное обеспечение "Сканер-ВС". Лицензия Enterprise включает компонент «Инспектор» на 1 год. Обновления базы уязвимостей, технической поддержки и аудита конфигурации ОС в течение 1 года. Сертификат ФСТЭК России по 4 уровню доверия. Лицензия OC CH ALSE, USB-накопитель 256/512 GB.
A29: INSPECTOR-7-unl-E-F-AL | B29: Программное обеспечение "Сканер-ВС". Лицензия Enterprise включает компонент «Инспектор» без ограничений по количеству активов на 1 год c OC CH ALSE (рег. № 231) | C29: =C15+32500+10000 -> 7309385 | D29: 1 | E29: =C29*D29 -> 7309385 | F29: Лицензия на программное обеспечение "Сканер-ВС". Лицензия Enterprise включает компонент «Инспектор» на 1 год. Обновления базы уязвимостей, технической поддержки и аудита конфигурации ОС в течение 1 года. Сертификат ФСТЭК России по 4 уровню доверия. Лицензия OC CH ALSE, USB-накопитель 256/512 GB.
A30: Переход на Сканер-ВС 7 Enterprise ( с версии Сканер-ВС 7 Base )
A31: INSPECTOR-VS-7-B/7-E-08-F-UPP | B31: Средство анализа защищенности «Сканер-ВС» включает компонент «Инспектор». НПЕШ.00606-01. Переход с 7-й версии Base на Enterprise. Лицензия на 8 активов (рег. № 231) | C31: =(C4-'Сканер-ВС Инспектор 7.0 ФСТЭК '!C4)*1.1 -> 33000 | D31: 1 | E31: =C31*D31 -> 33000 | F31: Переход на 7 версию "Сканер-ВС Enterprise". Соответствует срокам действующей лицензии
A32: INSPECTOR-VS-7-B/7-E-16-F-UPP | B32: Средство анализа защищенности «Сканер-ВС» включает компонент «Инспектор». НПЕШ.00606-01. Переход с 7-й версии Base на Enterprise. Лицензия на 16 активов (рег. № 231) | C32: =(C5-'Сканер-ВС Инспектор 7.0 ФСТЭК '!C5)*1.1 -> 55000 | D32: 1 | E32: =C32*D32 -> 55000 | F32: Переход на 7 версию "Сканер-ВС Enterprise". Соответствует срокам действующей лицензии
A33: INSPECTOR-VS-7-B/7-E-32-F-UPP | B33: Средство анализа защищенности «Сканер-ВС» включает компонент «Инспектор». НПЕШ.00606-01. Переход с 7-й версии Base на Enterprise. Лицензия на 32 активов (рег. № 231) | C33: =(C6-'Сканер-ВС Инспектор 7.0 ФСТЭК '!C6)*1.1 -> 99000 | D33: 1 | E33: =C33*D33 -> 99000 | F33: Переход на 7 версию "Сканер-ВС Enterprise". Соответствует срокам действующей лицензии
A34: INSPECTOR-VS-7-B/7-E-64-F-UPP | B34: Средство анализа защищенности «Сканер-ВС» включает компонент «Инспектор». НПЕШ.00606-01. Переход с 7-й версии Base на Enterprise. Лицензия на 64 активов (рег. № 231) | C34: =(C7-'Сканер-ВС Инспектор 7.0 ФСТЭК '!C7)*1.1 -> 165000 | D34: 1 | E34: =C34*D34 -> 165000 | F34: Переход на 7 версию "Сканер-ВС Enterprise". Соответствует срокам действующей лицензии
A35: INSPECTOR-VS-7-B/7-E-128-F-UPP | B35: Средство анализа защищенности «Сканер-ВС» включает компонент «Инспектор». НПЕШ.00606-01. Переход с 7-й версии Base на Enterprise. Лицензия на 128 активов (рег. № 231) | C35: =(C8-'Сканер-ВС Инспектор 7.0 ФСТЭК '!C8)*1.1 -> 220000 | D35: 1 | E35: =C35*D35 -> 220000 | F35: Переход на 7 версию "Сканер-ВС Enterprise". Соответствует срокам действующей лицензии
A36: INSPECTOR-VS-7-B/7-E-256-F-UPP | B36: Средство анализа защищенности «Сканер-ВС» включает компонент «Инспектор». НПЕШ.00606-01. Переход с 7-й версии Base на Enterprise. Лицензия на 256 активов (рег. № 231) | C36: =ROUNDUP((C9-'Сканер-ВС Инспектор 7.0 ФСТЭК '!C9)*1.1,0) -> 458167 | D36: 1 | E36: =C36*D36 -> 458167 | F36: Переход на 7 версию "Сканер-ВС Enterprise". Соответствует срокам действующей лицензии
A37: INSPECTOR-VS-7-B/7-E-512-F-UPP | B37: Средство анализа защищенности «Сканер-ВС» включает компонент «Инспектор». НПЕШ.00606-01. Переход с 7-й версии Base на Enterprise. Лицензия на 512 активов (рег. № 231) | C37: =ROUNDUP((C10-'Сканер-ВС Инспектор 7.0 ФСТЭК '!C10)*1.1,0) -> 953717 | D37: 1 | E37: =C37*D37 -> 953717 | F37: Переход на 7 версию "Сканер-ВС Enterprise". Соответствует срокам действующей лицензии
A38: INSPECTOR-VS-7-B/7-E-1024-F-UPP | B38: Средство анализа защищенности «Сканер-ВС» включает компонент «Инспектор». НПЕШ.00606-01. Переход с 7-й версии Base на Enterprise. Лицензия на 1024 активов (рег. № 231) | C38: =ROUNDUP((C11-'Сканер-ВС Инспектор 7.0 ФСТЭК '!C11)*1.1,0) -> 1268372 | D38: 1 | E38: =C38*D38 -> 1268372 | F38: Переход на 7 версию "Сканер-ВС Enterprise". Соответствует срокам действующей лицензии
A39: INSPECTOR-VS-7-B/7-E-2048-F-UPP | B39: Средство анализа защищенности «Сканер-ВС» включает компонент «Инспектор». НПЕШ.00606-01. Переход с 7-й версии Base на Enterprise. Лицензия на 2048 активов (рег. № 231) | C39: =ROUNDUP((C12-'Сканер-ВС Инспектор 7.0 ФСТЭК '!C12)*1.1,0) -> 1418577 | D39: 1 | E39: =C39*D39 -> 1418577 | F39: Переход на 7 версию "Сканер-ВС Enterprise". Соответствует срокам действующей лицензии
A40: INSPECTOR-VS-7-B/7-E-4096-F-UPP | B40: Средство анализа защищенности «Сканер-ВС» включает компонент «Инспектор». НПЕШ.00606-01. Переход с 7-й версии Base на Enterprise. Лицензия на 4096 активов (рег. № 231) | C40: =ROUNDUP((C13-'Сканер-ВС Инспектор 7.0 ФСТЭК '!C13)*1.1,0) -> 1650000 | D40: 1 | E40: =C40*D40 -> 1650000 | F40: Переход на 7 версию "Сканер-ВС Enterprise". Соответствует срокам действующей лицензии
A41: INSPECTOR-VS-7-B/7-E-8192-F-UPP | B41: Средство анализа защищенности «Сканер-ВС» включает компонент «Инспектор». НПЕШ.00606-01. Переход с 7-й версии Base на Enterprise. Лицензия на 8192 активов (рег. № 231) | C41: =ROUNDUP((C14-'Сканер-ВС Инспектор 7.0 ФСТЭК '!C14)*1.1,0) -> 1925000 | D41: 1 | E41: =C41*D41 -> 1925000 | F41: Переход на 7 версию "Сканер-ВС Enterprise". Соответствует срокам действующей лицензии
A42: INSPECTOR-VS-7-B/7-E-unl-F-UPP | B42: Средство анализа защищенности «Сканер-ВС» включает компонент «Инспектор». НПЕШ.00606-01. Переход с 7-й версии Base на Enterprise. Лицензия на без ограничений по количеству активов (рег. № 231) | C42: =ROUNDUP((C15-'Сканер-ВС Инспектор 7.0 ФСТЭК '!C15)*1.1,0) -> 2200000 | D42: 1 | E42: =C42*D42 -> 2200000 | F42: Переход на 7 версию "Сканер-ВС Enterprise". Соответствует срокам действующей лицензии
A43: Дополнительные IP адреса (без НДС)
A44: INSPECTOR-7-50-ADD-E-F | B44: Программное обеспечение "Сканер-ВС". Лицензия Enterprise включает компонент «Инспектор». Дополнительные активы к лицензии на 1 год (1-50) | C44: =7000*1.2 -> 8400 | D44: 1 | E44: =C44*D44 -> 8400 | F44: Дополнительные активы к лицензии на 1 год
A45: INSPECTOR-7-100-ADD-E-F | B45: Программное обеспечение "Сканер-ВС". Лицензия Enterprise включает компонент «Инспектор». Дополнительные активы к лицензии на 1 год (51-100) | C45: =6000*1.2 -> 7200 | D45: 1 | E45: =C45*D45 -> 7200 | F45: Дополнительные активы к лицензии на 1 год
A46: INSPECTOR-7-200-ADD-E-F | B46: Программное обеспечение "Сканер-ВС". Лицензия Enterprise включает компонент «Инспектор». Дополнительные активы к лицензии на 1 год (101-200) | C46: =5000*1.2 -> 6000 | D46: 1 | E46: =C46*D46 -> 6000 | F46: Дополнительные активы к лицензии на 1 год
A47: INSPECTOR-7-500-ADD-E-F | B47: Программное обеспечение "Сканер-ВС". Лицензия Enterprise включает компонент «Инспектор». Дополнительные активы к лицензии на 1 год (201-500) | C47: 4800 | D47: 1 | E47: =C47*D47 -> 4800 | F47: Дополнительные активы к лицензии на 1 год
A48: ПРОДЛЕНИЕ
A49: Основные лицензии (без НДС)
A50: INSPECTOR-VS-7-8-UP-E-F | B50: Программное средство "Сканер-ВС". Лицензия включает компонент «Инспектор». НПЕШ.00606-01. Продление лицензии Enterprise на 8 активов на 1 год (рег. № 231) | C50: =ROUNDUP(C4*0.4,0.1) -> 38717 | D50: 1 | E50: =C50*D50 -> 38717 | F50: Продление ранее приобретенной лицензии программного обеспечения "Сканер-ВС". Лицензия Enterprise на 1 год. Обновление базы уязвимостей, технической поддержки и аудита конфигурации ОС. Сертификат ФСТЭК России по 4 уровню доверия.
A51: INSPECTOR-VS-7-16-UP-E-F | B51: Программное средство "Сканер-ВС". Лицензия включает компонент «Инспектор». НПЕШ.00606-01. Продление лицензии Enterprise на 16 активов на 1 год (рег. № 231) | C51: =ROUNDUP(C5*0.4,0.1) -> 54408 | D51: 1 | E51: =C51*D51 -> 54408 | F51: Продление ранее приобретенной лицензии программного обеспечения "Сканер-ВС". Лицензия Enterprise на 1 год. Обновление базы уязвимостей, технической поддержки и аудита конфигурации ОС. Сертификат ФСТЭК России по 4 уровню доверия.
A52: INSPECTOR-VS-7-32-UP-E-F | B52: Программное средство "Сканер-ВС". Лицензия включает компонент «Инспектор». НПЕШ.00606-01. Продление лицензии Enterprise на 32 активов на 1 год (рег. № 231) | C52: =ROUNDUP(C6*0.4,0.1) -> 84576 | D52: 1 | E52: =C52*D52 -> 84576 | F52: Продление ранее приобретенной лицензии программного обеспечения "Сканер-ВС". Лицензия Enterprise на 1 год. Обновление базы уязвимостей, технической поддержки и аудита конфигурации ОС. Сертификат ФСТЭК России по 4 уровню доверия.
A53: INSPECTOR-VS-7-64-UP-E-F | B53: Программное средство "Сканер-ВС". Лицензия включает компонент «Инспектор». НПЕШ.00606-01. Продление лицензии Enterprise на 64 активов на 1 год (рег. № 231) | C53: =ROUNDUP(C7*0.4,0.1) -> 122376 | D53: 1 | E53: =C53*D53 -> 122376 | F53: Продление ранее приобретенной лицензии программного обеспечения "Сканер-ВС". Лицензия Enterprise на 1 год. Обновление базы уязвимостей, технической поддержки и аудита конфигурации ОС. Сертификат ФСТЭК России по 4 уровню доверия.
A54: INSPECTOR-VS-7-128-UP-E-F | B54: Программное средство "Сканер-ВС". Лицензия включает компонент «Инспектор». НПЕШ.00606-01. Продление лицензии Enterprise на 128 активов на 1 год (рег. № 231) | C54: =ROUNDUP(C8*0.4,0.1) -> 168504 | D54: 1 | E54: =C54*D54 -> 168504 | F54: Продление ранее приобретенной лицензии программного обеспечения "Сканер-ВС". Лицензия Enterprise на 1 год. Обновление базы уязвимостей, технической поддержки и аудита конфигурации ОС. Сертификат ФСТЭК России по 4 уровню доверия.
A55: INSPECTOR-VS-7-256-UP-E-F | B55: Программное средство "Сканер-ВС". Лицензия включает компонент «Инспектор». НПЕШ.00606-01. Продление лицензии Enterprise на 256 активов на 1 год (рег. № 231) | C55: =ROUNDUP(C9*0.4,0.1) -> 288000 | D55: 1 | E55: =C55*D55 -> 288000 | F55: Продление ранее приобретенной лицензии программного обеспечения "Сканер-ВС". Лицензия Enterprise на 1 год. Обновление базы уязвимостей, технической поддержки и аудита конфигурации ОС. Сертификат ФСТЭК России по 4 уровню доверия.
A56: INSPECTOR-VS-7-512-UP-E-F | B56: Программное средство "Сканер-ВС". Лицензия включает компонент «Инспектор». НПЕШ.00606-01. Продление лицензии Enterprise на 512 активов на 1 год (рег. № 231) | C56: =ROUNDUP(C10*0.4,0.1) -> 528000 | D56: 1 | E56: =C56*D56 -> 528000 | F56: Продление ранее приобретенной лицензии программного обеспечения "Сканер-ВС". Лицензия Enterprise на 1 год. Обновление базы уязвимостей, технической поддержки и аудита конфигурации ОС. Сертификат ФСТЭК России по 4 уровню доверия.
A57: INSPECTOR-7-1024-UP-E-F | B57: Программное средство "Сканер-ВС". Лицензия включает компонент «Инспектор». НПЕШ.00606-01. Продление лицензии Enterprise на 1024 активов на 1 год (рег. № 231) | C57: =ROUNDUP(C11*0.4,0.1) -> 768000 | D57: 1 | E57: =C57*D57 -> 768000 | F57: Продление ранее приобретенной лицензии программного обеспечения "Сканер-ВС". Лицензия Enterprise на 1 год. Обновление базы уязвимостей, технической поддержки и аудита конфигурации ОС. Сертификат ФСТЭК России по 4 уровню доверия.
A58: INSPECTOR-7-2048-UP-E-F | B58: Программное средство "Сканер-ВС". Лицензия включает компонент «Инспектор». НПЕШ.00606-01. Продление лицензии Enterprise на 2048 активов на 1 год (рег. № 231) | C58: =ROUNDUP(C12*0.4,0.1) -> 1008000 | D58: 1 | E58: =C58*D58 -> 1008000 | F58: Продление ранее приобретенной лицензии программного обеспечения "Сканер-ВС". Лицензия Enterprise на 1 год. Обновление базы уязвимостей, технической поддержки и аудита конфигурации ОС. Сертификат ФСТЭК России по 4 уровню доверия.
A59: INSPECTOR-7-4096-UP-E-F | B59: Программное средство "Сканер-ВС". Лицензия включает компонент «Инспектор». НПЕШ.00606-01. Продление лицензии Enterprise на 4096 активов на 1 год (рег. № 231) | C59: =ROUNDUP(C13*0.4,0.1) -> 1391154 | D59: 1 | E59: =C59*D59 -> 1391154 | F59: Продление ранее приобретенной лицензии программного обеспечения "Сканер-ВС". Лицензия Enterprise на 1 год. Обновление базы уязвимостей, технической поддержки и аудита конфигурации ОС. Сертификат ФСТЭК России по 4 уровню доверия.
A60: INSPECTOR-7-8192-UP-E-F | B60: Программное средство "Сканер-ВС". Лицензия включает компонент «Инспектор». НПЕШ.00606-01. Продление лицензии Enterprise на 8192 активов на 1 год (рег. № 231) | C60: =ROUNDUP(C14*0.4,0.1) -> 2208754 | D60: 1 | E60: =C60*D60 -> 2208754 | F60: Продление ранее приобретенной лицензии программного обеспечения "Сканер-ВС". Лицензия Enterprise на 1 год. Обновление базы уязвимостей, технической поддержки и аудита конфигурации ОС. Сертификат ФСТЭК России по 4 уровню доверия.
A61: INSPECTOR-7-unl-UP-E-F | B61: Программное средство "Сканер-ВС". Лицензия включает компонент «Инспектор». НПЕШ.00606-01. Продление лицензии Enterprise без ограничений по количеству активов на 1 год (рег. № 231) | C61: =ROUNDUP(C15*0.4,0.1) -> 2906754 | D61: 1 | E61: =C61*D61 -> 2906754 | F61: Продление ранее приобретенной лицензии программного обеспечения "Сканер-ВС". Лицензия Enterprise на 1 год. Обновление базы уязвимостей, технической поддержки и аудита конфигурации ОС. Сертификат ФСТЭК России по 4 уровню доверия.
A62: Дополнительные IP адреса к продлению (без НДС)
A63: INSPECTOR-7-50-ADD-UP-E-F | B63: Программное обеспечение "Сканер-ВС". Лицензия Enterprise включает компонент «Инспектор». Дополнительные активы к лицензии на 1 год (1-50) | C63: =C44*0.4 -> 3360 | D63: 1 | E63: =C63*D63 -> 3360 | F63: Дополнительные активы к лицензии на 1 год
A64: INSPECTOR-7-100-ADD-UP-E-F | B64: Программное обеспечение "Сканер-ВС". Лицензия Enterprise включает компонент «Инспектор». Дополнительные активы к лицензии на 1 год (51-100) | C64: =C45*0.4 -> 2880 | D64: 1 | E64: =C64*D64 -> 2880 | F64: Дополнительные активы к лицензии на 1 год
A65: INSPECTOR-7-200-ADD-UP-E-F | B65: Программное обеспечение "Сканер-ВС". Лицензия Enterprise включает компонент «Инспектор». Дополнительные активы к лицензии на 1 год (101-200) | C65: =C46*0.4 -> 2400 | D65: 1 | E65: =C65*D65 -> 2400 | F65: Дополнительные активы к лицензии на 1 год
A66: INSPECTOR-7-500-ADD-UP-E-F | B66: Программное обеспечение "Сканер-ВС". Лицензия Enterprise включает компонент «Инспектор». Дополнительные активы к лицензии на 1 год (201-500) | C66: =C47*0.4 -> 1920 | D66: 1 | E66: =C66*D66 -> 1920 | F66: Дополнительные активы к лицензии на 1 год
A67: Примечание
A68: Комплект поставки Сканер-ВС 7 Enterprise Инспектор: | B68: 1. Лицензия на бумажном носителе 2. Сертификат ТП на бумажном носителе 3. Упаковка 4. Носитель c дистрибутивом и документацией (4+ DVD, 256+ - USB Flash) 5. Формуляр 6. Копия сертификата соответствия 7. Ведомость эксплуатационных документов
A69: Обновление на новые версии | B69: При "обновлении" все продукты будут получать новый серийный номер, в целях соблюдения требований Приказа ФСТЭК России от 03.04.2018 N 55 (п.п. 63,67,68)
A70: Онлайн документация | B70: https://docs.etecs.ru/scanner/

Sheet (Э) Сканер-ВС7 Enterprise Инспе
A1: Электронная поставка - Средство анализа защищенности «Сканер-ВС» 7 Enterprise включает компонент "Инспектор". Сертификат ФСТЭК
A2: Артикул | B2: Наименование | C2: Цена | D2: Количество | E2: Стоимость РРЦ | F2: Описание
A3: Основные лицензии (без НДС)
A4: INSPECTOR-7-8-E-F-EL | B4: Программное обеспечение "Сканер-ВС". Лицензия Enterprise включает компонент «Инспектор» на 8 активов на 1 год. Электронная поставка (рег. № 231) | C4: ='Сканер-ВС Инспектор 7.0 ФСТЭК '!C4+30000 -> 96792 | D4: 1 | E4: =C4*D4 -> 96792 | F4: Лицензия на программное обеспечение "Сканер-ВС". Лицензия Enterprise включает компонент «Инспектор» на 1 год. Обновления базы уязвимостей, технической поддержки и аудита конфигурации ОС в течение 1 года. Сертификат ФСТЭК России по 4 уровню доверия. Электронная поставка.
A5: INSPECTOR-7-16-E-F-EL | B5: Программное обеспечение "Сканер-ВС". Лицензия Enterprise включает компонент «Инспектор» на 16 активов на 1 год. Электронная поставка (рег. № 231) | C5: ='Сканер-ВС Инспектор 7.0 ФСТЭК '!C5+50000 -> 136020 | D5: 1 | E5: =C5*D5 -> 136020 | F5: Лицензия на программное обеспечение "Сканер-ВС". Лицензия Enterprise включает компонент «Инспектор» на 1 год. Обновления базы уязвимостей, технической поддержки и аудита конфигурации ОС в течение 1 года. Сертификат ФСТЭК России по 4 уровню доверия. Электронная поставка.
A6: INSPECTOR-7-32-E-F-EL | B6: Программное обеспечение "Сканер-ВС". Лицензия Enterprise включает компонент «Инспектор» на 32 активов на 1 год. Электронная поставка (рег. № 231) | C6: ='Сканер-ВС Инспектор 7.0 ФСТЭК '!C6+90000 -> 211440 | D6: 1 | E6: =C6*D6 -> 211440 | F6: Лицензия на программное обеспечение "Сканер-ВС". Лицензия Enterprise включает компонент «Инспектор» на 1 год. Обновления базы уязвимостей, технической поддержки и аудита конфигурации ОС в течение 1 года. Сертификат ФСТЭК России по 4 уровню доверия. Электронная поставка.
A7: INSPECTOR-7-64-E-F-EL | B7: Программное обеспечение "Сканер-ВС". Лицензия Enterprise включает компонент «Инспектор» на 64 активов на 1 год. Электронная поставка (рег. № 231) | C7: ='Сканер-ВС Инспектор 7.0 ФСТЭК '!C7+150000 -> 305940 | D7: 1 | E7: =C7*D7 -> 305940 | F7: Лицензия на программное обеспечение "Сканер-ВС". Лицензия Enterprise включает компонент «Инспектор» на 1 год. Обновления базы уязвимостей, технической поддержки и аудита конфигурации ОС в течение 1 года. Сертификат ФСТЭК России по 4 уровню доверия. Электронная поставка.
A8: INSPECTOR-7-128-E-F-EL | B8: Программное обеспечение "Сканер-ВС". Лицензия Enterprise включает компонент «Инспектор» на 128 активов на 1 год. Электронная поставка (рег. № 231) | C8: ='Сканер-ВС Инспектор 7.0 ФСТЭК '!C8+200000 -> 421260 | D8: 1 | E8: =C8*D8 -> 421260 | F8: Лицензия на программное обеспечение "Сканер-ВС". Лицензия Enterprise включает компонент «Инспектор» на 1 год. Обновления базы уязвимостей, технической поддержки и аудита конфигурации ОС в течение 1 года. Сертификат ФСТЭК России по 4 уровню доверия. Электронная поставка.
A9: INSPECTOR-7-256-E-F-EL | B9: Программное обеспечение "Сканер-ВС". Лицензия Enterprise включает компонент «Инспектор» на 256 активов на 1 год. Электронная поставка (рег. № 231) | C9: =600000*1.2 -> 720000 | D9: 1 | E9: =C9*D9 -> 720000 | F9: Лицензия на программное обеспечение "Сканер-ВС". Лицензия Enterprise включает компонент «Инспектор» на 1 год. Обновления базы уязвимостей, технической поддержки и аудита конфигурации ОС в течение 1 года. Сертификат ФСТЭК России по 4 уровню доверия. Электронная поставка.
A10: INSPECTOR-7-512-E-F-EL | B10: Программное обеспечение "Сканер-ВС". Лицензия Enterprise включает компонент «Инспектор» на 512 активов на 1 год. Электронная поставка (рег. № 231) | C10: =1100000*1.2 -> 1320000 | D10: 1 | E10: =C10*D10 -> 1320000 | F10: Лицензия на программное обеспечение "Сканер-ВС". Лицензия Enterprise включает компонент «Инспектор» на 1 год. Обновления базы уязвимостей, технической поддержки и аудита конфигурации ОС в течение 1 года. Сертификат ФСТЭК России по 4 уровню доверия. Электронная поставка.
A11: INSPECTOR-7-1024-E-F-EL | B11: Программное обеспечение "Сканер-ВС". Лицензия Enterprise включает компонент «Инспектор» на 1024 активов на 1 год. Электронная поставка (рег. № 231) | C11: =1600000*1.2 -> 1920000 | D11: 1 | E11: =C11*D11 -> 1920000 | F11: Лицензия на программное обеспечение "Сканер-ВС". Лицензия Enterprise включает компонент «Инспектор» на 1 год. Обновления базы уязвимостей, технической поддержки и аудита конфигурации ОС в течение 1 года. Сертификат ФСТЭК России по 4 уровню доверия. Электронная поставка.
A12: INSPECTOR-7-2048-E-F-EL | B12: Программное обеспечение "Сканер-ВС". Лицензия Enterprise включает компонент «Инспектор» на 2048 активов на 1 год. Электронная поставка (рег. № 231) | C12: =2100000*1.2 -> 2520000 | D12: 1 | E12: =C12*D12 -> 2520000 | F12: Лицензия на программное обеспечение "Сканер-ВС". Лицензия Enterprise включает компонент «Инспектор» на 1 год. Обновления базы уязвимостей, технической поддержки и аудита конфигурации ОС в течение 1 года. Сертификат ФСТЭК России по 4 уровню доверия. Электронная поставка.
A13: INSPECTOR-7-4096-E-F-EL | B13: Программное обеспечение "Сканер-ВС". Лицензия Enterprise включает компонент «Инспектор» на 4096 активов на 1 год. Электронная поставка (рег. № 231) | C13: ='Сканер-ВС Инспектор 7.0 ФСТЭК '!C13+1500000 -> 3477885 | D13: 1 | E13: =C13*D13 -> 3477885 | F13: Лицензия на программное обеспечение "Сканер-ВС". Лицензия Enterprise включает компонент «Инспектор» на 1 год. Обновления базы уязвимостей, технической поддержки и аудита конфигурации ОС в течение 1 года. Сертификат ФСТЭК России по 4 уровню доверия. Электронная поставка.
A14: INSPECTOR-7-8192-E-F-EL | B14: Программное обеспечение "Сканер-ВС". Лицензия Enterprise включает компонент «Инспектор» на 8192 активов на 1 год. Электронная поставка (рег. № 231) | C14: ='Сканер-ВС Инспектор 7.0 ФСТЭК '!C14+1750000 -> 5521885 | D14: 1 | E14: =C14*D14 -> 5521885 | F14: Лицензия на программное обеспечение "Сканер-ВС". Лицензия Enterprise включает компонент «Инспектор» на 1 год. Обновления базы уязвимостей, технической поддержки и аудита конфигурации ОС в течение 1 года. Сертификат ФСТЭК России по 4 уровню доверия. Электронная поставка.
A15: INSPECTOR-7-unl-E-F-EL | B15: Программное обеспечение "Сканер-ВС". Лицензия Enterprise включает компонент «Инспектор» без ограничений по количеству активов на 1 год. Электронная поставка (рег. № 231) | C15: ='Сканер-ВС Инспектор 7.0 ФСТЭК '!C15+2000000 -> 7266885 | D15: 1 | E15: =C15*D15 -> 7266885 | F15: Лицензия на программное обеспечение "Сканер-ВС". Лицензия Enterprise включает компонент «Инспектор» на 1 год. Обновления базы уязвимостей, технической поддержки и аудита конфигурации ОС в течение 1 года. Сертификат ФСТЭК России по 4 уровню доверия. Электронная поставка.
A16: Переход на Сканер-ВС 7 Enterprise ( с версии Сканер-ВС 7 Base )
A17: INSPECTOR-VS-7-B/7-E-08-F-UPP-EL | B17: Средство анализа защищенности «Сканер-ВС» включает компонент «Инспектор». НПЕШ.00606-01. Переход с 7-й версии Base на Enterprise. Лицензия на 8 активов. Электронная поставка (рег. № 231) | C17: =(C4-'Сканер-ВС Инспектор 7.0 ФСТЭК '!C4)*1.1 -> 33000 | D17: 1 | E17: =C17*D17 -> 33000 | F17: Переход на 7 версию "Сканер-ВС Enterprise". Соответствует срокам действующей лицензии. Электронная поставка.
A18: INSPECTOR-VS-7-B/7-E-16-F-UPP-EL | B18: Средство анализа защищенности «Сканер-ВС» включает компонент «Инспектор». НПЕШ.00606-01. Переход с 7-й версии Base на Enterprise. Лицензия на 16 активов. Электронная поставка (рег. № 231) | C18: =(C5-'Сканер-ВС Инспектор 7.0 ФСТЭК '!C5)*1.1 -> 55000 | D18: 1 | E18: =C18*D18 -> 55000 | F18: Переход на 7 версию "Сканер-ВС Enterprise". Соответствует срокам действующей лицензии. Электронная поставка.
A19: INSPECTOR-VS-7-B/7-E-32-F-UPP-EL | B19: Средство анализа защищенности «Сканер-ВС» включает компонент «Инспектор». НПЕШ.00606-01. Переход с 7-й версии Base на Enterprise. Лицензия на 32 активов. Электронная поставка (рег. № 231) | C19: =(C6-'Сканер-ВС Инспектор 7.0 ФСТЭК '!C6)*1.1 -> 99000 | D19: 1 | E19: =C19*D19 -> 99000 | F19: Переход на 7 версию "Сканер-ВС Enterprise". Соответствует срокам действующей лицензии. Электронная поставка.
